Workbook
Name A1A2: 'Dummy Top Scorer'!$B$3:$B$48
Name A1A3: 'Dummy Top Scorer'!$B$51:$B$96
Name A1A4: 'Dummy Top Scorer'!$B$99:$B$144
Name A2A1: 'Dummy Top Scorer'!$C$3:$C$48
Name A2A3: 'Dummy Top Scorer'!$C$51:$C$96
Name A2A4: 'Dummy Top Scorer'!$C$99:$C$144
Name A3A1: 'Dummy Top Scorer'!$D$3:$D$48
Name A3A2: 'Dummy Top Scorer'!$D$51:$D$96
Name A3A4: 'Dummy Top Scorer'!$D$99:$D$144
Name A4A1: 'Dummy Top Scorer'!$E$3:$E$48
Name A4A2: 'Dummy Top Scorer'!$E$51:$E$96
Name A4A3: 'Dummy Top Scorer'!$E$99:$E$144
Name AC1C2: 'Dummy Top Scorer'!$J$3:$J$48
Name AC1C3: 'Dummy Top Scorer'!$J$51:$J$96
Name AC1C4: 'Dummy Top Scorer'!$J$99:$J$144
Name AC2C1: 'Dummy Top Scorer'!$K$3:$K$48
Name AC2C3: 'Dummy Top Scorer'!$K$51:$K$96
Name AC2C4: 'Dummy Top Scorer'!$K$99:$K$144
Name AC3C1: 'Dummy Top Scorer'!$L$3:$L$48
Name AC3C2: 'Dummy Top Scorer'!$L$51:$L$96
Name AC3C4: 'Dummy Top Scorer'!$L$99:$L$144
Name AC4C1: 'Dummy Top Scorer'!$M$3:$M$48
Name AC4C2: 'Dummy Top Scorer'!$M$51:$M$96
Name AC4C3: 'Dummy Top Scorer'!$M$99:$M$144
Name B1B2: 'Dummy Top Scorer'!$F$3:$F$48
Name B1B3: 'Dummy Top Scorer'!$F$51:$F$96
Name B1B4: 'Dummy Top Scorer'!$F$99:$F$144
Name B2B1: 'Dummy Top Scorer'!$G$3:$G$48
Name B2B3: 'Dummy Top Scorer'!$G$51:$G$96
Name B2B4: 'Dummy Top Scorer'!$G$99:$G$144
Name B3B1: 'Dummy Top Scorer'!$H$3:$H$48
Name B3B2: 'Dummy Top Scorer'!$H$51:$H$96
Name B3B4: 'Dummy Top Scorer'!$H$99:$H$144
Name B4B1: 'Dummy Top Scorer'!$I$3:$I$48
Name B4B2: 'Dummy Top Scorer'!$I$51:$I$96
Name B4B3: 'Dummy Top Scorer'!$I$99:$I$144
Name BIGQ11: 'Dummy Top Scorer'!$AZ$3:$AZ$48
Name BIGQ12: 'Dummy Top Scorer'!$BA$3:$BA$48
Name BIGQ21: 'Dummy Top Scorer'!$BB$3:$BB$48
Name BIGQ22: 'Dummy Top Scorer'!$BC$3:$BC$48
Name BIGQ31: 'Dummy Top Scorer'!$BD$3:$BD$48
Name BIGQ32: 'Dummy Top Scorer'!$BE$3:$BE$48
Name BIGQ41: 'Dummy Top Scorer'!$BF$3:$BF$48
Name BIGQ42: 'Dummy Top Scorer'!$BG$3:$BG$48
Name Cities: 'Countries and Timezone'!$J$2:$J$144
Name Countries: Language!$C$1:$AW$1
Name D1D2: 'Dummy Top Scorer'!$N$3:$N$48
Name D1D3: 'Dummy Top Scorer'!$N$51:$N$96
Name D1D4: 'Dummy Top Scorer'!$N$99:$N$144
Name D2D1: 'Dummy Top Scorer'!$O$3:$O$48
Name D2D3: 'Dummy Top Scorer'!$O$51:$O$96
Name D2D4: 'Dummy Top Scorer'!$O$99:$O$144
Name D3D1: 'Dummy Top Scorer'!$P$3:$P$48
Name D3D2: 'Dummy Top Scorer'!$P$51:$P$96
Name D3D4: 'Dummy Top Scorer'!$P$99:$P$144
Name D4D1: 'Dummy Top Scorer'!$Q$3:$Q$48
Name D4D2: 'Dummy Top Scorer'!$Q$51:$Q$96
Name D4D3: 'Dummy Top Scorer'!$Q$99:$Q$144
Name E1E2: 'Dummy Top Scorer'!$R$3:$R$48
Name E1E3: 'Dummy Top Scorer'!$R$51:$R$96

Sheet Group Stages
C2: =INDEX(Language!$A$1:$AX$115,MATCH("Language",Language!$B$1:$B$115,0),MATCH($G$2,Language!$A$1:$AW$1,0)) -> Language | F2: : | G2: English | N2: =INDEX(Language!$A$1:$AX$115,MATCH("Visit exceltemplate.net for more templates and updates",Language!$B$1:$B$115,0),MATCH($G$2,Language!$A$1:$AW$1,0)) -> Visit exceltemplate.net for more templates and updates
CK3: r musadya
C4: =INDEX(Language!$A$1:$AX$115,MATCH("Timezone",Language!$B$1:$B$115,0),MATCH($G$2,Language!$A$1:$AW$1,0)) -> Timezone | F4: : | G4: London
B6: =INDEX(Language!$A$1:$AX$115,MATCH("World Cup 2014 Schedule and Scoresheet",Language!$B$1:$B$115,0),MATCH($G$2,Language!$A$1:$AW$1,0)) -> World Cup 2014 Schedule and Scoresheet
B8: =INDEX(Language!$A$1:$AX$115,MATCH("Group Stages",Language!$B$1:$B$115,0),MATCH($G$2,Language!$A$1:$AW$1,0)) -> Group Stages
C10: =INDEX(Language!$A$1:$AX$115,MATCH("Matches",Language!$B$1:$B$115,0),MATCH($G$2,Language!$A$1:$AW$1,0)) -> Matches
D12: =INDEX(Language!$A$1:$AX$115,MATCH("Group",Language!$B$1:$B$115,0),MATCH($G$2,Language!$A$1:$AW$1,0)) -> Group | E12: =INDEX(Language!$A$1:$AX$115,MATCH("Match #",Language!$B$1:$B$115,0),MATCH($G$2,Language!$A$1:$AW$1,0)) -> Match # | F12: =INDEX(Language!$A$1:$AX$115,MATCH("Date",Language!$B$1:$B$115,0),MATCH($G$2,Language!$A$1:$AW$1,0)) -> Date | G12: =INDEX(Language!$A$1:$AX$115,MATCH("Time",Language!$B$1:$B$115,0),MATCH($G$2,Language!$A$1:$AW$1,0)) -> Time | H12: =INDEX(Language!$A$1:$AX$115,MATCH("Country",Language!$B$1:$B$115,0),MATCH($G$2,Language!$A$1:$AW$1,0)) -> Country | J12: =INDEX(Language!$A$1:$AX$115,MATCH("Score",Language!$B$1:$B$115,0),MATCH($G$2,Language!$A$1:$AW$1,0)) -> Score | L12: 1st | M12: 2nd | N12: 3rd | O12: 4th | P12: 5th | Q12: 6th | R12: 7th | S12: 8th
D14: A | E14: 1 | F14: =G14 -> 41802.875 | G14: ='Countries and Timezone'!R2 -> 41802.875 | H14: =INDEX(Language!$A$1:$AX$115,MATCH('Countries and Timezone'!$AG$7,Language!$B$1:$B$115,0),MATCH($G$2,Language!$A$1:$AW$1,0)) -> Brazil
F15: Sao Paulo | H15: =INDEX(Language!$A$1:$AX$115,MATCH('Countries and Timezone'!$AG$8,Language!$B$1:$B$115,0),MATCH($G$2,Language!$A$1:$AW$1,0)) -> Croatia | X15: musadya
E16: 2 | F16: =G16 -> 41803.708 | G16: ='Countries and Timezone'!R3 -> 41803.708 | H16: =INDEX(Language!$A$1:$AX$115,MATCH('Countries and Timezone'!$AG$9,Language!$B$1:$B$115,0),MATCH($G$2,Language!$A$1:$AW$1,0)) -> Mexico
F17: Natal | H17: =INDEX(Language!$A$1:$AX$115,MATCH('Countries and Timezone'!$AG$10,Language!$B$1:$B$115,0),MATCH($G$2,Language!$A$1:$AW$1,0)) -> Cameroon
D18: B | E18: 3 | F18: =G18 -> 41803.833 | G18: ='Countries and Timezone'!R4 -> 41803.833 | H18: =INDEX(Language!$A$1:$AX$115,MATCH('Countries and Timezone'!$AG$11,Language!$B$1:$B$115,0),MATCH($G$2,Language!$A$1:$AW$1,0)) -> Spain
F19: Salvador | H19: =INDEX(Language!$A$1:$AX$115,MATCH('Countries and Timezone'!$AG$12,Language!$B$1:$B$115,0),MATCH($G$2,Language!$A$1:$AW$1,0)) -> Netherlands
E20: 4 | F20: =G20 -> 41803.958 | G20: ='Countries and Timezone'!R5 -> 41803.958 | H20: =INDEX(Language!$A$1:$AX$115,MATCH('Countries and Timezone'!$AG$13,Language!$B$1:$B$115,0),MATCH($G$2,Language!$A$1:$AW$1,0)) -> Chile
F21: Cuiaba | H21: =INDEX(Language!$A$1:$AX$115,MATCH('Countries and Timezone'!$AG$14,Language!$B$1:$B$115,0),MATCH($G$2,Language!$A$1:$AW$1,0)) -> Australia
D22: C | E22: 5 | F22: =G22 -> 41804.708 | G22: ='Countries and Timezone'!R6 -> 41804.708 | H22: =INDEX(Language!$A$1:$AX$115,MATCH('Countries and Timezone'!$AG$15,Language!$B$1:$B$115,0),MATCH($G$2,Language!$A$1:$AW$1,0)) -> Colombia
F23: Belo Horizonte | H23: =INDEX(Language!$A$1:$AX$115,MATCH('Countries and Timezone'!$AG$16,Language!$B$1:$B$115,0),MATCH($G$2,Language!$A$1:$AW$1,0)) -> Greece
E24: 6 | F24: =G24 -> 41805.083 | G24: ='Countries and Timezone'!R7 -> 41805.083 | H24: =INDEX(Language!$A$1:$AX$115,MATCH('Countries and Timezone'!$AG$17,Language!$B$1:$B$115,0),MATCH($G$2,Language!$A$1:$AW$1,0)) -> Ivory Coast
F25: Recife | H25: =INDEX(Language!$A$1:$AX$115,MATCH('Countries and Timezone'!$AG$18,Language!$B$1:$B$115,0),MATCH($G$2,Language!$A$1:$AW$1,0)) -> Japan
D26: D | E26: 7 | F26: =G26 -> 41804.833 | G26: ='Countries and Timezone'!R8 -> 41804.833 | H26: =INDEX(Language!$A$1:$AX$115,MATCH('Countries and Timezone'!$AG$19,Language!$B$1:$B$115,0),MATCH($G$2,Language!$A$1:$AW$1,0)) -> Uruguay
F27: Fortaleza | H27: =INDEX(Language!$A$1:$AX$115,MATCH('Countries and Timezone'!$AG$20,Language!$B$1:$B$115,0),MATCH($G$2,Language!$A$1:$AW$1,0)) -> Costa Rica
E28: 8 | F28: =G28 -> 41804.958 | G28: ='Countries and Timezone'!R9 -> 41804.958 | H28: =INDEX(Language!$A$1:$AX$115,MATCH('Countries and Timezone'!$AG$21,Language!$B$1:$B$115,0),MATCH($G$2,Language!$A$1:$AW$1,0)) -> England
F29: Manaus | H29: =INDEX(Language!$A$1:$AX$115,MATCH('Countries and Timezone'!$AG$22,Language!$B$1:$B$115,0),MATCH($G$2,Language!$A$1:$AW$1,0)) -> Italy
D30: E | E30: 9 | F30: =G30 -> 41805.708 | G30: ='Countries and Timezone'!R10 -> 41805.708 | H30: =INDEX(Language!$A$1:$AX$115,MATCH('Countries and Timezone'!$AG$23,Language!$B$1:$B$115,0),MATCH($G$2,Language!$A$1:$AW$1,0)) -> Switzerland
F31: Brasilia | H31: =INDEX(Language!$A$1:$AX$115,MATCH('Countries and Timezone'!$AG$24,Language!$B$1:$B$115,0),MATCH($G$2,Language!$A$1:$AW$1,0)) -> Ecuador
E32: 10 | F32: =G32 -> 41805.833 | G32: ='Countries and Timezone'!R11 -> 41805.833 | H32: =INDEX(Language!$A$1:$AX$115,MATCH('Countries and Timezone'!$AG$25,Language!$B$1:$B$115,0),MATCH($G$2,Language!$A$1:$AW$1,0)) -> France
F33: Porto Alegre | H33: =INDEX(Language!$A$1:$AX$115,MATCH('Countries and Timezone'!$AG$26,Language!$B$1:$B$115,0),MATCH($G$2,Language!$A$1:$AW$1,0)) -> Honduras
D34: F | E34: 11 | F34: =G34 -> 41805.958 | G34: ='Countries and Timezone'!R12 -> 41805.958 | H34: =INDEX(Language!$A$1:$AX$115,MATCH('Countries and Timezone'!$AG$27,Language!$B$1:$B$115,0),MATCH($G$2,Language!$A$1:$AW$1,0)) -> Argentina
F35: Rio de Janeiro | H35: =INDEX(Language!$A$1:$AX$115,MATCH('Countries and Timezone'!$AG$28,Language!$B$1:$B$115,0),MATCH($G$2,Language!$A$1:$AW$1,0)) -> Bosnia-Herzegovina
E36: 12 | F36: =G36 -> 41806.833 | G36: ='Countries and Timezone'!R13 -> 41806.833 | H36: =INDEX(Language!$A$1:$AX$115,MATCH('Countries and Timezone'!$AG$29,Language!$B$1:$B$115,0),MATCH($G$2,Language!$A$1:$AW$1,0)) -> Iran
F37: Curitiba | H37: =INDEX(Language!$A$1:$AX$115,MATCH('Countries and Timezone'!$AG$30,Language!$B$1:$B$115,0),MATCH($G$2,Language!$A$1:$AW$1,0)) -> Nigeria
D38: G | E38: 13 | F38: =G38 -> 41806.708 | G38: ='Countries and Timezone'!R14 -> 41806.708 | H38: =INDEX(Language!$A$1:$AX$115,MATCH('Countries and Timezone'!$AG$31,Language!$B$1:$B$115,0),MATCH($G$2,Language!$A$1:$AW$1,0)) -> Germany
F39: Salvador | H39: =INDEX(Language!$A$1:$AX$115,MATCH('Countries and Timezone'!$AG$32,Language!$B$1:$B$115,0),MATCH($G$2,Language!$A$1:$AW$1,0)) -> Portugal
E40: 14 | F40: =G40 -> 41806.958 | G40: ='Countries and Timezone'!R15 -> 41806.958 | H40: =INDEX(Language!$A$1:$AX$115,MATCH('Countries and Timezone'!$AG$33,Language!$B$1:$B$115,0),MATCH($G$2,Language!$A$1:$AW$1,0)) -> Ghana
F41: Natal | H41: =INDEX(Language!$A$1:$AX$115,MATCH('Countries and Timezone'!$AG$34,Language!$B$1:$B$115,0),MATCH($G$2,Language!$A$1:$AW$1,0)) -> USA
D42: H | E42: 15 | F42: =G42 -> 41807.708 | G42: ='Countries and Timezone'!R16 -> 41807.708 | H42: =INDEX(Language!$A$1:$AX$115,MATCH('Countries and Timezone'!$AG$35,Language!$B$1:$B$115,0),MATCH($G$2,Language!$A$1:$AW$1,0)) -> Belgium
F43: Belo Horizonte | H43: =INDEX(Language!$A$1:$AX$115,MATCH('Countries and Timezone'!$AG$36,Language!$B$1:$B$115,0),MATCH($G$2,Language!$A$1:$AW$1,0)) -> Algeria
E44: 16 | F44: =G44 -> 41807.958 | G44: ='Countries and Timezone'!R17 -> 41807.958 | H44: =INDEX(Language!$A$1:$AX$115,MATCH('Countries and Timezone'!$AG$37,Language!$B$1:$B$115,0),MATCH($G$2,Language!$A$1:$AW$1,0)) -> Russia
F45: Cuiaba | H45: =INDEX(Language!$A$1:$AX$115,MATCH('Countries and Timezone'!$AG$38,Language!$B$1:$B$115,0),MATCH($G$2,Language!$A$1:$AW$1,0)) -> South Korea
D46: A | E46: 17 | F46: =G46 -> 41807.833 | G46: ='Countries and Timezone'!R18 -> 41807.833 | H46: =H14 -> Brazil
F47: Fortaleza | H47: =H16 -> Mexico
E48: 18 | F48: =G48 -> 41808.958 | G48: ='Countries and Timezone'!R19 -> 41808.958 | H48: =H17 -> Cameroon
F49: Manaus | H49: =H15 -> Croatia
D50: B | E50: 19 | F50: =G50 -> 41808.833 | G50: ='Countries and Timezone'!R20 -> 41808.833 | H50: =H18 -> Spain
F51: Rio de Janeiro | H51: =H20 -> Chile
E52: 20 | F52: =G52 -> 41808.708 | G52: ='Countries and Timezone'!R21 -> 41808.708 | H52: =H21 -> Australia
F53: Porto Alegre | H53: =H19 -> Netherlands
D54: C | E54: 21 | F54: =G54 -> 41809.708 | G54: ='Countries and Timezone'!R22 -> 41809.708 | H54: =H22 -> Colombia
F55: Brasilia | H55: =H24 -> Ivory Coast
E56: 22 | F56: =G56 -> 41809.958 | G56: ='Countries and Timezone'!R23 -> 41809.958 | H56: =H25 -> Japan
F57: Natal | H57: =H23 -> Greece
D58: D | E58: 23 | F58: =G58 -> 41809.833 | G58: ='Countries and Timezone'!R24 -> 41809.833 | H58: =H26 -> Uruguay
F59: Sao Paulo | H59: =H28 -> England
E60: 24 | F60: =G60 -> 41810.708 | G60: ='Countries and Timezone'!R25 -> 41810.708 | H60: =H29 -> Italy
F61: Recife | H61: =H27 -> Costa Rica
D62: E | E62: 25 | F62: =G62 -> 41810.833 | G62: ='Countries and Timezone'!R26 -> 41810.833 | H62: =H30 -> Switzerland
F63: Salvador | H63: =H32 -> France
E64: 26 | F64: =G64 -> 41810.958 | G64: ='Countries and Timezone'!R27 -> 41810.958 | H64: =H33 -> Honduras
F65: Curitiba | H65: =H31 -> Ecuador
D66: F | E66: 27 | F66: =G66 -> 41811.708 | G66: ='Countries and Timezone'!R28 -> 41811.708 | H66: =H34 -> Argentina
F67: Belo Horizonte | H67: =H36 -> Iran
E68: 28 | F68: =G68 -> 41811.958 | G68: ='Countries and Timezone'!R29 -> 41811.958 | H68: =H37 -> Nigeria
F69: Cuiaba | H69: =H35 -> Bosnia-Herzegovina
D70: G | E70: 29 | F70: =G70 -> 41811.833 | G70: ='Countries and Timezone'!R30 -> 41811.833 | H70: =H38 -> Germany
F71: Fortaleza | H71: =H40 -> Ghana
E72: 30 | F72: =G72 -> 41812.958 | G72: ='Countries and Timezone'!R31 -> 41812.958 | H72: =H41 -> USA
F73: Manaus | H73: =H39 -> Portugal
D74: H | E74: 31 | F74: =G74 -> 41812.708 | G74: ='Countries and Timezone'!R32 -> 41812.708 | H74: =H42 -> Belgium
F75: Rio de Janeiro | H75: =H44 -> Russia
E76: 32 | F76: =G76 -> 41812.833 | G76: ='Countries and Timezone'!R33 -> 41812.833 | H76: =H45 -> South Korea
F77: Porto Alegre | H77: =H43 -> Algeria
D78: A | E78: 33 | F78: =G78 -> 41813.875 | G78: ='Countries and Timezone'!R34 -> 41813.875 | H78: =H17 -> Cameroon
F79: Brasilia | H79: =H14 -> Brazil
E80: 34 | F80: =G80 -> 41813.875 | G80: ='Countries and Timezone'!R35 -> 41813.875 | H80: =H15 -> Croatia
F81: Recife | H81: =H16 -> Mexico
D82: B | E82: 35 | F82: =G82 -> 41813.708 | G82: ='Countries and Timezone'!R36 -> 41813.708 | H82: =H21 -> Australia
F83: Curitiba | H83: =H18 -> Spain
E84: 36 | F84: =G84 -> 41813.708 | G84: ='Countries and Timezone'!R37 -> 41813.708 | H84: =H19 -> Netherlands
F85: Sao Paulo | H85: =H20 -> Chile
D86: C | E86: 37 | F86: =G86 -> 41814.875 | G86: ='Countries and Timezone'!R38 -> 41814.875 | H86: =H25 -> Japan
F87: Cuiaba | H87: =H22 -> Colombia
E88: 38 | F88: =G88 -> 41814.875 | G88: ='Countries and Timezone'!R39 -> 41814.875 | H88: =H23 -> Greece
F89: Fortaleza | H89: =H24 -> Ivory Coast
D90: D | E90: 39 | F90: =G90 -> 41814.708 | G90: ='Countries and Timezone'!R40 -> 41814.708 | H90: =H29 -> Italy
F91: Natal | H91: =H26 -> Uruguay
E92: 40 | F92: =G92 -> 41814.708 | G92: ='Countries and Timezone'!R41 -> 41814.708 | H92: =H27 -> Costa Rica
F93: Belo Horizonte | H93: =H28 -> England
D94: E | E94: 41 | F94: =G94 -> 41815.875 | G94: ='Countries and Timezone'!R42 -> 41815.875 | H94: =H33 -> Honduras
F95: Manaus | H95: =H30 -> Switzerland
E96: 42 | F96: =G96 -> 41815.875 | G96: ='Countries and Timezone'!R43 -> 41815.875 | H96: =H31 -> Ecuador
F97: Rio de Janeiro | H97: =H32 -> France
D98: F | E98: 43 | F98: =G98 -> 41815.708 | G98: ='Countries and Timezone'!R44 -> 41815.708 | H98: =H37 -> Nigeria
F99: Porto Alegre | H99: =H34 -> Argentina
E100: 44 | F100: =G100 -> 41815.708 | G100: ='Countries and Timezone'!R45 -> 41815.708 | H100: =H35 -> Bosnia-Herzegovina
F101: Salvador | H101: =H36 -> Iran
D102: G | E102: 45 | F102: =G102 -> 41816.708 | G102: ='Countries and Timezone'!R46 -> 41816.708 | H102: =H41 -> USA
F103: Recife | H103: =H38 -> Germany
E104: 46 | F104: =G104 -> 41816.708 | G104: ='Countries and Timezone'!R47 -> 41816.708 | H104: =H39 -> Portugal
F105: Brasilia | H105: =H40 -> Ghana
D106: H | E106: 47 | F106: =G106 -> 41816.875 | G106: ='Countries and Timezone'!R48 -> 41816.875 | H106: =H45 -> South Korea
...

Sheet Knock Out Stages
B2: =INDEX(Language!$A$1:$AX$115,MATCH("Visit exceltemplate.net for more templates and updates",Language!$B$1:$B$115,0),MATCH($B$5,Language!$A$1:$AW$1,0)) -> Visit exceltemplate.net for more templates and updates
CK3: r musadya
B5: ='Group Stages'!G2 -> English | C5: ='Group Stages'!G4 -> London
B6: =IFERROR(INDEX(Language!$A$1:$AX$115,MATCH("Knock Out Stages",Language!$B$1:$B$115,0),MATCH($B$5,Language!$A$1:$AW$1,0)),"Knock Out Stages") -> Knock Out Stages
C8: =INDEX(Language!$A$1:$AX$115,MATCH("Standings",Language!$B$1:$B$115,0),MATCH($B$5,Language!$A$1:$AW$1,0)) -> Standings
R10: Top Scorer : | W10: =IF(AND(R12="",J83<>"",J84<>""),"Reorder Rank","") | Y10: Rank
R11: ='Dummy Top Scorer'!DB4 | S11: =IF(W11="",IF('Dummy Top Scorer'!DC4<>"",'Dummy Top Scorer'!DC4&" ("&'Dummy Top Scorer'!DD4&")",""),VLOOKUP(Y11,$W$11:$X$20,2,FALSE)) | X11: =IF(W10<>"",IF('Dummy Top Scorer'!DC4<>"",'Dummy Top Scorer'!DC4&" ("&'Dummy Top Scorer'!DD4&")",""),"") | Y11: 1
R12: =IF('Dummy Top Scorer'!DB5='Dummy Top Scorer'!DB4,"",'Dummy Top Scorer'!DB5) | S12: =IF(W12="",IF('Dummy Top Scorer'!DC5<>"",'Dummy Top Scorer'!DC5&" ("&'Dummy Top Scorer'!DD5&")",""),VLOOKUP(Y12,$W$11:$X$20,2,FALSE)) | X12: =IF(W10<>"",IF('Dummy Top Scorer'!DC5<>"",'Dummy Top Scorer'!DC5&" ("&'Dummy Top Scorer'!DD5&")",""),"") | Y12: 2
R13: =IF('Dummy Top Scorer'!DB6='Dummy Top Scorer'!DB5,"",'Dummy Top Scorer'!DB6) | S13: =IF(W13="",IF('Dummy Top Scorer'!DC6<>"",'Dummy Top Scorer'!DC6&" ("&'Dummy Top Scorer'!DD6&")",""),VLOOKUP(Y13,$W$11:$X$20,2,FALSE)) | X13: =IF(AND($W$10<>"",'Dummy Top Scorer'!DB6='Dummy Top Scorer'!$DB$4),IF('Dummy Top Scorer'!DC6<>"",'Dummy Top Scorer'!DC6&" ("&'Dummy Top Scorer'!DD6&")",""),"") | Y13: 3
R14: =IF('Dummy Top Scorer'!DB7='Dummy Top Scorer'!DB6,"",'Dummy Top Scorer'!DB7) | S14: =IF(W14="",IF('Dummy Top Scorer'!DC7<>"",'Dummy Top Scorer'!DC7&" ("&'Dummy Top Scorer'!DD7&")",""),VLOOKUP(Y14,$W$11:$X$20,2,FALSE)) | X14: =IF(AND($W$10<>"",'Dummy Top Scorer'!DB7='Dummy Top Scorer'!$DB$4),IF('Dummy Top Scorer'!DC7<>"",'Dummy Top Scorer'!DC7&" ("&'Dummy Top Scorer'!DD7&")",""),"") | Y14: 4
R15: =IF('Dummy Top Scorer'!DB8='Dummy Top Scorer'!DB7,"",'Dummy Top Scorer'!DB8) | S15: =IF(W15="",IF('Dummy Top Scorer'!DC8<>"",'Dummy Top Scorer'!DC8&" ("&'Dummy Top Scorer'!DD8&")",""),VLOOKUP(Y15,$W$11:$X$20,2,FALSE)) | X15: =IF(AND($W$10<>"",'Dummy Top Scorer'!DB8='Dummy Top Scorer'!$DB$4),IF('Dummy Top Scorer'!DC8<>"",'Dummy Top Scorer'!DC8&" ("&'Dummy Top Scorer'!DD8&")",""),"") | Y15: 5
R16: =IF('Dummy Top Scorer'!DB9='Dummy Top Scorer'!DB8,"",'Dummy Top Scorer'!DB9) | S16: =IF(W16="",IF('Dummy Top Scorer'!DC9<>"",'Dummy Top Scorer'!DC9&" ("&'Dummy Top Scorer'!DD9&")",""),VLOOKUP(Y16,$W$11:$X$20,2,FALSE)) | X16: =IF(AND($W$10<>"",'Dummy Top Scorer'!DB9='Dummy Top Scorer'!$DB$4),IF('Dummy Top Scorer'!DC9<>"",'Dummy Top Scorer'!DC9&" ("&'Dummy Top Scorer'!DD9&")",""),"") | Y16: 6
R17: =IF('Dummy Top Scorer'!DB10='Dummy Top Scorer'!DB9,"",'Dummy Top Scorer'!DB10) | S17: =IF(W17="",IF('Dummy Top Scorer'!DC10<>"",'Dummy Top Scorer'!DC10&" ("&'Dummy Top Scorer'!DD10&")",""),VLOOKUP(Y17,$W$11:$X$20,2,FALSE)) | X17: =IF(AND($W$10<>"",'Dummy Top Scorer'!DB10='Dummy Top Scorer'!$DB$4),IF('Dummy Top Scorer'!DC10<>"",'Dummy Top Scorer'!DC10&" ("&'Dummy Top Scorer'!DD10&")",""),"") | Y17: 7
R18: =IF('Dummy Top Scorer'!DB11='Dummy Top Scorer'!DB10,"",'Dummy Top Scorer'!DB11) | S18: =IF(W18="",IF('Dummy Top Scorer'!DC11<>"",'Dummy Top Scorer'!DC11&" ("&'Dummy Top Scorer'!DD11&")",""),VLOOKUP(Y18,$W$11:$X$20,2,FALSE)) | X18: =IF(AND($W$10<>"",'Dummy Top Scorer'!DB11='Dummy Top Scorer'!$DB$4),IF('Dummy Top Scorer'!DC11<>"",'Dummy Top Scorer'!DC11&" ("&'Dummy Top Scorer'!DD11&")",""),"") | Y18: 8
R19: =IF('Dummy Top Scorer'!DB12='Dummy Top Scorer'!DB11,"",'Dummy Top Scorer'!DB12) | S19: =IF(W19="",IF('Dummy Top Scorer'!DC12<>"",'Dummy Top Scorer'!DC12&" ("&'Dummy Top Scorer'!DD12&")",""),VLOOKUP(Y19,$W$11:$X$20,2,FALSE)) | X19: =IF(AND($W$10<>"",'Dummy Top Scorer'!DB12='Dummy Top Scorer'!$DB$4),IF('Dummy Top Scorer'!DC12<>"",'Dummy Top Scorer'!DC12&" ("&'Dummy Top Scorer'!DD12&")",""),"") | Y19: 9
R20: =IF('Dummy Top Scorer'!DB13='Dummy Top Scorer'!DB12,"",'Dummy Top Scorer'!DB13) | S20: =IF(W20="",IF('Dummy Top Scorer'!DC13<>"",'Dummy Top Scorer'!DC13&" ("&'Dummy Top Scorer'!DD13&")",""),VLOOKUP(Y20,$W$11:$X$20,2,FALSE)) | X20: =IF(AND($W$10<>"",'Dummy Top Scorer'!DB13='Dummy Top Scorer'!$DB$4),IF('Dummy Top Scorer'!DC13<>"",'Dummy Top Scorer'!DC13&" ("&'Dummy Top Scorer'!DD13&")",""),"") | Y20: 10
R21: =IF('Dummy Top Scorer'!DB14='Dummy Top Scorer'!DB13,"",'Dummy Top Scorer'!DB14) | S21: =IF('Dummy Top Scorer'!DC14<>"",'Dummy Top Scorer'!DC14&" ("&'Dummy Top Scorer'!DD14&")","")
R22: =IF('Dummy Top Scorer'!DB15='Dummy Top Scorer'!DB14,"",'Dummy Top Scorer'!DB15) | S22: =IF('Dummy Top Scorer'!DC15<>"",'Dummy Top Scorer'!DC15&" ("&'Dummy Top Scorer'!DD15&")","")
R23: =IF('Dummy Top Scorer'!DB16='Dummy Top Scorer'!DB15,"",'Dummy Top Scorer'!DB16) | S23: =IF('Dummy Top Scorer'!DC16<>"",'Dummy Top Scorer'!DC16&" ("&'Dummy Top Scorer'!DD16&")","")
R24: =IF('Dummy Top Scorer'!DB17='Dummy Top Scorer'!DB16,"",'Dummy Top Scorer'!DB17) | S24: =IF('Dummy Top Scorer'!DC17<>"",'Dummy Top Scorer'!DC17&" ("&'Dummy Top Scorer'!DD17&")","")
R25: =IF('Dummy Top Scorer'!DB18='Dummy Top Scorer'!DB17,"",'Dummy Top Scorer'!DB18) | S25: =IF('Dummy Top Scorer'!DC18<>"",'Dummy Top Scorer'!DC18&" ("&'Dummy Top Scorer'!DD18&")","")
R26: =IF('Dummy Top Scorer'!DB19='Dummy Top Scorer'!DB18,"",'Dummy Top Scorer'!DB19) | S26: =IF('Dummy Top Scorer'!DC19<>"",'Dummy Top Scorer'!DC19&" ("&'Dummy Top Scorer'!DD19&")","")
R27: =IF('Dummy Top Scorer'!DB20='Dummy Top Scorer'!DB19,"",'Dummy Top Scorer'!DB20) | S27: =IF('Dummy Top Scorer'!DC20<>"",'Dummy Top Scorer'!DC20&" ("&'Dummy Top Scorer'!DD20&")","")
R28: =IF('Dummy Top Scorer'!DB21='Dummy Top Scorer'!DB20,"",'Dummy Top Scorer'!DB21) | S28: =IF('Dummy Top Scorer'!DC21<>"",'Dummy Top Scorer'!DC21&" ("&'Dummy Top Scorer'!DD21&")","")
R29: =IF('Dummy Top Scorer'!DB22='Dummy Top Scorer'!DB21,"",'Dummy Top Scorer'!DB22) | S29: =IF('Dummy Top Scorer'!DC22<>"",'Dummy Top Scorer'!DC22&" ("&'Dummy Top Scorer'!DD22&")","")
R30: =IF('Dummy Top Scorer'!DB23='Dummy Top Scorer'!DB22,"",'Dummy Top Scorer'!DB23) | S30: =IF('Dummy Top Scorer'!DC23<>"",'Dummy Top Scorer'!DC23&" ("&'Dummy Top Scorer'!DD23&")","")
R31: =IF('Dummy Top Scorer'!DB24='Dummy Top Scorer'!DB23,"",'Dummy Top Scorer'!DB24) | S31: =IF('Dummy Top Scorer'!DC24<>"",'Dummy Top Scorer'!DC24&" ("&'Dummy Top Scorer'!DD24&")","")
R32: =IF('Dummy Top Scorer'!DB25='Dummy Top Scorer'!DB24,"",'Dummy Top Scorer'!DB25) | S32: =IF('Dummy Top Scorer'!DC25<>"",'Dummy Top Scorer'!DC25&" ("&'Dummy Top Scorer'!DD25&")","")
... R37: =IF('Dummy Top Scorer'!DB30='Dummy Top Scorer'!DB29,"",'Dummy Top Scorer'!DB30) | S37: =IF('Dummy Top Scorer'!DC30<>"",'Dummy Top Scorer'!DC30&" ("&'Dummy Top Scorer'!DD30&")","")
C39: =INDEX(Language!$A$1:$AX$115,MATCH("Round of 16",Language!$B$1:$B$115,0),MATCH($B$5,Language!$A$1:$AW$1,0)) -> Round of 16
D40: musadya | J40: FT | K40: ET | L40: PK
D41: 49 | F41: =G41 -> 41818.708 | G41: ='Countries and Timezone'!R50 -> 41818.708 | H41: =Tournament!H67 -> Group A Winner
F42: Belo Horizonte | H42: =Tournament!N67 -> Group B Runner Up
D43: 50 | F43: =G43 -> 41818.875 | G43: ='Countries and Timezone'!R51 -> 41818.875 | H43: =Tournament!H73 -> Group C Winner
F44: Rio de Janeiro | H44: =Tournament!N73 -> Group D Runner Up
D45: 51 | F45: =G45 -> 41819.708 | G45: ='Countries and Timezone'!R52 -> 41819.708 | H45: =Tournament!H79 -> Group B Winner
F46: Fortaleza | H46: =Tournament!N79 -> Group A Runner Up
D47: 52 | F47: =G47 -> 41819.875 | G47: ='Countries and Timezone'!R53 -> 41819.875 | H47: =Tournament!H85 -> Group D Winner
F48: Recife | H48: =Tournament!N85 -> Group C Runner Up
D49: 53 | F49: =G49 -> 41820.708 | G49: ='Countries and Timezone'!R54 -> 41820.708 | H49: =Tournament!H91 -> Group E Winner
F50: Brasilia | H50: =Tournament!N91 -> Group F Runner Up
D51: 54 | F51: =G51 -> 41820.875 | G51: ='Countries and Timezone'!R55 -> 41820.875 | H51: =Tournament!H97 -> Group G Winner
F52: Porto Alegre | H52: =Tournament!N97 -> Group H Runner Up
D53: 55 | F53: =G53 -> 41821.708 | G53: ='Countries and Timezone'!R56 -> 41821.708 | H53: =Tournament!H103 -> Group F Winner
F54: Sao Paulo | H54: =Tournament!N103 -> Group E Runner Up
D55: 56 | F55: =G55 -> 41821.875 | G55: ='Countries and Timezone'!R57 -> 41821.875 | H55: =Tournament!H109 -> Group H Winner
F56: Salvador | H56: =Tournament!N109 -> Group G Runner Up
C58: =INDEX(Language!$A$1:$AX$115,MATCH("Quarter Finals",Language!$B$1:$B$115,0),MATCH($B$5,Language!$A$1:$AW$1,0)) -> Quarter Finals
D60: 57 | F60: =G60 -> 41824.875 | G60: ='Countries and Timezone'!R58 -> 41824.875 | H60: =Tournament!Y67 -> Match 49 Winner
F61: Fortaleza | H61: =Tournament!AE67 -> Match 50 Winner
D62: 58 | F62: =G62 -> 41824.708 | G62: ='Countries and Timezone'!R59 -> 41824.708 | H62: =Tournament!Y72 -> Match 53 Winner
F63: Rio de Janeiro | H63: =Tournament!AE72 -> Match 54 Winner
D64: 59 | F64: =G64 -> 41825.875 | G64: ='Countries and Timezone'!R60 -> 41825.875 | H64: =Tournament!Y77 -> Match 51 Winner
F65: Salvador | H65: =Tournament!AE77 -> Match 52 Winner
D66: 60 | F66: =G66 -> 41825.708 | G66: ='Countries and Timezone'!R61 -> 41825.708 | H66: =Tournament!Y82 -> Match 55 Winner
F67: Brasilia | H67: =Tournament!AE82 -> Match 56 Winner
C69: =INDEX(Language!$A$1:$AX$115,MATCH("Semi Finals",Language!$B$1:$B$115,0),MATCH($B$5,Language!$A$1:$AW$1,0)) -> Semi Finals
D71: 61 | F71: =G71 -> 41828.875 | G71: ='Countries and Timezone'!R62 -> 41828.875 | H71: =Tournament!Y90 -> Match 57 Winner
F72: Belo Horizonte | H72: =Tournament!AE90 -> Match 58 Winner
D73: 62 | F73: =G73 -> 41829.875 | G73: ='Countries and Timezone'!R63 -> 41829.875 | H73: =Tournament!Y95 -> Match 59 Winner
F74: Sao Paulo | H74: =Tournament!AE95 -> Match 60 Winner
C76: =INDEX(Language!$A$1:$AX$115,MATCH("Match for Third Place",Language!$B$1:$B$115,0),MATCH($B$5,Language!$A$1:$AW$1,0)) -> Match for Third Place
D78: 63 | F78: =G78 -> 41832.875 | G78: ='Countries and Timezone'!R64 -> 41832.875 | H78: =Tournament!Y103 -> Match 61 Loser
F79: Brasilia | H79: =Tournament!AE103 -> Match 62 Loser
C81: =INDEX(Language!$A$1:$AX$115,MATCH("Final",Language!$B$1:$B$115,0),MATCH($B$5,Language!$A$1:$AW$1,0)) -> Final
D83: 64 | F83: =G83 -> 41833.833 | G83: ='Countries and Timezone'!R65 -> 41833.833 | H83: =Tournament!Y111 -> Match 61 Winner
F84: Rio de Janeiro | H84: =Tournament!AE111 -> Match 62 Winner
D87: =INDEX(Language!$A$1:$AX$115,MATCH("World Cup 2014 Champion",Language!$B$1:$B$115,0),MATCH($B$5,Language!$A$1:$AW$1,0)) -> World Cup 2014 Champion | H87: =Tournament!N118 -> MATCH 64 WINNER | M87: Top Scorer
C89: © 2014 - Exceltemplate.net

Sheet Tournament
C2: =INDEX(Language!$A$1:$AX$115,MATCH("Language",Language!$B$1:$B$115,0),MATCH($G$2,Language!$A$1:$AW$1,0)) -> Language | F2: : | G2: ='Group Stages'!G2:K2 -> English
DC3: r musadya
C4: =INDEX(Language!$A$1:$AX$115,MATCH("Timezone",Language!$B$1:$B$115,0),MATCH($G$2,Language!$A$1:$AW$1,0)) -> Timezone | F4: : | G4: ='Group Stages'!G4:K4 -> London
R10: =INDEX(Language!$A$1:$AX$115,MATCH("Standings",Language!$B$1:$B$115,0),MATCH(Tournament!$G$2,Language!$A$1:$AW$1,0)) -> Standings
S12: =INDEX(Language!$A$1:$AX$115,MATCH("Group A",Language!$B$1:$B$115,0),MATCH(Tournament!$G$2,Language!$A$1:$AW$1,0)) -> Group A | V12: P | W12: W | X12: D | Y12: L | AA12: F - A | AC12: Pt | AF12: A | AJ12: Country | AK12: Draw Result
S13: 1 | T13: =VLOOKUP(1,'Dummy Table'!O4:P7,2,FALSE) -> Brazil | V13: =SUM(W13:Y13) -> 0 | W13: =SUMIF('Dummy Table'!B$4:B$7,Tournament!T13,'Dummy Table'!C$4:C$7) -> 0 | X13: =SUMIF('Dummy Table'!B$4:B$7,Tournament!T13,'Dummy Table'!D$4:D$7) -> 0 | Y13: =SUMIF('Dummy Table'!B$4:B$7,Tournament!T13,'Dummy Table'!E$4:E$7) -> 0 | AA13: =CONCATENATE(SUMIF('Dummy Table'!B$4:B$7,Tournament!T13,'Dummy Table'!F$4:F$7)," - ",SUMIF('Dummy Table'!B$4:B$7,Tournament!T13,'Dummy Table'!G$4:G$7)) -> 0 - 0 | AC13: =SUMIF('Dummy Table'!B$4:B$7,Tournament!T13,'Dummy Table'!I$4:I$7) -> 0 | AJ13: =IF(SUM('Dummy Table'!AM$4:AM$7)>0,IF(ISNA(VLOOKUP(1,'Dummy Table'!AM$4:AN$7,2,FALSE)),"",VLOOKUP(1,'Dummy Table'!AM$4:AN$7,2,FALSE)),"") -> Brazil
D14: 1 | E14: A | F14: =G14 -> 41802.875 | G14: ='Countries and Timezone'!R2 -> 41802.875 | H14: =INDEX(Language!$A$1:$AX$115,MATCH('Countries and Timezone'!$AG$7,Language!$B$1:$B$115,0),MATCH($G$2,Language!$A$1:$AW$1,0)) -> Brazil | J14: =IF(OFFSET('Group Stages'!$J$13,2*$D14-1,0)<>"",OFFSET('Group Stages'!$J$13,2*$D14-1,0),"") | K14: - | L14: =IF(OFFSET('Group Stages'!$J$13,2*$D14,0)<>"",OFFSET('Group Stages'!$J$13,2*$D14,0),"") | N14: =INDEX(Language!$A$1:$AX$115,MATCH('Countries and Timezone'!$AG$8,Language!$B$1:$B$115,0),MATCH($G$2,Language!$A$1:$AW$1,0)) -> Croatia | S14: 2 | T14: =VLOOKUP(2,'Dummy Table'!O4:P7,2,FALSE) -> Croatia | V14: =SUM(W14:Y14) -> 0 | W14: =SUMIF('Dummy Table'!B$4:B$7,Tournament!T14,'Dummy Table'!C$4:C$7) -> 0 | X14: =SUMIF('Dummy Table'!B$4:B$7,Tournament!T14,'Dummy Table'!D$4:D$7) -> 0 | Y14: =SUMIF('Dummy Table'!B$4:B$7,Tournament!T14,'Dummy Table'!E$4:E$7) -> 0 | AA14: =CONCATENATE(SUMIF('Dummy Table'!B$4:B$7,Tournament!T14,'Dummy Table'!F$4:F$7)," - ",SUMIF('Dummy Table'!B$4:B$7,Tournament!T14,'Dummy Table'!G$4:G$7)) -> 0 - 0 | AC14: =SUMIF('Dummy Table'!B$4:B$7,Tournament!T14,'Dummy Table'!I$4:I$7) -> 0 | AJ14: =IF(SUM('Dummy Table'!AM$4:AM$7)>0,IF(ISNA(VLOOKUP(2,'Dummy Table'!AM$4:AN$7,2,FALSE)),"",VLOOKUP(2,'Dummy Table'!AM$4:AN$7,2,FALSE)),"") -> Croatia
D15: 2 | E15: A | F15: =G15 -> 41803.708 | G15: ='Countries and Timezone'!R3 -> 41803.708 | H15: =INDEX(Language!$A$1:$AX$115,MATCH('Countries and Timezone'!$AG$9,Language!$B$1:$B$115,0),MATCH($G$2,Language!$A$1:$AW$1,0)) -> Mexico | J15: =IF(OFFSET('Group Stages'!$J$13,2*$D15-1,0)<>"",OFFSET('Group Stages'!$J$13,2*$D15-1,0),"") | K15: - | L15: =IF(OFFSET('Group Stages'!$J$13,2*$D15,0)<>"",OFFSET('Group Stages'!$J$13,2*$D15,0),"") | N15: =INDEX(Language!$A$1:$AX$115,MATCH('Countries and Timezone'!$AG$10,Language!$B$1:$B$115,0),MATCH($G$2,Language!$A$1:$AW$1,0)) -> Cameroon | S15: 3 | T15: =VLOOKUP(3,'Dummy Table'!O4:P7,2,FALSE) -> Mexico | V15: =SUM(W15:Y15) -> 0 | W15: =SUMIF('Dummy Table'!B$4:B$7,Tournament!T15,'Dummy Table'!C$4:C$7) -> 0 | X15: =SUMIF('Dummy Table'!B$4:B$7,Tournament!T15,'Dummy Table'!D$4:D$7) -> 0 | Y15: =SUMIF('Dummy Table'!B$4:B$7,Tournament!T15,'Dummy Table'!E$4:E$7) -> 0 | AA15: =CONCATENATE(SUMIF('Dummy Table'!B$4:B$7,Tournament!T15,'Dummy Table'!F$4:F$7)," - ",SUMIF('Dummy Table'!B$4:B$7,Tournament!T15,'Dummy Table'!G$4:G$7)) -> 0 - 0 | AC15: =SUMIF('Dummy Table'!B$4:B$7,Tournament!T15,'Dummy Table'!I$4:I$7) -> 0 | AJ15: =IF(SUM('Dummy Table'!AM$4:AM$7)>0,IF(ISNA(VLOOKUP(3,'Dummy Table'!AM$4:AN$7,2,FALSE)),"",VLOOKUP(3,'Dummy Table'!AM$4:AN$7,2,FALSE)),"") -> Mexico
D16: 3 | E16: B | F16: =G16 -> 41803.833 | G16: ='Countries and Timezone'!R4 -> 41803.833 | H16: =INDEX(Language!$A$1:$AX$115,MATCH('Countries and Timezone'!$AG$11,Language!$B$1:$B$115,0),MATCH($G$2,Language!$A$1:$AW$1,0)) -> Spain | J16: =IF(OFFSET('Group Stages'!$J$13,2*$D16-1,0)<>"",OFFSET('Group Stages'!$J$13,2*$D16-1,0),"") | K16: - | L16: =IF(OFFSET('Group Stages'!$J$13,2*$D16,0)<>"",OFFSET('Group Stages'!$J$13,2*$D16,0),"") | N16: =INDEX(Language!$A$1:$AX$115,MATCH('Countries and Timezone'!$AG$12,Language!$B$1:$B$115,0),MATCH($G$2,Language!$A$1:$AW$1,0)) -> Netherlands | S16: 4 | T16: =VLOOKUP(4,'Dummy Table'!O4:P7,2,FALSE) -> Cameroon | V16: =SUM(W16:Y16) -> 0 | W16: =SUMIF('Dummy Table'!B$4:B$7,Tournament!T16,'Dummy Table'!C$4:C$7) -> 0 | X16: =SUMIF('Dummy Table'!B$4:B$7,Tournament!T16,'Dummy Table'!D$4:D$7) -> 0 | Y16: =SUMIF('Dummy Table'!B$4:B$7,Tournament!T16,'Dummy Table'!E$4:E$7) -> 0 | AA16: =CONCATENATE(SUMIF('Dummy Table'!B$4:B$7,Tournament!T16,'Dummy Table'!F$4:F$7)," - ",SUMIF('Dummy Table'!B$4:B$7,Tournament!T16,'Dummy Table'!G$4:G$7)) -> 0 - 0 | AC16: =SUMIF('Dummy Table'!B$4:B$7,Tournament!T16,'Dummy Table'!I$4:I$7) -> 0 | AJ16: =IF(SUM('Dummy Table'!AM$4:AM$7)>0,IF(ISNA(VLOOKUP(4,'Dummy Table'!AM$4:AN$7,2,FALSE)),"",VLOOKUP(4,'Dummy Table'!AM$4:AN$7,2,FALSE)),"") -> Cameroon
D17: 4 | E17: B | F17: =G17 -> 41803.958 | G17: ='Countries and Timezone'!R5 -> 41803.958 | H17: =INDEX(Language!$A$1:$AX$115,MATCH('Countries and Timezone'!$AG$13,Language!$B$1:$B$115,0),MATCH($G$2,Language!$A$1:$AW$1,0)) -> Chile | J17: =IF(OFFSET('Group Stages'!$J$13,2*$D17-1,0)<>"",OFFSET('Group Stages'!$J$13,2*$D17-1,0),"") | K17: - | L17: =IF(OFFSET('Group Stages'!$J$13,2*$D17,0)<>"",OFFSET('Group Stages'!$J$13,2*$D17,0),"") | N17: =INDEX(Language!$A$1:$AX$115,MATCH('Countries and Timezone'!$AG$14,Language!$B$1:$B$115,0),MATCH($G$2,Language!$A$1:$AW$1,0)) -> Australia
D18: 5 | E18: C | F18: =G18 -> 41804.708 | G18: ='Countries and Timezone'!R6 -> 41804.708 | H18: =INDEX(Language!$A$1:$AX$115,MATCH('Countries and Timezone'!$AG$15,Language!$B$1:$B$115,0),MATCH($G$2,Language!$A$1:$AW$1,0)) -> Colombia | J18: =IF(OFFSET('Group Stages'!$J$13,2*$D18-1,0)<>"",OFFSET('Group Stages'!$J$13,2*$D18-1,0),"") | K18: - | L18: =IF(OFFSET('Group Stages'!$J$13,2*$D18,0)<>"",OFFSET('Group Stages'!$J$13,2*$D18,0),"") | N18: =INDEX(Language!$A$1:$AX$115,MATCH('Countries and Timezone'!$AG$16,Language!$B$1:$B$115,0),MATCH($G$2,Language!$A$1:$AW$1,0)) -> Greece | S18: =INDEX(Language!$A$1:$AX$115,MATCH("Group B",Language!$B$1:$B$115,0),MATCH(Tournament!$G$2,Language!$A$1:$AW$1,0)) -> Group B | V18: P | W18: W | X18: D | Y18: L | AA18: F - A | AC18: Pt | AF18: B | AJ18: Country | AK18: Draw Result
D19: 6 | E19: C | F19: =G19 -> 41805.083 | G19: ='Countries and Timezone'!R7 -> 41805.083 | H19: =INDEX(Language!$A$1:$AX$115,MATCH('Countries and Timezone'!$AG$17,Language!$B$1:$B$115,0),MATCH($G$2,Language!$A$1:$AW$1,0)) -> Ivory Coast | J19: =IF(OFFSET('Group Stages'!$J$13,2*$D19-1,0)<>"",OFFSET('Group Stages'!$J$13,2*$D19-1,0),"") | K19: - | L19: =IF(OFFSET('Group Stages'!$J$13,2*$D19,0)<>"",OFFSET('Group Stages'!$J$13,2*$D19,0),"") | N19: =INDEX(Language!$A$1:$AX$115,MATCH('Countries and Timezone'!$AG$18,Language!$B$1:$B$115,0),MATCH($G$2,Language!$A$1:$AW$1,0)) -> Japan | S19: 1 | T19: =VLOOKUP(1,'Dummy Table'!O11:P14,2,FALSE) -> Spain | V19: =SUM(W19:Y19) -> 0 | W19: =SUMIF('Dummy Table'!B$11:B$14,Tournament!T19,'Dummy Table'!C$11:C$14) -> 0 | X19: =SUMIF('Dummy Table'!B$11:B$14,Tournament!T19,'Dummy Table'!D$11:D$14) -> 0 | Y19: =SUMIF('Dummy Table'!B$11:B$14,Tournament!T19,'Dummy Table'!E$11:E$14) -> 0 | AA19: =CONCATENATE(SUMIF('Dummy Table'!B$11:B$14,Tournament!T19,'Dummy Table'!F$11:F$14)," - ",SUMIF('Dummy Table'!B$11:B$14,Tournament!T19,'Dummy Table'!G$11:G$14)) -> 0 - 0 | AC19: =SUMIF('Dummy Table'!B$11:B$14,Tournament!T19,'Dummy Table'!I$11:I$14) -> 0 | AJ19: =IF(SUM('Dummy Table'!AM$11:AM$14)>0,IF(ISNA(VLOOKUP(1,'Dummy Table'!AM$11:AN$14,2,FALSE)),"",VLOOKUP(1,'Dummy Table'!AM$11:AN$14,2,FALSE)),"") -> Spain
D20: 7 | E20: D | F20: =G20 -> 41804.833 | G20: ='Countries and Timezone'!R8 -> 41804.833 | H20: =INDEX(Language!$A$1:$AX$115,MATCH('Countries and Timezone'!$AG$19,Language!$B$1:$B$115,0),MATCH($G$2,Language!$A$1:$AW$1,0)) -> Uruguay | J20: =IF(OFFSET('Group Stages'!$J$13,2*$D20-1,0)<>"",OFFSET('Group Stages'!$J$13,2*$D20-1,0),"") | K20: - | L20: =IF(OFFSET('Group Stages'!$J$13,2*$D20,0)<>"",OFFSET('Group Stages'!$J$13,2*$D20,0),"") | N20: =INDEX(Language!$A$1:$AX$115,MATCH('Countries and Timezone'!$AG$20,Language!$B$1:$B$115,0),MATCH($G$2,Language!$A$1:$AW$1,0)) -> Costa Rica | S20: 2 | T20: =VLOOKUP(2,'Dummy Table'!O11:P14,2,FALSE) -> Netherlands | V20: =SUM(W20:Y20) -> 0 | W20: =SUMIF('Dummy Table'!B$11:B$14,Tournament!T20,'Dummy Table'!C$11:C$14) -> 0 | X20: =SUMIF('Dummy Table'!B$11:B$14,Tournament!T20,'Dummy Table'!D$11:D$14) -> 0 | Y20: =SUMIF('Dummy Table'!B$11:B$14,Tournament!T20,'Dummy Table'!E$11:E$14) -> 0 | AA20: =CONCATENATE(SUMIF('Dummy Table'!B$11:B$14,Tournament!T20,'Dummy Table'!F$11:F$14)," - ",SUMIF('Dummy Table'!B$11:B$14,Tournament!T20,'Dummy Table'!G$11:G$14)) -> 0 - 0 | AC20: =SUMIF('Dummy Table'!B$11:B$14,Tournament!T20,'Dummy Table'!I$11:I$14) -> 0 | AJ20: =IF(SUM('Dummy Table'!AM$11:AM$14)>0,IF(ISNA(VLOOKUP(2,'Dummy Table'!AM$11:AN$14,2,FALSE)),"",VLOOKUP(2,'Dummy Table'!AM$11:AN$14,2,FALSE)),"") -> Netherlands
D21: 8 | E21: D | F21: =G21 -> 41804.958 | G21: ='Countries and Timezone'!R9 -> 41804.958 | H21: =INDEX(Language!$A$1:$AX$115,MATCH('Countries and Timezone'!$AG$21,Language!$B$1:$B$115,0),MATCH($G$2,Language!$A$1:$AW$1,0)) -> England | J21: =IF(OFFSET('Group Stages'!$J$13,2*$D21-1,0)<>"",OFFSET('Group Stages'!$J$13,2*$D21-1,0),"") | K21: - | L21: =IF(OFFSET('Group Stages'!$J$13,2*$D21,0)<>"",OFFSET('Group Stages'!$J$13,2*$D21,0),"") | N21: =INDEX(Language!$A$1:$AX$115,MATCH('Countries and Timezone'!$AG$22,Language!$B$1:$B$115,0),MATCH($G$2,Language!$A$1:$AW$1,0)) -> Italy | S21: 3 | T21: =VLOOKUP(3,'Dummy Table'!O11:P14,2,FALSE) -> Chile | V21: =SUM(W21:Y21) -> 0 | W21: =SUMIF('Dummy Table'!B$11:B$14,Tournament!T21,'Dummy Table'!C$11:C$14) -> 0 | X21: =SUMIF('Dummy Table'!B$11:B$14,Tournament!T21,'Dummy Table'!D$11:D$14) -> 0 | Y21: =SUMIF('Dummy Table'!B$11:B$14,Tournament!T21,'Dummy Table'!E$11:E$14) -> 0 | AA21: =CONCATENATE(SUMIF('Dummy Table'!B$11:B$14,Tournament!T21,'Dummy Table'!F$11:F$14)," - ",SUMIF('Dummy Table'!B$11:B$14,Tournament!T21,'Dummy Table'!G$11:G$14)) -> 0 - 0 | AC21: =SUMIF('Dummy Table'!B$11:B$14,Tournament!T21,'Dummy Table'!I$11:I$14) -> 0 | AJ21: =IF(SUM('Dummy Table'!AM$11:AM$14)>0,IF(ISNA(VLOOKUP(3,'Dummy Table'!AM$11:AN$14,2,FALSE)),"",VLOOKUP(3,'Dummy Table'!AM$11:AN$14,2,FALSE)),"") -> Chile
D22: 9 | E22: E | F22: =G22 -> 41805.708 | G22: ='Countries and Timezone'!R10 -> 41805.708 | H22: =INDEX(Language!$A$1:$AX$115,MATCH('Countries and Timezone'!$AG$23,Language!$B$1:$B$115,0),MATCH($G$2,Language!$A$1:$AW$1,0)) -> Switzerland | J22: =IF(OFFSET('Group Stages'!$J$13,2*$D22-1,0)<>"",OFFSET('Group Stages'!$J$13,2*$D22-1,0),"") | K22: - | L22: =IF(OFFSET('Group Stages'!$J$13,2*$D22,0)<>"",OFFSET('Group Stages'!$J$13,2*$D22,0),"") | N22: =INDEX(Language!$A$1:$AX$115,MATCH('Countries and Timezone'!$AG$24,Language!$B$1:$B$115,0),MATCH($G$2,Language!$A$1:$AW$1,0)) -> Ecuador | S22: 4 | T22: =VLOOKUP(4,'Dummy Table'!O11:P14,2,FALSE) -> Australia | V22: =SUM(W22:Y22) -> 0 | W22: =SUMIF('Dummy Table'!B$11:B$14,Tournament!T22,'Dummy Table'!C$11:C$14) -> 0 | X22: =SUMIF('Dummy Table'!B$11:B$14,Tournament!T22,'Dummy Table'!D$11:D$14) -> 0 | Y22: =SUMIF('Dummy Table'!B$11:B$14,Tournament!T22,'Dummy Table'!E$11:E$14) -> 0 | AA22: =CONCATENATE(SUMIF('Dummy Table'!B$11:B$14,Tournament!T22,'Dummy Table'!F$11:F$14)," - ",SUMIF('Dummy Table'!B$11:B$14,Tournament!T22,'Dummy Table'!G$11:G$14)) -> 0 - 0 | AC22: =SUMIF('Dummy Table'!B$11:B$14,Tournament!T22,'Dummy Table'!I$11:I$14) -> 0 | AJ22: =IF(SUM('Dummy Table'!AM$11:AM$14)>0,IF(ISNA(VLOOKUP(4,'Dummy Table'!AM$11:AN$14,2,FALSE)),"",VLOOKUP(4,'Dummy Table'!AM$11:AN$14,2,FALSE)),"") -> Australia
D23: 10 | E23: E | F23: =G23 -> 41805.833 | G23: ='Countries and Timezone'!R11 -> 41805.833 | H23: =INDEX(Language!$A$1:$AX$115,MATCH('Countries and Timezone'!$AG$25,Language!$B$1:$B$115,0),MATCH($G$2,Language!$A$1:$AW$1,0)) -> France | J23: =IF(OFFSET('Group Stages'!$J$13,2*$D23-1,0)<>"",OFFSET('Group Stages'!$J$13,2*$D23-1,0),"") | K23: - | L23: =IF(OFFSET('Group Stages'!$J$13,2*$D23,0)<>"",OFFSET('Group Stages'!$J$13,2*$D23,0),"") | N23: =INDEX(Language!$A$1:$AX$115,MATCH('Countries and Timezone'!$AG$26,Language!$B$1:$B$115,0),MATCH($G$2,Language!$A$1:$AW$1,0)) -> Honduras
D24: 11 | E24: F | F24: =G24 -> 41805.958 | G24: ='Countries and Timezone'!R12 -> 41805.958 | H24: =INDEX(Language!$A$1:$AX$115,MATCH('Countries and Timezone'!$AG$27,Language!$B$1:$B$115,0),MATCH($G$2,Language!$A$1:$AW$1,0)) -> Argentina | J24: =IF(OFFSET('Group Stages'!$J$13,2*$D24-1,0)<>"",OFFSET('Group Stages'!$J$13,2*$D24-1,0),"") | K24: - | L24: =IF(OFFSET('Group Stages'!$J$13,2*$D24,0)<>"",OFFSET('Group Stages'!$J$13,2*$D24,0),"") | N24: =INDEX(Language!$A$1:$AX$115,MATCH('Countries and Timezone'!$AG$28,Language!$B$1:$B$115,0),MATCH($G$2,Language!$A$1:$AW$1,0)) -> Bosnia-Herzegovina | S24: =INDEX(Language!$A$1:$AX$115,MATCH("Group C",Language!$B$1:$B$115,0),MATCH(Tournament!$G$2,Language!$A$1:$AW$1,0)) -> Group C | V24: P | W24: W | X24: D | Y24: L | AA24: F - A | AC24: Pt | AF24: C | AJ24: Country | AK24: Draw Result
D25: 12 | E25: F | F25: =G25 -> 41806.833 | G25: ='Countries and Timezone'!R13 -> 41806.833 | H25: =INDEX(Language!$A$1:$AX$115,MATCH('Countries and Timezone'!$AG$29,Language!$B$1:$B$115,0),MATCH($G$2,Language!$A$1:$AW$1,0)) -> Iran | J25: =IF(OFFSET('Group Stages'!$J$13,2*$D25-1,0)<>"",OFFSET('Group Stages'!$J$13,2*$D25-1,0),"") | K25: - | L25: =IF(OFFSET('Group Stages'!$J$13,2*$D25,0)<>"",OFFSET('Group Stages'!$J$13,2*$D25,0),"") | N25: =INDEX(Language!$A$1:$AX$115,MATCH('Countries and Timezone'!$AG$30,Language!$B$1:$B$115,0),MATCH($G$2,Language!$A$1:$AW$1,0)) -> Nigeria | S25: 1 | T25: =VLOOKUP(1,'Dummy Table'!O18:P21,2,FALSE) -> Colombia | V25: =SUM(W25:Y25) -> 0 | W25: =SUMIF('Dummy Table'!B$18:B$21,Tournament!T25,'Dummy Table'!C$18:C$21) -> 0 | X25: =SUMIF('Dummy Table'!B$18:B$21,Tournament!T25,'Dummy Table'!D$18:D$21) -> 0 | Y25: =SUMIF('Dummy Table'!B$18:B$21,Tournament!T25,'Dummy Table'!E$18:E$21) -> 0 | AA25: =CONCATENATE(SUMIF('Dummy Table'!B$18:B$21,Tournament!T25,'Dummy Table'!F$18:F$21)," - ",SUMIF('Dummy Table'!B$18:B$21,Tournament!T25,'Dummy Table'!G$18:G$21)) -> 0 - 0 | AC25: =SUMIF('Dummy Table'!B$18:B$21,Tournament!T25,'Dummy Table'!I$18:I$21) -> 0 | AJ25: =IF(SUM('Dummy Table'!AM$18:AM$21)>0,IF(ISNA(VLOOKUP(1,'Dummy Table'!AM$18:AN$21,2,FALSE)),"",VLOOKUP(1,'Dummy Table'!AM$18:AN$21,2,FALSE)),"") -> Colombia
D26: 13 | E26: G | F26: =G26 -> 41806.708 | G26: ='Countries and Timezone'!R14 -> 41806.708 | H26: =INDEX(Language!$A$1:$AX$115,MATCH('Countries and Timezone'!$AG$31,Language!$B$1:$B$115,0),MATCH($G$2,Language!$A$1:$AW$1,0)) -> Germany | J26: =IF(OFFSET('Group Stages'!$J$13,2*$D26-1,0)<>"",OFFSET('Group Stages'!$J$13,2*$D26-1,0),"") | K26: - | L26: =IF(OFFSET('Group Stages'!$J$13,2*$D26,0)<>"",OFFSET('Group Stages'!$J$13,2*$D26,0),"") | N26: =INDEX(Language!$A$1:$AX$115,MATCH('Countries and Timezone'!$AG$32,Language!$B$1:$B$115,0),MATCH($G$2,Language!$A$1:$AW$1,0)) -> Portugal | S26: 2 | T26: =VLOOKUP(2,'Dummy Table'!O18:P21,2,FALSE) -> Greece | V26: =SUM(W26:Y26) -> 0 | W26: =SUMIF('Dummy Table'!B$18:B$21,Tournament!T26,'Dummy Table'!C$18:C$21) -> 0 | X26: =SUMIF('Dummy Table'!B$18:B$21,Tournament!T26,'Dummy Table'!D$18:D$21) -> 0 | Y26: =SUMIF('Dummy Table'!B$18:B$21,Tournament!T26,'Dummy Table'!E$18:E$21) -> 0 | AA26: =CONCATENATE(SUMIF('Dummy Table'!B$18:B$21,Tournament!T26,'Dummy Table'!F$18:F$21)," - ",SUMIF('Dummy Table'!B$18:B$21,Tournament!T26,'Dummy Table'!G$18:G$21)) -> 0 - 0 | AC26: =SUMIF('Dummy Table'!B$18:B$21,Tournament!T26,'Dummy Table'!I$18:I$21) -> 0 | AJ26: =IF(SUM('Dummy Table'!AM$18:AM$21)>0,IF(ISNA(VLOOKUP(2,'Dummy Table'!AM$18:AN$21,2,FALSE)),"",VLOOKUP(2,'Dummy Table'!AM$18:AN$21,2,FALSE)),"") -> Greece
D27: 14 | E27: G | F27: =G27 -> 41806.958 | G27: ='Countries and Timezone'!R15 -> 41806.958 | H27: =INDEX(Language!$A$1:$AX$115,MATCH('Countries and Timezone'!$AG$33,Language!$B$1:$B$115,0),MATCH($G$2,Language!$A$1:$AW$1,0)) -> Ghana | J27: =IF(OFFSET('Group Stages'!$J$13,2*$D27-1,0)<>"",OFFSET('Group Stages'!$J$13,2*$D27-1,0),"") | K27: - | L27: =IF(OFFSET('Group Stages'!$J$13,2*$D27,0)<>"",OFFSET('Group Stages'!$J$13,2*$D27,0),"") | N27: =INDEX(Language!$A$1:$AX$115,MATCH('Countries and Timezone'!$AG$34,Language!$B$1:$B$115,0),MATCH($G$2,Language!$A$1:$AW$1,0)) -> USA | S27: 3 | T27: =VLOOKUP(3,'Dummy Table'!O18:P21,2,FALSE) -> Ivory Coast | V27: =SUM(W27:Y27) -> 0 | W27: =SUMIF('Dummy Table'!B$18:B$21,Tournament!T27,'Dummy Table'!C$18:C$21) -> 0 | X27: =SUMIF('Dummy Table'!B$18:B$21,Tournament!T27,'Dummy Table'!D$18:D$21) -> 0 | Y27: =SUMIF('Dummy Table'!B$18:B$21,Tournament!T27,'Dummy Table'!E$18:E$21) -> 0 | AA27: =CONCATENATE(SUMIF('Dummy Table'!B$18:B$21,Tournament!T27,'Dummy Table'!F$18:F$21)," - ",SUMIF('Dummy Table'!B$18:B$21,Tournament!T27,'Dummy Table'!G$18:G$21)) -> 0 - 0 | AC27: =SUMIF('Dummy Table'!B$18:B$21,Tournament!T27,'Dummy Table'!I$18:I$21) -> 0 | AJ27: =IF(SUM('Dummy Table'!AM$18:AM$21)>0,IF(ISNA(VLOOKUP(3,'Dummy Table'!AM$18:AN$21,2,FALSE)),"",VLOOKUP(3,'Dummy Table'!AM$18:AN$21,2,FALSE)),"") -> Ivory Coast
D28: 15 | E28: H | F28: =G28 -> 41807.708 | G28: ='Countries and Timezone'!R16 -> 41807.708 | H28: =INDEX(Language!$A$1:$AX$115,MATCH('Countries and Timezone'!$AG$35,Language!$B$1:$B$115,0),MATCH($G$2,Language!$A$1:$AW$1,0)) -> Belgium | J28: =IF(OFFSET('Group Stages'!$J$13,2*$D28-1,0)<>"",OFFSET('Group Stages'!$J$13,2*$D28-1,0),"") | K28: - | L28: =IF(OFFSET('Group Stages'!$J$13,2*$D28,0)<>"",OFFSET('Group Stages'!$J$13,2*$D28,0),"") | N28: =INDEX(Language!$A$1:$AX$115,MATCH('Countries and Timezone'!$AG$36,Language!$B$1:$B$115,0),MATCH($G$2,Language!$A$1:$AW$1,0)) -> Algeria | S28: 4 | T28: =VLOOKUP(4,'Dummy Table'!O18:P21,2,FALSE) -> Japan | V28: =SUM(W28:Y28) -> 0 | W28: =SUMIF('Dummy Table'!B$18:B$21,Tournament!T28,'Dummy Table'!C$18:C$21) -> 0 | X28: =SUMIF('Dummy Table'!B$18:B$21,Tournament!T28,'Dummy Table'!D$18:D$21) -> 0 | Y28: =SUMIF('Dummy Table'!B$18:B$21,Tournament!T28,'Dummy Table'!E$18:E$21) -> 0 | AA28: =CONCATENATE(SUMIF('Dummy Table'!B$18:B$21,Tournament!T28,'Dummy Table'!F$18:F$21)," - ",SUMIF('Dummy Table'!B$18:B$21,Tournament!T28,'Dummy Table'!G$18:G$21)) -> 0 - 0 | AC28: =SUMIF('Dummy Table'!B$18:B$21,Tournament!T28,'Dummy Table'!I$18:I$21) -> 0 | AJ28: =IF(SUM('Dummy Table'!AM$18:AM$21)>0,IF(ISNA(VLOOKUP(4,'Dummy Table'!AM$18:AN$21,2,FALSE)),"",VLOOKUP(4,'Dummy Table'!AM$18:AN$21,2,FALSE)),"") -> Japan
D29: 16 | E29: H | F29: =G29 -> 41807.958 | G29: ='Countries and Timezone'!R17 -> 41807.958 | H29: =INDEX(Language!$A$1:$AX$115,MATCH('Countries and Timezone'!$AG$37,Language!$B$1:$B$115,0),MATCH($G$2,Language!$A$1:$AW$1,0)) -> Russia | J29: =IF(OFFSET('Group Stages'!$J$13,2*$D29-1,0)<>"",OFFSET('Group Stages'!$J$13,2*$D29-1,0),"") | K29: - | L29: =IF(OFFSET('Group Stages'!$J$13,2*$D29,0)<>"",OFFSET('Group Stages'!$J$13,2*$D29,0),"") | N29: =INDEX(Language!$A$1:$AX$115,MATCH('Countries and Timezone'!$AG$38,Language!$B$1:$B$115,0),MATCH($G$2,Language!$A$1:$AW$1,0)) -> South Korea
D30: 17 | E30: A | F30: =G30 -> 41807.833 | G30: ='Countries and Timezone'!R18 -> 41807.833 | H30: =H14 -> Brazil | J30: =IF(OFFSET('Group Stages'!$J$13,2*$D30-1,0)<>"",OFFSET('Group Stages'!$J$13,2*$D30-1,0),"") | K30: - | L30: =IF(OFFSET('Group Stages'!$J$13,2*$D30,0)<>"",OFFSET('Group Stages'!$J$13,2*$D30,0),"") | N30: =H15 -> Mexico | S30: =INDEX(Language!$A$1:$AX$115,MATCH("Group D",Language!$B$1:$B$115,0),MATCH(Tournament!$G$2,Language!$A$1:$AW$1,0)) -> Group D | V30: P | W30: W | X30: D | Y30: L | AA30: F - A | AC30: Pt | AF30: D | AJ30: Country | AK30: Draw Result
D31: 18 | E31: A | F31: =G31 -> 41808.958 | G31: ='Countries and Timezone'!R19 -> 41808.958 | H31: =N15 -> Cameroon | J31: =IF(OFFSET('Group Stages'!$J$13,2*$D31-1,0)<>"",OFFSET('Group Stages'!$J$13,2*$D31-1,0),"") | K31: - | L31: =IF(OFFSET('Group Stages'!$J$13,2*$D31,0)<>"",OFFSET('Group Stages'!$J$13,2*$D31,0),"") | N31: =N14 -> Croatia | S31: 1 | T31: =VLOOKUP(1,'Dummy Table'!O25:P28,2,FALSE) -> Uruguay | V31: =SUM(W31:Y31) -> 0 | W31: =SUMIF('Dummy Table'!B$25:B$28,Tournament!T31,'Dummy Table'!C$25:C$28) -> 0 | X31: =SUMIF('Dummy Table'!B$25:B$28,Tournament!T31,'Dummy Table'!D$25:D$28) -> 0 | Y31: =SUMIF('Dummy Table'!B$25:B$28,Tournament!T31,'Dummy Table'!E$25:E$28) -> 0 | AA31: =CONCATENATE(SUMIF('Dummy Table'!B$25:B$28,Tournament!T31,'Dummy Table'!F$25:F$28)," - ",SUMIF('Dummy Table'!B$25:B$28,Tournament!T31,'Dummy Table'!G$25:G$28)) -> 0 - 0 | AC31: =SUMIF('Dummy Table'!B$25:B$28,Tournament!T31,'Dummy Table'!I$25:I$28) -> 0 | AJ31: =IF(SUM('Dummy Table'!AM$25:AM$28)>0,IF(ISNA(VLOOKUP(1,'Dummy Table'!AM$25:AN$28,2,FALSE)),"",VLOOKUP(1,'Dummy Table'!AM$25:AN$28,2,FALSE)),"") -> Uruguay
D32: 19 | E32: B | F32: =G32 -> 41808.833 | G32: ='Countries and Timezone'!R20 -> 41808.833 | H32: =H16 -> Spain | J32: =IF(OFFSET('Group Stages'!$J$13,2*$D32-1,0)<>"",OFFSET('Group Stages'!$J$13,2*$D32-1,0),"") | K32: - | L32: =IF(OFFSET('Group Stages'!$J$13,2*$D32,0)<>"",OFFSET('Group Stages'!$J$13,2*$D32,0),"") | N32: =H17 -> Chile | S32: 2 | T32: =VLOOKUP(2,'Dummy Table'!O25:P28,2,FALSE) -> Italy | V32: =SUM(W32:Y32) -> 0 | W32: =SUMIF('Dummy Table'!B$25:B$28,Tournament!T32,'Dummy Table'!C$25:C$28) -> 0 | X32: =SUMIF('Dummy Table'!B$25:B$28,Tournament!T32,'Dummy Table'!D$25:D$28) -> 0 | Y32: =SUMIF('Dummy Table'!B$25:B$28,Tournament!T32,'Dummy Table'!E$25:E$28) -> 0 | AA32: =CONCATENATE(SUMIF('Dummy Table'!B$25:B$28,Tournament!T32,'Dummy Table'!F$25:F$28)," - ",SUMIF('Dummy Table'!B$25:B$28,Tournament!T32,'Dummy Table'!G$25:G$28)) -> 0 - 0 | AC32: =SUMIF('Dummy Table'!B$25:B$28,Tournament!T32,'Dummy Table'!I$25:I$28) -> 0 | AJ32: =IF(SUM('Dummy Table'!AM$25:AM$28)>0,IF(ISNA(VLOOKUP(2,'Dummy Table'!AM$25:AN$28,2,FALSE)),"",VLOOKUP(2,'Dummy Table'!AM$25:AN$28,2,FALSE)),"") -> Italy
D33: 20 | E33: B | F33: =G33 -> 41808.708 | G33: ='Countries and Timezone'!R21 -> 41808.708 | H33: =N17 -> Australia | J33: =IF(OFFSET('Group Stages'!$J$13,2*$D33-1,0)<>"",OFFSET('Group Stages'!$J$13,2*$D33-1,0),"") | K33: - | L33: =IF(OFFSET('Group Stages'!$J$13,2*$D33,0)<>"",OFFSET('Group Stages'!$J$13,2*$D33,0),"") | N33: =N16 -> Netherlands | S33: 3 | T33: =VLOOKUP(3,'Dummy Table'!O25:P28,2,FALSE) -> England | V33: =SUM(W33:Y33) -> 0 | W33: =SUMIF('Dummy Table'!B$25:B$28,Tournament!T33,'Dummy Table'!C$25:C$28) -> 0 | X33: =SUMIF('Dummy Table'!B$25:B$28,Tournament!T33,'Dummy Table'!D$25:D$28) -> 0 | Y33: =SUMIF('Dummy Table'!B$25:B$28,Tournament!T33,'Dummy Table'!E$25:E$28) -> 0 | AA33: =CONCATENATE(SUMIF('Dummy Table'!B$25:B$28,Tournament!T33,'Dummy Table'!F$25:F$28)," - ",SUMIF('Dummy Table'!B$25:B$28,Tournament!T33,'Dummy Table'!G$25:G$28)) -> 0 - 0 | AC33: =SUMIF('Dummy Table'!B$25:B$28,Tournament!T33,'Dummy Table'!I$25:I$28) -> 0 | AJ33: =IF(SUM('Dummy Table'!AM$25:AM$28)>0,IF(ISNA(VLOOKUP(3,'Dummy Table'!AM$25:AN$28,2,FALSE)),"",VLOOKUP(3,'Dummy Table'!AM$25:AN$28,2,FALSE)),"") -> England
D34: 21 | E34: C | F34: =G34 -> 41809.708 | G34: ='Countries and Timezone'!R22 -> 41809.708 | H34: =H18 -> Colombia | J34: =IF(OFFSET('Group Stages'!$J$13,2*$D34-1,0)<>"",OFFSET('Group Stages'!$J$13,2*$D34-1,0),"") | K34: - | L34: =IF(OFFSET('Group Stages'!$J$13,2*$D34,0)<>"",OFFSET('Group Stages'!$J$13,2*$D34,0),"") | N34: =H19 -> Ivory Coast | S34: 4 | T34: =VLOOKUP(4,'Dummy Table'!O25:P28,2,FALSE) -> Costa Rica | V34: =SUM(W34:Y34) -> 0 | W34: =SUMIF('Dummy Table'!B$25:B$28,Tournament!T34,'Dummy Table'!C$25:C$28) -> 0 | X34: =SUMIF('Dummy Table'!B$25:B$28,Tournament!T34,'Dummy Table'!D$25:D$28) -> 0 | Y34: =SUMIF('Dummy Table'!B$25:B$28,Tournament!T34,'Dummy Table'!E$25:E$28) -> 0 | AA34: =CONCATENATE(SUMIF('Dummy Table'!B$25:B$28,Tournament!T34,'Dummy Table'!F$25:F$28)," - ",SUMIF('Dummy Table'!B$25:B$28,Tournament!T34,'Dummy Table'!G$25:G$28)) -> 0 - 0 | AC34: =SUMIF('Dummy Table'!B$25:B$28,Tournament!T34,'Dummy Table'!I$25:I$28) -> 0 | AJ34: =IF(SUM('Dummy Table'!AM$25:AM$28)>0,IF(ISNA(VLOOKUP(4,'Dummy Table'!AM$25:AN$28,2,FALSE)),"",VLOOKUP(4,'Dummy Table'!AM$25:AN$28,2,FALSE)),"") -> Costa Rica
D35: 22 | E35: C | F35: =G35 -> 41809.958 | G35: ='Countries and Timezone'!R23 -> 41809.958 | H35: =N19 -> Japan | J35: =IF(OFFSET('Group Stages'!$J$13,2*$D35-1,0)<>"",OFFSET('Group Stages'!$J$13,2*$D35-1,0),"") | K35: - | L35: =IF(OFFSET('Group Stages'!$J$13,2*$D35,0)<>"",OFFSET('Group Stages'!$J$13,2*$D35,0),"") | N35: =N18 -> Greece
D36: 23 | E36: D | F36: =G36 -> 41809.833 | G36: ='Countries and Timezone'!R24 -> 41809.833 | H36: =H20 -> Uruguay | J36: =IF(OFFSET('Group Stages'!$J$13,2*$D36-1,0)<>"",OFFSET('Group Stages'!$J$13,2*$D36-1,0),"") | K36: - | L36: =IF(OFFSET('Group Stages'!$J$13,2*$D36,0)<>"",OFFSET('Group Stages'!$J$13,2*$D36,0),"") | N36: =H21 -> England | S36: =INDEX(Language!$A$1:$AX$115,MATCH("Group E",Language!$B$1:$B$115,0),MATCH(Tournament!$G$2,Language!$A$1:$AW$1,0)) -> Group E | V36: P | W36: W | X36: D | Y36: L | AA36: F - A | AC36: Pt | AF36: E | AJ36: Country | AK36: Draw Result
D37: 24 | E37: D | F37: =G37 -> 41810.708 | G37: ='Countries and Timezone'!R25 -> 41810.708 | H37: =N21 -> Italy | J37: =IF(OFFSET('Group Stages'!$J$13,2*$D37-1,0)<>"",OFFSET('Group Stages'!$J$13,2*$D37-1,0),"") | K37: - | L37: =IF(OFFSET('Group Stages'!$J$13,2*$D37,0)<>"",OFFSET('Group Stages'!$J$13,2*$D37,0),"") | N37: =N20 -> Costa Rica | S37: 1 | T37: =VLOOKUP(1,'Dummy Table'!O32:P35,2,FALSE) -> Switzerland | V37: =SUM(W37:Y37) -> 0 | W37: =SUMIF('Dummy Table'!B$32:B$35,Tournament!T37,'Dummy Table'!C$32:C$35) -> 0 | X37: =SUMIF('Dummy Table'!B$32:B$35,Tournament!T37,'Dummy Table'!D$32:D$35) -> 0 | Y37: =SUMIF('Dummy Table'!B$32:B$35,Tournament!T37,'Dummy Table'!E$32:E$35) -> 0 | AA37: =CONCATENATE(SUMIF('Dummy Table'!B$32:B$35,Tournament!T37,'Dummy Table'!F$32:F$35)," - ",SUMIF('Dummy Table'!B$32:B$35,Tournament!T37,'Dummy Table'!G$32:G$35)) -> 0 - 0 | AC37: =SUMIF('Dummy Table'!B$32:B$35,Tournament!T37,'Dummy Table'!I$32:I$35) -> 0 | AJ37: =IF(SUM('Dummy Table'!AM$32:AM$35)>0,IF(ISNA(VLOOKUP(1,'Dummy Table'!AM$32:AN$35,2,FALSE)),"",VLOOKUP(1,'Dummy Table'!AM$32:AN$35,2,FALSE)),"") -> Switzerland
D38: 25 | E38: E | F38: =G38 -> 41810.833 | G38: ='Countries and Timezone'!R26 -> 41810.833 | H38: =H22 -> Switzerland | J38: =IF(OFFSET('Group Stages'!$J$13,2*$D38-1,0)<>"",OFFSET('Group Stages'!$J$13,2*$D38-1,0),"") | K38: - | L38: =IF(OFFSET('Group Stages'!$J$13,2*$D38,0)<>"",OFFSET('Group Stages'!$J$13,2*$D38,0),"") | N38: =H23 -> France | S38: 2 | T38: =VLOOKUP(2,'Dummy Table'!O32:P35,2,FALSE) -> France | V38: =SUM(W38:Y38) -> 0 | W38: =SUMIF('Dummy Table'!B$32:B$35,Tournament!T38,'Dummy Table'!C$32:C$35) -> 0 | X38: =SUMIF('Dummy Table'!B$32:B$35,Tournament!T38,'Dummy Table'!D$32:D$35) -> 0 | Y38: =SUMIF('Dummy Table'!B$32:B$35,Tournament!T38,'Dummy Table'!E$32:E$35) -> 0 | AA38: =CONCATENATE(SUMIF('Dummy Table'!B$32:B$35,Tournament!T38,'Dummy Table'!F$32:F$35)," - ",SUMIF('Dummy Table'!B$32:B$35,Tournament!T38,'Dummy Table'!G$32:G$35)) -> 0 - 0 | AC38: =SUMIF('Dummy Table'!B$32:B$35,Tournament!T38,'Dummy Table'!I$32:I$35) -> 0 | AJ38: =IF(SUM('Dummy Table'!AM$32:AM$35)>0,IF(ISNA(VLOOKUP(2,'Dummy Table'!AM$32:AN$35,2,FALSE)),"",VLOOKUP(2,'Dummy Table'!AM$32:AN$35,2,FALSE)),"") -> France
D39: 26 | E39: E | F39: =G39 -> 41810.958 | G39: ='Countries and Timezone'!R27 -> 41810.958 | H39: =N23 -> Honduras | J39: =IF(OFFSET('Group Stages'!$J$13,2*$D39-1,0)<>"",OFFSET('Group Stages'!$J$13,2*$D39-1,0),"") | K39: - | L39: =IF(OFFSET('Group Stages'!$J$13,2*$D39,0)<>"",OFFSET('Group Stages'!$J$13,2*$D39,0),"") | N39: =N22 -> Ecuador | S39: 3 | T39: =VLOOKUP(3,'Dummy Table'!O32:P35,2,FALSE) -> Ecuador | V39: =SUM(W39:Y39) -> 0 | W39: =SUMIF('Dummy Table'!B$32:B$35,Tournament!T39,'Dummy Table'!C$32:C$35) -> 0 | X39: =SUMIF('Dummy Table'!B$32:B$35,Tournament!T39,'Dummy Table'!D$32:D$35) -> 0 | Y39: =SUMIF('Dummy Table'!B$32:B$35,Tournament!T39,'Dummy Table'!E$32:E$35) -> 0 | AA39: =CONCATENATE(SUMIF('Dummy Table'!B$32:B$35,Tournament!T39,'Dummy Table'!F$32:F$35)," - ",SUMIF('Dummy Table'!B$32:B$35,Tournament!T39,'Dummy Table'!G$32:G$35)) -> 0 - 0 | AC39: =SUMIF('Dummy Table'!B$32:B$35,Tournament!T39,'Dummy Table'!I$32:I$35) -> 0 | AJ39: =IF(SUM('Dummy Table'!AM$32:AM$35)>0,IF(ISNA(VLOOKUP(3,'Dummy Table'!AM$32:AN$35,2,FALSE)),"",VLOOKUP(3,'Dummy Table'!AM$32:AN$35,2,FALSE)),"") -> Ecuador
D40: 27 | E40: F | F40: =G40 -> 41811.708 | G40: ='Countries and Timezone'!R28 -> 41811.708 | H40: =H24 -> Argentina | J40: =IF(OFFSET('Group Stages'!$J$13,2*$D40-1,0)<>"",OFFSET('Group Stages'!$J$13,2*$D40-1,0),"") | K40: - | L40: =IF(OFFSET('Group Stages'!$J$13,2*$D40,0)<>"",OFFSET('Group Stages'!$J$13,2*$D40,0),"") | N40: =H25 -> Iran | S40: 4 | T40: =VLOOKUP(4,'Dummy Table'!O32:P35,2,FALSE) -> Honduras | V40: =SUM(W40:Y40) -> 0 | W40: =SUMIF('Dummy Table'!B$32:B$35,Tournament!T40,'Dummy Table'!C$32:C$35) -> 0 | X40: =SUMIF('Dummy Table'!B$32:B$35,Tournament!T40,'Dummy Table'!D$32:D$35) -> 0 | Y40: =SUMIF('Dummy Table'!B$32:B$35,Tournament!T40,'Dummy Table'!E$32:E$35) -> 0 | AA40: =CONCATENATE(SUMIF('Dummy Table'!B$32:B$35,Tournament!T40,'Dummy Table'!F$32:F$35)," - ",SUMIF('Dummy Table'!B$32:B$35,Tournament!T40,'Dummy Table'!G$32:G$35)) -> 0 - 0 | AC40: =SUMIF('Dummy Table'!B$32:B$35,Tournament!T40,'Dummy Table'!I$32:I$35) -> 0 | AJ40: =IF(SUM('Dummy Table'!AM$32:AM$35)>0,IF(ISNA(VLOOKUP(4,'Dummy Table'!AM$32:AN$35,2,FALSE)),"",VLOOKUP(4,'Dummy Table'!AM$32:AN$35,2,FALSE)),"") -> Honduras
D41: 28 | E41: F | F41: =G41 -> 41811.958 | G41: ='Countries and Timezone'!R29 -> 41811.958 | H41: =N25 -> Nigeria | J41: =IF(OFFSET('Group Stages'!$J$13,2*$D41-1,0)<>"",OFFSET('Group Stages'!$J$13,2*$D41-1,0),"") | K41: - | L41: =IF(OFFSET('Group Stages'!$J$13,2*$D41,0)<>"",OFFSET('Group Stages'!$J$13,2*$D41,0),"") | N41: =N24 -> Bosnia-Herzegovina
D42: 29 | E42: G | F42: =G42 -> 41811.833 | G42: ='Countries and Timezone'!R30 -> 41811.833 | H42: =H26 -> Germany | J42: =IF(OFFSET('Group Stages'!$J$13,2*$D42-1,0)<>"",OFFSET('Group Stages'!$J$13,2*$D42-1,0),"") | K42: - | L42: =IF(OFFSET('Group Stages'!$J$13,2*$D42,0)<>"",OFFSET('Group Stages'!$J$13,2*$D42,0),"") | N42: =H27 -> Ghana | S42: =INDEX(Language!$A$1:$AX$115,MATCH("Group F",Language!$B$1:$B$115,0),MATCH(Tournament!$G$2,Language!$A$1:$AW$1,0)) -> Group F | V42: P | W42: W | X42: D | Y42: L | AA42: F - A | AC42: Pt | AF42: F | AJ42: Country | AK42: Draw Result
D43: 30 | E43: G | F43: =G43 -> 41812.958 | G43: ='Countries and Timezone'!R31 -> 41812.958 | H43: =N27 -> USA | J43: =IF(OFFSET('Group Stages'!$J$13,2*$D43-1,0)<>"",OFFSET('Group Stages'!$J$13,2*$D43-1,0),"") | K43: - | L43: =IF(OFFSET('Group Stages'!$J$13,2*$D43,0)<>"",OFFSET('Group Stages'!$J$13,2*$D43,0),"") | N43: =N26 -> Portugal | S43: 1 | T43: =VLOOKUP(1,'Dummy Table'!O39:P42,2,FALSE) -> Argentina | V43: =SUM(W43:Y43) -> 0 | W43: =SUMIF('Dummy Table'!B$39:B$42,Tournament!T43,'Dummy Table'!C$39:C$42) -> 0 | X43: =SUMIF('Dummy Table'!B$39:B$42,Tournament!T43,'Dummy Table'!D$39:D$42) -> 0 | Y43: =SUMIF('Dummy Table'!B$39:B$42,Tournament!T43,'Dummy Table'!E$39:E$42) -> 0 | AA43: =CONCATENATE(SUMIF('Dummy Table'!B$39:B$42,Tournament!T43,'Dummy Table'!F$39:F$42)," - ",SUMIF('Dummy Table'!B$39:B$42,Tournament!T43,'Dummy Table'!G$39:G$42)) -> 0 - 0 | AC43: =SUMIF('Dummy Table'!B$39:B$42,Tournament!T43,'Dummy Table'!I$39:I$42) -> 0 | AJ43: =IF(SUM('Dummy Table'!AM$39:AM$42)>0,IF(ISNA(VLOOKUP(1,'Dummy Table'!AM$39:AN$42,2,FALSE)),"",VLOOKUP(1,'Dummy Table'!AM$39:AN$42,2,FALSE)),"") -> Argentina
D44: 31 | E44: H | F44: =G44 -> 41812.708 | G44: ='Countries and Timezone'!R32 -> 41812.708 | H44: =H28 -> Belgium | J44: =IF(OFFSET('Group Stages'!$J$13,2*$D44-1,0)<>"",OFFSET('Group Stages'!$J$13,2*$D44-1,0),"") | K44: - | L44: =IF(OFFSET('Group Stages'!$J$13,2*$D44,0)<>"",OFFSET('Group Stages'!$J$13,2*$D44,0),"") | N44: =H29 -> Russia | S44: 2 | T44: =VLOOKUP(2,'Dummy Table'!O39:P42,2,FALSE) -> Bosnia-Herzegovina | V44: =SUM(W44:Y44) -> 0 | W44: =SUMIF('Dummy Table'!B$39:B$42,Tournament!T44,'Dummy Table'!C$39:C$42) -> 0 | X44: =SUMIF('Dummy Table'!B$39:B$42,Tournament!T44,'Dummy Table'!D$39:D$42) -> 0 | Y44: =SUMIF('Dummy Table'!B$39:B$42,Tournament!T44,'Dummy Table'!E$39:E$42) -> 0 | AA44: =CONCATENATE(SUMIF('Dummy Table'!B$39:B$42,Tournament!T44,'Dummy Table'!F$39:F$42)," - ",SUMIF('Dummy Table'!B$39:B$42,Tournament!T44,'Dummy Table'!G$39:G$42)) -> 0 - 0 | AC44: =SUMIF('Dummy Table'!B$39:B$42,Tournament!T44,'Dummy Table'!I$39:I$42) -> 0 | AJ44: =IF(SUM('Dummy Table'!AM$39:AM$42)>0,IF(ISNA(VLOOKUP(2,'Dummy Table'!AM$39:AN$42,2,FALSE)),"",VLOOKUP(2,'Dummy Table'!AM$39:AN$42,2,FALSE)),"") -> Bosnia-Herzegovina
D45: 32 | E45: H | F45: =G45 -> 41812.833 | G45: ='Countries and Timezone'!R33 -> 41812.833 | H45: =N29 -> South Korea | J45: =IF(OFFSET('Group Stages'!$J$13,2*$D45-1,0)<>"",OFFSET('Group Stages'!$J$13,2*$D45-1,0),"") | K45: - | L45: =IF(OFFSET('Group Stages'!$J$13,2*$D45,0)<>"",OFFSET('Group Stages'!$J$13,2*$D45,0),"") | N45: =N28 -> Algeria | S45: 3 | T45: =VLOOKUP(3,'Dummy Table'!O39:P42,2,FALSE) -> Nigeria | V45: =SUM(W45:Y45) -> 0 | W45: =SUMIF('Dummy Table'!B$39:B$42,Tournament!T45,'Dummy Table'!C$39:C$42) -> 0 | X45: =SUMIF('Dummy Table'!B$39:B$42,Tournament!T45,'Dummy Table'!D$39:D$42) -> 0 | Y45: =SUMIF('Dummy Table'!B$39:B$42,Tournament!T45,'Dummy Table'!E$39:E$42) -> 0 | AA45: =CONCATENATE(SUMIF('Dummy Table'!B$39:B$42,Tournament!T45,'Dummy Table'!F$39:F$42)," - ",SUMIF('Dummy Table'!B$39:B$42,Tournament!T45,'Dummy Table'!G$39:G$42)) -> 0 - 0 | AC45: =SUMIF('Dummy Table'!B$39:B$42,Tournament!T45,'Dummy Table'!I$39:I$42) -> 0 | AJ45: =IF(SUM('Dummy Table'!AM$39:AM$42)>0,IF(ISNA(VLOOKUP(3,'Dummy Table'!AM$39:AN$42,2,FALSE)),"",VLOOKUP(3,'Dummy Table'!AM$39:AN$42,2,FALSE)),"") -> Nigeria
D46: 33 | E46: A | F46: =G46 -> 41813.875 | G46: ='Countries and Timezone'!R34 -> 41813.875 | H46: =N15 -> Cameroon | J46: =IF(OFFSET('Group Stages'!$J$13,2*$D46-1,0)<>"",OFFSET('Group Stages'!$J$13,2*$D46-1,0),"") | K46: - | L46: =IF(OFFSET('Group Stages'!$J$13,2*$D46,0)<>"",OFFSET('Group Stages'!$J$13,2*$D46,0),"") | N46: =H14 -> Brazil | S46: 4 | T46: =VLOOKUP(4,'Dummy Table'!O39:P42,2,FALSE) -> Iran | V46: =SUM(W46:Y46) -> 0 | W46: =SUMIF('Dummy Table'!B$39:B$42,Tournament!T46,'Dummy Table'!C$39:C$42) -> 0 | X46: =SUMIF('Dummy Table'!B$39:B$42,Tournament!T46,'Dummy Table'!D$39:D$42) -> 0 | Y46: =SUMIF('Dummy Table'!B$39:B$42,Tournament!T46,'Dummy Table'!E$39:E$42) -> 0 | AA46: =CONCATENATE(SUMIF('Dummy Table'!B$39:B$42,Tournament!T46,'Dummy Table'!F$39:F$42)," - ",SUMIF('Dummy Table'!B$39:B$42,Tournament!T46,'Dummy Table'!G$39:G$42)) -> 0 - 0 | AC46: =SUMIF('Dummy Table'!B$39:B$42,Tournament!T46,'Dummy Table'!I$39:I$42) -> 0 | AJ46: =IF(SUM('Dummy Table'!AM$39:AM$42)>0,IF(ISNA(VLOOKUP(4,'Dummy Table'!AM$39:AN$42,2,FALSE)),"",VLOOKUP(4,'Dummy Table'!AM$39:AN$42,2,FALSE)),"") -> Iran
D47: 34 | E47: A | F47: =G47 -> 41813.875 | G47: ='Countries and Timezone'!R35 -> 41813.875 | H47: =N14 -> Croatia | J47: =IF(OFFSET('Group Stages'!$J$13,2*$D47-1,0)<>"",OFFSET('Group Stages'!$J$13,2*$D47-1,0),"") | K47: - | L47: =IF(OFFSET('Group Stages'!$J$13,2*$D47,0)<>"",OFFSET('Group Stages'!$J$13,2*$D47,0),"") | N47: =H15 -> Mexico
D48: 35 | E48: B | F48: =G48 -> 41813.708 | G48: ='Countries and Timezone'!R36 -> 41813.708 | H48: =N17 -> Australia | J48: =IF(OFFSET('Group Stages'!$J$13,2*$D48-1,0)<>"",OFFSET('Group Stages'!$J$13,2*$D48-1,0),"") | K48: - | L48: =IF(OFFSET('Group Stages'!$J$13,2*$D48,0)<>"",OFFSET('Group Stages'!$J$13,2*$D48,0),"") | N48: =H16 -> Spain | S48: =INDEX(Language!$A$1:$AX$115,MATCH("Group G",Language!$B$1:$B$115,0),MATCH(Tournament!$G$2,Language!$A$1:$AW$1,0)) -> Group G | V48: P | W48: W | X48: D | Y48: L | AA48: F - A | AC48: Pt | AF48: G | AJ48: Country | AK48: Draw Result
D49: 36 | E49: B | F49: =G49 -> 41813.708 | G49: ='Countries and Timezone'!R37 -> 41813.708 | H49: =N16 -> Netherlands | J49: =IF(OFFSET('Group Stages'!$J$13,2*$D49-1,0)<>"",OFFSET('Group Stages'!$J$13,2*$D49-1,0),"") | K49: - | L49: =IF(OFFSET('Group Stages'!$J$13,2*$D49,0)<>"",OFFSET('Group Stages'!$J$13,2*$D49,0),"") | N49: =H17 -> Chile | S49: 1 | T49: =VLOOKUP(1,'Dummy Table'!O46:P49,2,FALSE) -> Germany | V49: =SUM(W49:Y49) -> 0 | W49: =SUMIF('Dummy Table'!B$46:B$49,Tournament!T49,'Dummy Table'!C$46:C$49) -> 0 | X49: =SUMIF('Dummy Table'!B$46:B$49,Tournament!T49,'Dummy Table'!D$46:D$49) -> 0 | Y49: =SUMIF('Dummy Table'!B$46:B$49,Tournament!T49,'Dummy Table'!E$46:E$49) -> 0 | AA49: =CONCATENATE(SUMIF('Dummy Table'!B$46:B$49,Tournament!T49,'Dummy Table'!F$46:F$49)," - ",SUMIF('Dummy Table'!B$46:B$49,Tournament!T49,'Dummy Table'!G$46:G$49)) -> 0 - 0 | AC49: =SUMIF('Dummy Table'!B$46:B$49,Tournament!T49,'Dummy Table'!I$46:I$49) -> 0 | AJ49: =IF(SUM('Dummy Table'!AM$46:AM$49)>0,IF(ISNA(VLOOKUP(1,'Dummy Table'!AM$46:AN$49,2,FALSE)),"",VLOOKUP(1,'Dummy Table'!AM$46:AN$49,2,FALSE)),"") -> Germany
D50: 37 | E50: C | F50: =G50 -> 41814.875 | G50: ='Countries and Timezone'!R38 -> 41814.875 | H50: =N19 -> Japan | J50: =IF(OFFSET('Group Stages'!$J$13,2*$D50-1,0)<>"",OFFSET('Group Stages'!$J$13,2*$D50-1,0),"") | K50: - | L50: =IF(OFFSET('Group Stages'!$J$13,2*$D50,0)<>"",OFFSET('Group Stages'!$J$13,2*$D50,0),"") | N50: =H18 -> Colombia | S50: 2 | T50: =VLOOKUP(2,'Dummy Table'!O46:P49,2,FALSE) -> USA | V50: =SUM(W50:Y50) -> 0 | W50: =SUMIF('Dummy Table'!B$46:B$49,Tournament!T50,'Dummy Table'!C$46:C$49) -> 0 | X50: =SUMIF('Dummy Table'!B$46:B$49,Tournament!T50,'Dummy Table'!D$46:D$49) -> 0 | Y50: =SUMIF('Dummy Table'!B$46:B$49,Tournament!T50,'Dummy Table'!E$46:E$49) -> 0 | AA50: =CONCATENATE(SUMIF('Dummy Table'!B$46:B$49,Tournament!T50,'Dummy Table'!F$46:F$49)," - ",SUMIF('Dummy Table'!B$46:B$49,Tournament!T50,'Dummy Table'!G$46:G$49)) -> 0 - 0 | AC50: =SUMIF('Dummy Table'!B$46:B$49,Tournament!T50,'Dummy Table'!I$46:I$49) -> 0 | AJ50: =IF(SUM('Dummy Table'!AM$46:AM$49)>0,IF(ISNA(VLOOKUP(2,'Dummy Table'!AM$46:AN$49,2,FALSE)),"",VLOOKUP(2,'Dummy Table'!AM$46:AN$49,2,FALSE)),"") -> USA
D51: 38 | E51: C | F51: =G51 -> 41814.875 | G51: ='Countries and Timezone'!R39 -> 41814.875 | H51: =N18 -> Greece | J51: =IF(OFFSET('Group Stages'!$J$13,2*$D51-1,0)<>"",OFFSET('Group Stages'!$J$13,2*$D51-1,0),"") | K51: - | L51: =IF(OFFSET('Group Stages'!$J$13,2*$D51,0)<>"",OFFSET('Group Stages'!$J$13,2*$D51,0),"") | N51: =H19 -> Ivory Coast | S51: 3 | T51: =VLOOKUP(3,'Dummy Table'!O46:P49,2,FALSE) -> Portugal | V51: =SUM(W51:Y51) -> 0 | W51: =SUMIF('Dummy Table'!B$46:B$49,Tournament!T51,'Dummy Table'!C$46:C$49) -> 0 | X51: =SUMIF('Dummy Table'!B$46:B$49,Tournament!T51,'Dummy Table'!D$46:D$49) -> 0 | Y51: =SUMIF('Dummy Table'!B$46:B$49,Tournament!T51,'Dummy Table'!E$46:E$49) -> 0 | AA51: =CONCATENATE(SUMIF('Dummy Table'!B$46:B$49,Tournament!T51,'Dummy Table'!F$46:F$49)," - ",SUMIF('Dummy Table'!B$46:B$49,Tournament!T51,'Dummy Table'!G$46:G$49)) -> 0 - 0 | AC51: =SUMIF('Dummy Table'!B$46:B$49,Tournament!T51,'Dummy Table'!I$46:I$49) -> 0 | AJ51: =IF(SUM('Dummy Table'!AM$46:AM$49)>0,IF(ISNA(VLOOKUP(3,'Dummy Table'!AM$46:AN$49,2,FALSE)),"",VLOOKUP(3,'Dummy Table'!AM$46:AN$49,2,FALSE)),"") -> Portugal
D52: 39 | E52: D | F52: =G52 -> 41814.708 | G52: ='Countries and Timezone'!R40 -> 41814.708 | H52: =N21 -> Italy | J52: =IF(OFFSET('Group Stages'!$J$13,2*$D52-1,0)<>"",OFFSET('Group Stages'!$J$13,2*$D52-1,0),"") | K52: - | L52: =IF(OFFSET('Group Stages'!$J$13,2*$D52,0)<>"",OFFSET('Group Stages'!$J$13,2*$D52,0),"") | N52: =H20 -> Uruguay | S52: 4 | T52: =VLOOKUP(4,'Dummy Table'!O46:P49,2,FALSE) -> Ghana | V52: =SUM(W52:Y52) -> 0 | W52: =SUMIF('Dummy Table'!B$46:B$49,Tournament!T52,'Dummy Table'!C$46:C$49) -> 0 | X52: =SUMIF('Dummy Table'!B$46:B$49,Tournament!T52,'Dummy Table'!D$46:D$49) -> 0 | Y52: =SUMIF('Dummy Table'!B$46:B$49,Tournament!T52,'Dummy Table'!E$46:E$49) -> 0 | AA52: =CONCATENATE(SUMIF('Dummy Table'!B$46:B$49,Tournament!T52,'Dummy Table'!F$46:F$49)," - ",SUMIF('Dummy Table'!B$46:B$49,Tournament!T52,'Dummy Table'!G$46:G$49)) -> 0 - 0 | AC52: =SUMIF('Dummy Table'!B$46:B$49,Tournament!T52,'Dummy Table'!I$46:I$49) -> 0 | AJ52: =IF(SUM('Dummy Table'!AM$46:AM$49)>0,IF(ISNA(VLOOKUP(4,'Dummy Table'!AM$46:AN$49,2,FALSE)),"",VLOOKUP(4,'Dummy Table'!AM$46:AN$49,2,FALSE)),"") -> Ghana
D53: 40 | E53: D | F53: =G53 -> 41814.708 | G53: ='Countries and Timezone'!R41 -> 41814.708 | H53: =N20 -> Costa Rica | J53: =IF(OFFSET('Group Stages'!$J$13,2*$D53-1,0)<>"",OFFSET('Group Stages'!$J$13,2*$D53-1,0),"") | K53: - | L53: =IF(OFFSET('Group Stages'!$J$13,2*$D53,0)<>"",OFFSET('Group Stages'!$J$13,2*$D53,0),"") | N53: =H21 -> England
D54: 41 | E54: E | F54: =G54 -> 41815.875 | G54: ='Countries and Timezone'!R42 -> 41815.875 | H54: =N23 -> Honduras | J54: =IF(OFFSET('Group Stages'!$J$13,2*$D54-1,0)<>"",OFFSET('Group Stages'!$J$13,2*$D54-1,0),"") | K54: - | L54: =IF(OFFSET('Group Stages'!$J$13,2*$D54,0)<>"",OFFSET('Group Stages'!$J$13,2*$D54,0),"") | N54: =H22 -> Switzerland | S54: =INDEX(Language!$A$1:$AX$115,MATCH("Group H",Language!$B$1:$B$115,0),MATCH(Tournament!$G$2,Language!$A$1:$AW$1,0)) -> Group H | V54: P | W54: W | X54: D | Y54: L | AA54: F - A | AC54: Pt | AF54: H | AJ54: Country | AK54: Draw Result
D55: 42 | E55: E | F55: =G55 -> 41815.875 | G55: ='Countries and Timezone'!R43 -> 41815.875 | H55: =N22 -> Ecuador | J55: =IF(OFFSET('Group Stages'!$J$13,2*$D55-1,0)<>"",OFFSET('Group Stages'!$J$13,2*$D55-1,0),"") | K55: - | L55: =IF(OFFSET('Group Stages'!$J$13,2*$D55,0)<>"",OFFSET('Group Stages'!$J$13,2*$D55,0),"") | N55: =H23 -> France | S55: 1 | T55: =VLOOKUP(1,'Dummy Table'!O53:P56,2,FALSE) -> Belgium | V55: =SUM(W55:Y55) -> 0 | W55: =SUMIF('Dummy Table'!B$53:B$56,Tournament!T55,'Dummy Table'!C$53:C$56) -> 0 | X55: =SUMIF('Dummy Table'!B$53:B$56,Tournament!T55,'Dummy Table'!D$53:D$56) -> 0 | Y55: =SUMIF('Dummy Table'!B$53:B$56,Tournament!T55,'Dummy Table'!E$53:E$56) -> 0 | AA55: =CONCATENATE(SUMIF('Dummy Table'!B$53:B$56,Tournament!T55,'Dummy Table'!F$53:F$56)," - ",SUMIF('Dummy Table'!B$53:B$56,Tournament!T55,'Dummy Table'!G$53:G$56)) -> 0 - 0 | AC55: =SUMIF('Dummy Table'!B$53:B$56,Tournament!T55,'Dummy Table'!I$53:I$56) -> 0 | AJ55: =IF(SUM('Dummy Table'!AM$53:AM$56)>0,IF(ISNA(VLOOKUP(1,'Dummy Table'!AM$53:AN$56,2,FALSE)),"",VLOOKUP(1,'Dummy Table'!AM$53:AN$56,2,FALSE)),"") -> Belgium
D56: 43 | E56: F | F56: =G56 -> 41815.708 | G56: ='Countries and Timezone'!R44 -> 41815.708 | H56: =N25 -> Nigeria | J56: =IF(OFFSET('Group Stages'!$J$13,2*$D56-1,0)<>"",OFFSET('Group Stages'!$J$13,2*$D56-1,0),"") | K56: - | L56: =IF(OFFSET('Group Stages'!$J$13,2*$D56,0)<>"",OFFSET('Group Stages'!$J$13,2*$D56,0),"") | N56: =H24 -> Argentina | S56: 2 | T56: =VLOOKUP(2,'Dummy Table'!O53:P56,2,FALSE) -> Russia | V56: =SUM(W56:Y56) -> 0 | W56: =SUMIF('Dummy Table'!B$53:B$56,Tournament!T56,'Dummy Table'!C$53:C$56) -> 0 | X56: =SUMIF('Dummy Table'!B$53:B$56,Tournament!T56,'Dummy Table'!D$53:D$56) -> 0 | Y56: =SUMIF('Dummy Table'!B$53:B$56,Tournament!T56,'Dummy Table'!E$53:E$56) -> 0 | AA56: =CONCATENATE(SUMIF('Dummy Table'!B$53:B$56,Tournament!T56,'Dummy Table'!F$53:F$56)," - ",SUMIF('Dummy Table'!B$53:B$56,Tournament!T56,'Dummy Table'!G$53:G$56)) -> 0 - 0 | AC56: =SUMIF('Dummy Table'!B$53:B$56,Tournament!T56,'Dummy Table'!I$53:I$56) -> 0 | AJ56: =IF(SUM('Dummy Table'!AM$53:AM$56)>0,IF(ISNA(VLOOKUP(2,'Dummy Table'!AM$53:AN$56,2,FALSE)),"",VLOOKUP(2,'Dummy Table'!AM$53:AN$56,2,FALSE)),"") -> Russia
D57: 44 | E57: F | F57: =G57 -> 41815.708 | G57: ='Countries and Timezone'!R45 -> 41815.708 | H57: =N24 -> Bosnia-Herzegovina | J57: =IF(OFFSET('Group Stages'!$J$13,2*$D57-1,0)<>"",OFFSET('Group Stages'!$J$13,2*$D57-1,0),"") | K57: - | L57: =IF(OFFSET('Group Stages'!$J$13,2*$D57,0)<>"",OFFSET('Group Stages'!$J$13,2*$D57,0),"") | N57: =H25 -> Iran | S57: 3 | T57: =VLOOKUP(3,'Dummy Table'!O53:P56,2,FALSE) -> Algeria | V57: =SUM(W57:Y57) -> 0 | W57: =SUMIF('Dummy Table'!B$53:B$56,Tournament!T57,'Dummy Table'!C$53:C$56) -> 0 | X57: =SUMIF('Dummy Table'!B$53:B$56,Tournament!T57,'Dummy Table'!D$53:D$56) -> 0 | Y57: =SUMIF('Dummy Table'!B$53:B$56,Tournament!T57,'Dummy Table'!E$53:E$56) -> 0 | AA57: =CONCATENATE(SUMIF('Dummy Table'!B$53:B$56,Tournament!T57,'Dummy Table'!F$53:F$56)," - ",SUMIF('Dummy Table'!B$53:B$56,Tournament!T57,'Dummy Table'!G$53:G$56)) -> 0 - 0 | AC57: =SUMIF('Dummy Table'!B$53:B$56,Tournament!T57,'Dummy Table'!I$53:I$56) -> 0 | AJ57: =IF(SUM('Dummy Table'!AM$53:AM$56)>0,IF(ISNA(VLOOKUP(3,'Dummy Table'!AM$53:AN$56,2,FALSE)),"",VLOOKUP(3,'Dummy Table'!AM$53:AN$56,2,FALSE)),"") -> Algeria
D58: 45 | E58: G | F58: =G58 -> 41816.708 | G58: ='Countries and Timezone'!R46 -> 41816.708 | H58: =N27 -> USA | J58: =IF(OFFSET('Group Stages'!$J$13,2*$D58-1,0)<>"",OFFSET('Group Stages'!$J$13,2*$D58-1,0),"") | K58: - | L58: =IF(OFFSET('Group Stages'!$J$13,2*$D58,0)<>"",OFFSET('Group Stages'!$J$13,2*$D58,0),"") | N58: =H26 -> Germany | S58: 4 | T58: =VLOOKUP(4,'Dummy Table'!O53:P56,2,FALSE) -> South Korea | V58: =SUM(W58:Y58) -> 0 | W58: =SUMIF('Dummy Table'!B$53:B$56,Tournament!T58,'Dummy Table'!C$53:C$56) -> 0 | X58: =SUMIF('Dummy Table'!B$53:B$56,Tournament!T58,'Dummy Table'!D$53:D$56) -> 0 | Y58: =SUMIF('Dummy Table'!B$53:B$56,Tournament!T58,'Dummy Table'!E$53:E$56) -> 0 | AA58: =CONCATENATE(SUMIF('Dummy Table'!B$53:B$56,Tournament!T58,'Dummy Table'!F$53:F$56)," - ",SUMIF('Dummy Table'!B$53:B$56,Tournament!T58,'Dummy Table'!G$53:G$56)) -> 0 - 0 | AC58: =SUMIF('Dummy Table'!B$53:B$56,Tournament!T58,'Dummy Table'!I$53:I$56) -> 0 | AJ58: =IF(SUM('Dummy Table'!AM$53:AM$56)>0,IF(ISNA(VLOOKUP(4,'Dummy Table'!AM$53:AN$56,2,FALSE)),"",VLOOKUP(4,'Dummy Table'!AM$53:AN$56,2,FALSE)),"") -> South Korea
D59: 46 | E59: G | F59: =G59 -> 41816.708 | G59: ='Countries and Timezone'!R47 -> 41816.708 | H59: =N26 -> Portugal | J59: =IF(OFFSET('Group Stages'!$J$13,2*$D59-1,0)<>"",OFFSET('Group Stages'!$J$13,2*$D59-1,0),"") | K59: - | L59: =IF(OFFSET('Group Stages'!$J$13,2*$D59,0)<>"",OFFSET('Group Stages'!$J$13,2*$D59,0),"") | N59: =H27 -> Ghana
D60: 47 | E60: H | F60: =G60 -> 41816.875 | G60: ='Countries and Timezone'!R48 -> 41816.875 | H60: =N29 -> South Korea | J60: =IF(OFFSET('Group Stages'!$J$13,2*$D60-1,0)<>"",OFFSET('Group Stages'!$J$13,2*$D60-1,0),"") | K60: - | L60: =IF(OFFSET('Group Stages'!$J$13,2*$D60,0)<>"",OFFSET('Group Stages'!$J$13,2*$D60,0),"") | N60: =H28 -> Belgium | S60: P : | T60: =INDEX(Language!$A$1:$AX$115,MATCH("Played",Language!$B$1:$B$115,0),MATCH($G$2,Language!$A$1:$AW$1,0)) -> Played | V60: L : | W60: =INDEX(Language!$A$1:$AX$115,MATCH("Lose",Language!$B$1:$B$115,0),MATCH($G$2,Language!$A$1:$AW$1,0)) -> Lose | AB60: Pt : | AC60: =INDEX(Language!$A$1:$AX$115,MATCH("Point",Language!$B$1:$B$115,0),MATCH($G$2,Language!$A$1:$AW$1,0)) -> Point
D61: 48 | E61: H | F61: =G61 -> 41816.875 | G61: ='Countries and Timezone'!R49 -> 41816.875 | H61: =N28 -> Algeria | J61: =IF(OFFSET('Group Stages'!$J$13,2*$D61-1,0)<>"",OFFSET('Group Stages'!$J$13,2*$D61-1,0),"") | K61: - | L61: =IF(OFFSET('Group Stages'!$J$13,2*$D61,0)<>"",OFFSET('Group Stages'!$J$13,2*$D61,0),"") | N61: =H29 -> Russia | S61: W : | T61: =INDEX(Language!$A$1:$AX$115,MATCH("Win",Language!$B$1:$B$115,0),MATCH($G$2,Language!$A$1:$AW$1,0)) -> Win | V61: F : | W61: =INDEX(Language!$A$1:$AX$115,MATCH("Goal scored for",Language!$B$1:$B$115,0),MATCH($G$2,Language!$A$1:$AW$1,0)) -> Goal scored for
S62: D : | T62: =INDEX(Language!$A$1:$AX$115,MATCH("Draw",Language!$B$1:$B$115,0),MATCH($G$2,Language!$A$1:$AW$1,0)) -> Draw | V62: A : | W62: =INDEX(Language!$A$1:$AX$115,MATCH("Goal scored against",Language!$B$1:$B$115,0),MATCH($G$2,Language!$A$1:$AW$1,0)) -> Goal scored against
C65: =INDEX(Language!$A$1:$AX$115,MATCH("Round of 16",Language!$B$1:$B$115,0),MATCH($G$2,Language!$A$1:$AW$1,0)) -> Round of 16 | R65: =INDEX(Language!$A$1:$AX$115,MATCH("Quarter Finals",Language!$B$1:$B$115,0),MATCH($G$2,Language!$A$1:$AW$1,0)) -> Quarter Finals
D67: 49 | F67: =G67 -> 41818.708 | G67: ='Countries and Timezone'!R50 -> 41818.708 | H67: =IF(Tournament!$V$13=3,Tournament!$T$13,INDEX(Language!$A$1:$AX$115,MATCH("Group A Winner",Language!$B$1:$B$115,0),MATCH($G$2,Language!$A$1:$AW$1,0))) -> Group A Winner | J67: =IF(J68="","",IF(AND(J68=L68,J68<>"",L68<>""),IF(AND(J69=L69,J69<>"",L69<>""),IF(AND(J70=L70,J70<>"",L70<>""),"",J68+J69+J70),J68+J69),J68)) | K67: - | L67: =IF(L68="","",IF(AND(J68=L68,J68<>"",L68<>""),IF(AND(J69=L69,J69<>"",L69<>""),IF(AND(J70=L70,J70<>"",L70<>""),"",L68+L69+L70),L68+L69),L68)) | N67: =IF(Tournament!$V$20=3,Tournament!$T$20,INDEX(Language!$A$1:$AX$115,MATCH("Group B Runner Up",Language!$B$1:$B$115,0),MATCH($G$2,Language!$A$1:$AW$1,0))) -> Group B Runner Up | S67: 57 | T67: =U67 -> 41824.875 | U67: ='Countries and Timezone'!R58 -> 41824.875 | Y67: =IF(AND(J67<>"",L67<>"",J67<>L67),IF(J67>L67,H67,N67),INDEX(Language!$A$1:$AX$115,MATCH("Match 49 Winner",Language!$B$1:$B$115,0),MATCH($G$2,Language!$A$1:$AW$1,0))) -> Match 49 Winner | AA67: =IF(AA68="","",IF(AND(AA68=AC68,AA68<>"",AC68<>""),IF(AND(AA69=AC69,AA69<>"",AC69<>""),IF(AND(AA70=AC70,AA70<>"",AC70<>""),"",AA68+AA69+AA70),AA68+AA69),AA68)) | AB67: - | AC67: =IF(AC68="","",IF(AND(AA68=AC68,AA68<>"",AC68<>""),IF(AND(AA69=AC69,AA69<>"",AC69<>""),IF(AND(AA70=AC70,AA70<>"",AC70<>""),"",AC68+AC69+AC70),AC68+AC69),AC68)) | AE67: =IF(AND(J73<>"",L73<>"",J73<>L73),IF(J73>L73,H73,N73),INDEX(Language!$A$1:$AX$115,MATCH("Match 50 Winner",Language!$B$1:$B$115,0),MATCH($G$2,Language!$A$1:$AW$1,0))) -> Match 50 Winner
H68: =INDEX(Language!$A$1:$AX$115,MATCH("Normal Time",Language!$B$1:$B$115,0),MATCH($G$2,Language!$A$1:$AW$1,0)) -> Normal Time | J68: ='Knock Out Stages'!J41 -> 0 | K68: - | L68: ='Knock Out Stages'!J42 -> 0 | Y68: =INDEX(Language!$A$1:$AX$115,MATCH("Normal Time",Language!$B$1:$B$115,0),MATCH($G$2,Language!$A$1:$AW$1,0)) -> Normal Time | AA68: ='Knock Out Stages'!J60 -> 0 | AB68: - | AC68: ='Knock Out Stages'!J61 -> 0
H69: =INDEX(Language!$A$1:$AX$115,MATCH("Extra Time",Language!$B$1:$B$115,0),MATCH($G$2,Language!$A$1:$AW$1,0)) -> Extra Time | J69: ='Knock Out Stages'!K41 -> 0 | K69: - | L69: ='Knock Out Stages'!K42 -> 0 | Y69: =INDEX(Language!$A$1:$AX$115,MATCH("Extra Time",Language!$B$1:$B$115,0),MATCH($G$2,Language!$A$1:$AW$1,0)) -> Extra Time | AA69: ='Knock Out Stages'!K60 -> 0 | AB69: - | AC69: ='Knock Out Stages'!K61 -> 0
H70: =INDEX(Language!$A$1:$AX$115,MATCH("Penalty Shoot Out",Language!$B$1:$B$115,0),MATCH($G$2,Language!$A$1:$AW$1,0)) -> Penalty Shoot Out | J70: ='Knock Out Stages'!L41 -> 0 | K70: - | L70: ='Knock Out Stages'!L42 -> 0 | Y70: =INDEX(Language!$A$1:$AX$115,MATCH("Penalty Shoot Out",Language!$B$1:$B$115,0),MATCH($G$2,Language!$A$1:$AW$1,0)) -> Penalty Shoot Out | AA70: ='Knock Out Stages'!L60 -> 0 | AB70: - | AC70: ='Knock Out Stages'!L61 -> 0
S72: 58 | T72: =U72 -> 41824.708 | U72: ='Countries and Timezone'!R59 -> 41824.708 | Y72: =IF(AND(J91<>"",L91<>"",J91<>L91),IF(J91>L91,H91,N91),INDEX(Language!$A$1:$AX$115,MATCH("Match 53 Winner",Language!$B$1:$B$115,0),MATCH($G$2,Language!$A$1:$AW$1,0))) -> Match 53 Winner | AA72: =IF(AA73="","",IF(AND(AA73=AC73,AA73<>"",AC73<>""),IF(AND(AA74=AC74,AA74<>"",AC74<>""),IF(AND(AA75=AC75,AA75<>"",AC75<>""),"",AA73+AA74+AA75),AA73+AA74),AA73)) | AB72: - | AC72: =IF(AC73="","",IF(AND(AA73=AC73,AA73<>"",AC73<>""),IF(AND(AA74=AC74,AA74<>"",AC74<>""),IF(AND(AA75=AC75,AA75<>"",AC75<>""),"",AC73+AC74+AC75),AC73+AC74),AC73)) | AE72: =IF(AND(J97<>"",L97<>"",J97<>L97),IF(J97>L97,H97,N97),INDEX(Language!$A$1:$AX$115,MATCH("Match 54 Winner",Language!$B$1:$B$115,0),MATCH($G$2,Language!$A$1:$AW$1,0))) -> Match 54 Winner
D73: 50 | F73: =G73 -> 41818.875 | G73: ='Countries and Timezone'!R51 -> 41818.875 | H73: =IF(Tournament!$V$25=3,Tournament!$T$25,INDEX(Language!$A$1:$AX$115,MATCH("Group C Winner",Language!$B$1:$B$115,0),MATCH($G$2,Language!$A$1:$AW$1,0))) -> Group C Winner | J73: =IF(J74="","",IF(AND(J74=L74,J74<>"",L74<>""),IF(AND(J75=L75,J75<>"",L75<>""),IF(AND(J76=L76,J76<>"",L76<>""),"",J74+J75+J76),J74+J75),J74)) | K73: - | L73: =IF(L74="","",IF(AND(J74=L74,J74<>"",L74<>""),IF(AND(J75=L75,J75<>"",L75<>""),IF(AND(J76=L76,J76<>"",L76<>""),"",L74+L75+L76),L74+L75),L74)) | N73: =IF(Tournament!$V$32=3,Tournament!$T$32,INDEX(Language!$A$1:$AX$115,MATCH("Group D Runner Up",Language!$B$1:$B$115,0),MATCH($G$2,Language!$A$1:$AW$1,0))) -> Group D Runner Up | Y73: =INDEX(Language!$A$1:$AX$115,MATCH("Normal Time",Language!$B$1:$B$115,0),MATCH($G$2,Language!$A$1:$AW$1,0)) -> Normal Time | AA73: ='Knock Out Stages'!J62 -> 0 | AB73: - | AC73: ='Knock Out Stages'!J63 -> 0
H74: =INDEX(Language!$A$1:$AX$115,MATCH("Normal Time",Language!$B$1:$B$115,0),MATCH($G$2,Language!$A$1:$AW$1,0)) -> Normal Time | J74: ='Knock Out Stages'!J43 -> 0 | K74: - | L74: ='Knock Out Stages'!J44 -> 0 | Y74: =INDEX(Language!$A$1:$AX$115,MATCH("Extra Time",Language!$B$1:$B$115,0),MATCH($G$2,Language!$A$1:$AW$1,0)) -> Extra Time | AA74: ='Knock Out Stages'!K62 -> 0 | AB74: - | AC74: ='Knock Out Stages'!K63 -> 0
H75: =INDEX(Language!$A$1:$AX$115,MATCH("Extra Time",Language!$B$1:$B$115,0),MATCH($G$2,Language!$A$1:$AW$1,0)) -> Extra Time | J75: ='Knock Out Stages'!K43 -> 0 | K75: - | L75: ='Knock Out Stages'!K44 -> 0 | Y75: =INDEX(Language!$A$1:$AX$115,MATCH("Penalty Shoot Out",Language!$B$1:$B$115,0),MATCH($G$2,Language!$A$1:$AW$1,0)) -> Penalty Shoot Out | AA75: ='Knock Out Stages'!L62 -> 0 | AB75: - | AC75: ='Knock Out Stages'!L63 -> 0
H76: =INDEX(Language!$A$1:$AX$115,MATCH("Penalty Shoot Out",Language!$B$1:$B$115,0),MATCH($G$2,Language!$A$1:$AW$1,0)) -> Penalty Shoot Out | J76: ='Knock Out Stages'!L43 -> 0 | K76: - | L76: ='Knock Out Stages'!L44 -> 0
S77: 59 | T77: =U77 -> 41825.875 | U77: ='Countries and Timezone'!R60 -> 41825.875 | Y77: =IF(AND(J79<>"",L79<>"",J79<>L79),IF(J79>L79,H79,N79),INDEX(Language!$A$1:$AX$115,MATCH("Match 51 Winner",Language!$B$1:$B$115,0),MATCH($G$2,Language!$A$1:$AW$1,0))) -> Match 51 Winner | AA77: =IF(AA78="","",IF(AND(AA78=AC78,AA78<>"",AC78<>""),IF(AND(AA79=AC79,AA79<>"",AC79<>""),IF(AND(AA80=AC80,AA80<>"",AC80<>""),"",AA78+AA79+AA80),AA78+AA79),AA78)) | AB77: - | AC77: =IF(AC78="","",IF(AND(AA78=AC78,AA78<>"",AC78<>""),IF(AND(AA79=AC79,AA79<>"",AC79<>""),IF(AND(AA80=AC80,AA80<>"",AC80<>""),"",AC78+AC79+AC80),AC78+AC79),AC78)) | AE77: =IF(AND(J85<>"",L85<>"",J85<>L85),IF(J85>L85,H85,N85),INDEX(Language!$A$1:$AX$115,MATCH("Match 52 Winner",Language!$B$1:$B$115,0),MATCH($G$2,Language!$A$1:$AW$1,0))) -> Match 52 Winner
Y78: =INDEX(Language!$A$1:$AX$115,MATCH("Normal Time",Language!$B$1:$B$115,0),MATCH($G$2,Language!$A$1:$AW$1,0)) -> Normal Time | AA78: ='Knock Out Stages'!J64 -> 0 | AB78: - | AC78: ='Knock Out Stages'!J65 -> 0
D79: 51 | F79: =G79 -> 41819.708 | G79: ='Countries and Timezone'!R52 -> 41819.708 | H79: =IF(Tournament!$V$19=3,Tournament!$T$19,INDEX(Language!$A$1:$AX$115,MATCH("Group B Winner",Language!$B$1:$B$115,0),MATCH($G$2,Language!$A$1:$AW$1,0))) -> Group B Winner | J79: =IF(J80="","",IF(AND(J80=L80,J80<>"",L80<>""),IF(AND(J81=L81,J81<>"",L81<>""),IF(AND(J82=L82,J82<>"",L82<>""),"",J80+J81+J82),J80+J81),J80)) | K79: - | L79: =IF(L80="","",IF(AND(J80=L80,J80<>"",L80<>""),IF(AND(J81=L81,J81<>"",L81<>""),IF(AND(J82=L82,J82<>"",L82<>""),"",L80+L81+L82),L80+L81),L80)) | N79: =IF(Tournament!$V$14=3,Tournament!$T$14,INDEX(Language!$A$1:$AX$115,MATCH("Group A Runner Up",Language!$B$1:$B$115,0),MATCH($G$2,Language!$A$1:$AW$1,0))) -> Group A Runner Up | Y79: =INDEX(Language!$A$1:$AX$115,MATCH("Extra Time",Language!$B$1:$B$115,0),MATCH($G$2,Language!$A$1:$AW$1,0)) -> Extra Time | AA79: ='Knock Out Stages'!K64 -> 0 | AB79: - | AC79: ='Knock Out Stages'!K65 -> 0
H80: =INDEX(Language!$A$1:$AX$115,MATCH("Normal Time",Language!$B$1:$B$115,0),MATCH($G$2,Language!$A$1:$AW$1,0)) -> Normal Time | J80: ='Knock Out Stages'!J45 -> 0 | K80: - | L80: ='Knock Out Stages'!J46 -> 0 | Y80: =INDEX(Language!$A$1:$AX$115,MATCH("Penalty Shoot Out",Language!$B$1:$B$115,0),MATCH($G$2,Language!$A$1:$AW$1,0)) -> Penalty Shoot Out | AA80: ='Knock Out Stages'!L64 -> 0 | AB80: - | AC80: ='Knock Out Stages'!L65 -> 0
H81: =INDEX(Language!$A$1:$AX$115,MATCH("Extra Time",Language!$B$1:$B$115,0),MATCH($G$2,Language!$A$1:$AW$1,0)) -> Extra Time | J81: ='Knock Out Stages'!K45 -> 0 | K81: - | L81: ='Knock Out Stages'!K46 -> 0
H82: =INDEX(Language!$A$1:$AX$115,MATCH("Penalty Shoot Out",Language!$B$1:$B$115,0),MATCH($G$2,Language!$A$1:$AW$1,0)) -> Penalty Shoot Out | J82: ='Knock Out Stages'!L45 -> 0 | K82: - | L82: ='Knock Out Stages'!L46 -> 0 | S82: 60 | T82: =U82 -> 41825.708 | U82: ='Countries and Timezone'!R61 -> 41825.708 | Y82: =IF(AND(J103<>"",L103<>"",J103<>L103),IF(J103>L103,H103,N103),INDEX(Language!$A$1:$AX$115,MATCH("Match 55 Winner",Language!$B$1:$B$115,0),MATCH($G$2,Language!$A$1:$AW$1,0))) -> Match 55 Winner | AA82: =IF(AA83="","",IF(AND(AA83=AC83,AA83<>"",AC83<>""),IF(AND(AA84=AC84,AA84<>"",AC84<>""),IF(AND(AA85=AC85,AA85<>"",AC85<>""),"",AA83+AA84+AA85),AA83+AA84),AA83)) | AB82: - | AC82: =IF(AC83="","",IF(AND(AA83=AC83,AA83<>"",AC83<>""),IF(AND(AA84=AC84,AA84<>"",AC84<>""),IF(AND(AA85=AC85,AA85<>"",AC85<>""),"",AC83+AC84+AC85),AC83+AC84),AC83)) | AE82: =IF(AND(J109<>"",L109<>"",J109<>L109),IF(J109>L109,H109,N109),INDEX(Language!$A$1:$AX$115,MATCH("Match 56 Winner",Language!$B$1:$B$115,0),MATCH($G$2,Language!$A$1:$AW$1,0))) -> Match 56 Winner
Y83: =INDEX(Language!$A$1:$AX$115,MATCH("Normal Time",Language!$B$1:$B$115,0),MATCH($G$2,Language!$A$1:$AW$1,0)) -> Normal Time | AA83: ='Knock Out Stages'!J66 -> 0 | AB83: - | AC83: ='Knock Out Stages'!J67 -> 0
Y84: =INDEX(Language!$A$1:$AX$115,MATCH("Extra Time",Language!$B$1:$B$115,0),MATCH($G$2,Language!$A$1:$AW$1,0)) -> Extra Time | AA84: ='Knock Out Stages'!K66 -> 0 | AB84: - | AC84: ='Knock Out Stages'!K67 -> 0
D85: 52 | F85: =G85 -> 41819.875 | G85: ='Countries and Timezone'!R53 -> 41819.875 | H85: =IF(Tournament!$V$31=3,Tournament!$T$31,INDEX(Language!$A$1:$AX$115,MATCH("Group D Winner",Language!$B$1:$B$115,0),MATCH($G$2,Language!$A$1:$AW$1,0))) -> Group D Winner | J85: =IF(J86="","",IF(AND(J86=L86,J86<>"",L86<>""),IF(AND(J87=L87,J87<>"",L87<>""),IF(AND(J88=L88,J88<>"",L88<>""),"",J86+J87+J88),J86+J87),J86)) | K85: - | L85: =IF(L86="","",IF(AND(J86=L86,J86<>"",L86<>""),IF(AND(J87=L87,J87<>"",L87<>""),IF(AND(J88=L88,J88<>"",L88<>""),"",L86+L87+L88),L86+L87),L86)) | N85: =IF(Tournament!$V$26=3,Tournament!$T$26,INDEX(Language!$A$1:$AX$115,MATCH("Group C Runner Up",Language!$B$1:$B$115,0),MATCH($G$2,Language!$A$1:$AW$1,0))) -> Group C Runner Up | Y85: =INDEX(Language!$A$1:$AX$115,MATCH("Penalty Shoot Out",Language!$B$1:$B$115,0),MATCH($G$2,Language!$A$1:$AW$1,0)) -> Penalty Shoot Out | AA85: ='Knock Out Stages'!L66 -> 0 | AB85: - | AC85: ='Knock Out Stages'!L67 -> 0
H86: =INDEX(Language!$A$1:$AX$115,MATCH("Normal Time",Language!$B$1:$B$115,0),MATCH($G$2,Language!$A$1:$AW$1,0)) -> Normal Time | J86: ='Knock Out Stages'!J47 -> 0 | K86: - | L86: ='Knock Out Stages'!J48 -> 0
H87: =INDEX(Language!$A$1:$AX$115,MATCH("Extra Time",Language!$B$1:$B$115,0),MATCH($G$2,Language!$A$1:$AW$1,0)) -> Extra Time | J87: ='Knock Out Stages'!K47 -> 0 | K87: - | L87: ='Knock Out Stages'!K48 -> 0
H88: =INDEX(Language!$A$1:$AX$115,MATCH("Penalty Shoot Out",Language!$B$1:$B$115,0),MATCH($G$2,Language!$A$1:$AW$1,0)) -> Penalty Shoot Out | J88: ='Knock Out Stages'!L47 -> 0 | K88: - | L88: ='Knock Out Stages'!L48 -> 0 | R88: =INDEX(Language!$A$1:$AX$115,MATCH("Semi Finals",Language!$B$1:$B$115,0),MATCH($G$2,Language!$A$1:$AW$1,0)) -> Semi Finals
S90: 61 | T90: =U90 -> 41828.875 | U90: ='Countries and Timezone'!R62 -> 41828.875 | Y90: =IF(AND(AA67<>"",AC67<>"",AA67<>AC67),IF(AA67>AC67,Y67,AE67),INDEX(Language!$A$1:$AX$115,MATCH("Match 57 Winner",Language!$B$1:$B$115,0),MATCH($G$2,Language!$A$1:$AW$1,0))) -> Match 57 Winner | AA90: =IF(AA91="","",IF(AND(AA91=AC91,AA91<>"",AC91<>""),IF(AND(AA92=AC92,AA92<>"",AC92<>""),IF(AND(AA93=AC93,AA93<>"",AC93<>""),"",AA91+AA92+AA93),AA91+AA92),AA91)) | AB90: - | AC90: =IF(AC91="","",IF(AND(AA91=AC91,AA91<>"",AC91<>""),IF(AND(AA92=AC92,AA92<>"",AC92<>""),IF(AND(AA93=AC93,AA93<>"",AC93<>""),"",AC91+AC92+AC93),AC91+AC92),AC91)) | AE90: =IF(AND(AA72<>"",AC72<>"",AA72<>AC72),IF(AA72>AC72,Y72,AE72),INDEX(Language!$A$1:$AX$115,MATCH("Match 58 Winner",Language!$B$1:$B$115,0),MATCH($G$2,Language!$A$1:$AW$1,0))) -> Match 58 Winner
D91: 53 | F91: =G91 -> 41820.708 | G91: ='Countries and Timezone'!R54 -> 41820.708 | H91: =IF(Tournament!$V$37=3,Tournament!$T$37,INDEX(Language!$A$1:$AX$115,MATCH("Group E Winner",Language!$B$1:$B$115,0),MATCH($G$2,Language!$A$1:$AW$1,0))) -> Group E Winner | J91: =IF(J92="","",IF(AND(J92=L92,J92<>"",L92<>""),IF(AND(J93=L93,J93<>"",L93<>""),IF(AND(J94=L94,J94<>"",L94<>""),"",J92+J93+J94),J92+J93),J92)) | K91: - | L91: =IF(L92="","",IF(AND(J92=L92,J92<>"",L92<>""),IF(AND(J93=L93,J93<>"",L93<>""),IF(AND(J94=L94,J94<>"",L94<>""),"",L92+L93+L94),L92+L93),L92)) | N91: =IF(Tournament!$V$44=3,Tournament!$T$44,INDEX(Language!$A$1:$AX$115,MATCH("Group F Runner Up",Language!$B$1:$B$115,0),MATCH($G$2,Language!$A$1:$AW$1,0))) -> Group F Runner Up | Y91: =INDEX(Language!$A$1:$AX$115,MATCH("Normal Time",Language!$B$1:$B$115,0),MATCH($G$2,Language!$A$1:$AW$1,0)) -> Normal Time | AA91: ='Knock Out Stages'!J71 -> 0 | AB91: - | AC91: ='Knock Out Stages'!J72 -> 0
H92: =INDEX(Language!$A$1:$AX$115,MATCH("Normal Time",Language!$B$1:$B$115,0),MATCH($G$2,Language!$A$1:$AW$1,0)) -> Normal Time | J92: ='Knock Out Stages'!J49 -> 0 | K92: - | L92: ='Knock Out Stages'!J50 -> 0 | Y92: =INDEX(Language!$A$1:$AX$115,MATCH("Extra Time",Language!$B$1:$B$115,0),MATCH($G$2,Language!$A$1:$AW$1,0)) -> Extra Time | AA92: ='Knock Out Stages'!K71 -> 0 | AB92: - | AC92: ='Knock Out Stages'!K72 -> 0
H93: =INDEX(Language!$A$1:$AX$115,MATCH("Extra Time",Language!$B$1:$B$115,0),MATCH($G$2,Language!$A$1:$AW$1,0)) -> Extra Time | J93: ='Knock Out Stages'!K49 -> 0 | K93: - | L93: ='Knock Out Stages'!K50 -> 0 | Y93: =INDEX(Language!$A$1:$AX$115,MATCH("Penalty Shoot Out",Language!$B$1:$B$115,0),MATCH($G$2,Language!$A$1:$AW$1,0)) -> Penalty Shoot Out | AA93: ='Knock Out Stages'!L71 -> 0 | AB93: - | AC93: ='Knock Out Stages'!L72 -> 0
H94: =INDEX(Language!$A$1:$AX$115,MATCH("Penalty Shoot Out",Language!$B$1:$B$115,0),MATCH($G$2,Language!$A$1:$AW$1,0)) -> Penalty Shoot Out | J94: ='Knock Out Stages'!L49 -> 0 | K94: - | L94: ='Knock Out Stages'!L50 -> 0
S95: 62 | T95: =U95 -> 41829.875 | U95: ='Countries and Timezone'!R63 -> 41829.875 | Y95: =IF(AND(AA77<>"",AC77<>"",AA77<>AC77),IF(AA77>AC77,Y77,AE77),INDEX(Language!$A$1:$AX$115,MATCH("Match 59 Winner",Language!$B$1:$B$115,0),MATCH($G$2,Language!$A$1:$AW$1,0))) -> Match 59 Winner | AA95: =IF(AA96="","",IF(AND(AA96=AC96,AA96<>"",AC96<>""),IF(AND(AA97=AC97,AA97<>"",AC97<>""),IF(AND(AA98=AC98,AA98<>"",AC98<>""),"",AA96+AA97+AA98),AA96+AA97),AA96)) | AB95: - | AC95: =IF(AC96="","",IF(AND(AA96=AC96,AA96<>"",AC96<>""),IF(AND(AA97=AC97,AA97<>"",AC97<>""),IF(AND(AA98=AC98,AA98<>"",AC98<>""),"",AC96+AC97+AC98),AC96+AC97),AC96)) | AE95: =IF(AND(AA82<>"",AC82<>"",AA82<>AC82),IF(AA82>AC82,Y82,AE82),INDEX(Language!$A$1:$AX$115,MATCH("Match 60 Winner",Language!$B$1:$B$115,0),MATCH($G$2,Language!$A$1:$AW$1,0))) -> Match 60 Winner
Y96: =INDEX(Language!$A$1:$AX$115,MATCH("Normal Time",Language!$B$1:$B$115,0),MATCH($G$2,Language!$A$1:$AW$1,0)) -> Normal Time | AA96: ='Knock Out Stages'!J73 -> 0 | AB96: - | AC96: ='Knock Out Stages'!J74 -> 0
D97: 54 | F97: =G97 -> 41820.875 | G97: ='Countries and Timezone'!R55 -> 41820.875 | H97: =IF(Tournament!$V$49=3,Tournament!$T$49,INDEX(Language!$A$1:$AX$115,MATCH("Group G Winner",Language!$B$1:$B$115,0),MATCH($G$2,Language!$A$1:$AW$1,0))) -> Group G Winner | J97: =IF(J98="","",IF(AND(J98=L98,J98<>"",L98<>""),IF(AND(J99=L99,J99<>"",L99<>""),IF(AND(J100=L100,J100<>"",L100<>""),"",J98+J99+J100),J98+J99),J98)) | K97: - | L97: =IF(L98="","",IF(AND(J98=L98,J98<>"",L98<>""),IF(AND(J99=L99,J99<>"",L99<>""),IF(AND(J100=L100,J100<>"",L100<>""),"",L98+L99+L100),L98+L99),L98)) | N97: =IF(Tournament!$V$56=3,Tournament!$T$56,INDEX(Language!$A$1:$AX$115,MATCH("Group H Runner Up",Language!$B$1:$B$115,0),MATCH($G$2,Language!$A$1:$AW$1,0))) -> Group H Runner Up | Y97: =INDEX(Language!$A$1:$AX$115,MATCH("Extra Time",Language!$B$1:$B$115,0),MATCH($G$2,Language!$A$1:$AW$1,0)) -> Extra Time | AA97: ='Knock Out Stages'!K73 -> 0 | AB97: - | AC97: ='Knock Out Stages'!K74 -> 0
H98: =INDEX(Language!$A$1:$AX$115,MATCH("Normal Time",Language!$B$1:$B$115,0),MATCH($G$2,Language!$A$1:$AW$1,0)) -> Normal Time | J98: ='Knock Out Stages'!J51 -> 0 | K98: - | L98: ='Knock Out Stages'!J52 -> 0 | Y98: =INDEX(Language!$A$1:$AX$115,MATCH("Penalty Shoot Out",Language!$B$1:$B$115,0),MATCH($G$2,Language!$A$1:$AW$1,0)) -> Penalty Shoot Out | AA98: ='Knock Out Stages'!L73 -> 0 | AB98: - | AC98: ='Knock Out Stages'!L74 -> 0
H99: =INDEX(Language!$A$1:$AX$115,MATCH("Extra Time",Language!$B$1:$B$115,0),MATCH($G$2,Language!$A$1:$AW$1,0)) -> Extra Time | J99: ='Knock Out Stages'!K51 -> 0 | K99: - | L99: ='Knock Out Stages'!K52 -> 0
H100: =INDEX(Language!$A$1:$AX$115,MATCH("Penalty Shoot Out",Language!$B$1:$B$115,0),MATCH($G$2,Language!$A$1:$AW$1,0)) -> Penalty Shoot Out | J100: ='Knock Out Stages'!L51 -> 0 | K100: - | L100: ='Knock Out Stages'!L52 -> 0
R101: =INDEX(Language!$A$1:$AX$115,MATCH("Match for Third Place",Language!$B$1:$B$115,0),MATCH($G$2,Language!$A$1:$AW$1,0)) -> Match for Third Place
D103: 55 | F103: =G103 -> 41821.708 | G103: ='Countries and Timezone'!R56 -> 41821.708 | H103: =IF(Tournament!$V$43=3,Tournament!$T$43,INDEX(Language!$A$1:$AX$115,MATCH("Group F Winner",Language!$B$1:$B$115,0),MATCH($G$2,Language!$A$1:$AW$1,0))) -> Group F Winner | J103: =IF(J104="","",IF(AND(J104=L104,J104<>"",L104<>""),IF(AND(J105=L105,J105<>"",L105<>""),IF(AND(J106=L106,J106<>"",L106<>""),"",J104+J105+J106),J104+J105),J104)) | K103: - | L103: =IF(L104="","",IF(AND(J104=L104,J104<>"",L104<>""),IF(AND(J105=L105,J105<>"",L105<>""),IF(AND(J106=L106,J106<>"",L106<>""),"",L104+L105+L106),L104+L105),L104)) | N103: =IF(Tournament!$V$38=3,Tournament!$T$38,INDEX(Language!$A$1:$AX$115,MATCH("Group E Runner Up",Language!$B$1:$B$115,0),MATCH($G$2,Language!$A$1:$AW$1,0))) -> Group E Runner Up | S103: 63 | T103: =U103 -> 41832.875 | U103: ='Countries and Timezone'!R64 -> 41832.875 | Y103: =IF(AND(AA90<>"",AC90<>"",AA90<>AC90),IF(AA90<AC90,Y90,AE90),INDEX(Language!$A$1:$AX$115,MATCH("Match 61 Loser",Language!$B$1:$B$115,0),MATCH($G$2,Language!$A$1:$AW$1,0))) -> Match 61 Loser | AA103: =IF(AA104="","",IF(AND(AA104=AC104,AA104<>"",AC104<>""),IF(AND(AA105=AC105,AA105<>"",AC105<>""),IF(AND(AA106=AC106,AA106<>"",AC106<>""),"",AA104+AA105+AA106),AA104+AA105),AA104)) | AB103: - | AC103: =IF(AC104="","",IF(AND(AA104=AC104,AA104<>"",AC104<>""),IF(AND(AA105=AC105,AA105<>"",AC105<>""),IF(AND(AA106=AC106,AA106<>"",AC106<>""),"",AC104+AC105+AC106),AC104+AC105),AC104)) | AE103: =IF(AND(AA95<>"",AC95<>"",AA95<>AC95),IF(AA95<AC95,Y95,AE95),INDEX(Language!$A$1:$AX$115,MATCH("Match 62 Loser",Language!$B$1:$B$115,0),MATCH($G$2,Language!$A$1:$AW$1,0))) -> Match 62 Loser
H104: =INDEX(Language!$A$1:$AX$115,MATCH("Normal Time",Language!$B$1:$B$115,0),MATCH($G$2,Language!$A$1:$AW$1,0)) -> Normal Time | J104: ='Knock Out Stages'!J53 -> 0 | K104: - | L104: ='Knock Out Stages'!J54 -> 0 | Y104: =INDEX(Language!$A$1:$AX$115,MATCH("Normal Time",Language!$B$1:$B$115,0),MATCH($G$2,Language!$A$1:$AW$1,0)) -> Normal Time | AA104: ='Knock Out Stages'!J78 -> 0 | AB104: - | AC104: ='Knock Out Stages'!J79 -> 0
H105: =INDEX(Language!$A$1:$AX$115,MATCH("Extra Time",Language!$B$1:$B$115,0),MATCH($G$2,Language!$A$1:$AW$1,0)) -> Extra Time | J105: ='Knock Out Stages'!K53 -> 0 | K105: - | L105: ='Knock Out Stages'!K54 -> 0 | Y105: =INDEX(Language!$A$1:$AX$115,MATCH("Extra Time",Language!$B$1:$B$115,0),MATCH($G$2,Language!$A$1:$AW$1,0)) -> Extra Time | AA105: ='Knock Out Stages'!K78 -> 0 | AB105: - | AC105: ='Knock Out Stages'!K79 -> 0
H106: =INDEX(Language!$A$1:$AX$115,MATCH("Penalty Shoot Out",Language!$B$1:$B$115,0),MATCH($G$2,Language!$A$1:$AW$1,0)) -> Penalty Shoot Out | J106: ='Knock Out Stages'!L53 -> 0 | K106: - | L106: ='Knock Out Stages'!L54 -> 0 | Y106: =INDEX(Language!$A$1:$AX$115,MATCH("Penalty Shoot Out",Language!$B$1:$B$115,0),MATCH($G$2,Language!$A$1:$AW$1,0)) -> Penalty Shoot Out | AA106: ='Knock Out Stages'!L78 -> 0 | AB106: - | AC106: ='Knock Out Stages'!L79 -> 0
D109: 56 | F109: =G109 -> 41821.875 | G109: ='Countries and Timezone'!R57 -> 41821.875 | H109: =IF(Tournament!$V$55=3,Tournament!$T$55,INDEX(Language!$A$1:$AX$115,MATCH("Group H Winner",Language!$B$1:$B$115,0),MATCH($G$2,Language!$A$1:$AW$1,0))) -> Group H Winner | J109: =IF(J110="","",IF(AND(J110=L110,J110<>"",L110<>""),IF(AND(J111=L111,J111<>"",L111<>""),IF(AND(J112=L112,J112<>"",L112<>""),"",J110+J111+J112),J110+J111),J110)) | K109: - | L109: =IF(L110="","",IF(AND(J110=L110,J110<>"",L110<>""),IF(AND(J111=L111,J111<>"",L111<>""),IF(AND(J112=L112,J112<>"",L112<>""),"",L110+L111+L112),L110+L111),L110)) | N109: =IF(Tournament!$V$50=3,Tournament!$T$50,INDEX(Language!$A$1:$AX$115,MATCH("Group G Runner Up",Language!$B$1:$B$115,0),MATCH($G$2,Language!$A$1:$AW$1,0))) -> Group G Runner Up | R109: =INDEX(Language!$A$1:$AX$115,MATCH("Final",Language!$B$1:$B$115,0),MATCH($G$2,Language!$A$1:$AW$1,0)) -> Final
H110: =INDEX(Language!$A$1:$AX$115,MATCH("Normal Time",Language!$B$1:$B$115,0),MATCH($G$2,Language!$A$1:$AW$1,0)) -> Normal Time | J110: ='Knock Out Stages'!J55 -> 0 | K110: - | L110: ='Knock Out Stages'!J56 -> 0
H111: =INDEX(Language!$A$1:$AX$115,MATCH("Extra Time",Language!$B$1:$B$115,0),MATCH($G$2,Language!$A$1:$AW$1,0)) -> Extra Time | J111: ='Knock Out Stages'!K55 -> 0 | K111: - | L111: ='Knock Out Stages'!K56 -> 0 | S111: 64 | T111: =U111 -> 41833.833 | U111: ='Countries and Timezone'!R65 -> 41833.833 | Y111: =IF(AND(AA90<>"",AC90<>"",AA90<>AC90),IF(AA90>AC90,Y90,AE90),INDEX(Language!$A$1:$AX$115,MATCH("Match 61 Winner",Language!$B$1:$B$115,0),MATCH($G$2,Language!$A$1:$AW$1,0))) -> Match 61 Winner | AA111: =IF(AA112="","",IF(AND(AA112=AC112,AA112<>"",AC112<>""),IF(AND(AA113=AC113,AA113<>"",AC113<>""),IF(AND(AA114=AC114,AA114<>"",AC114<>""),"",AA112+AA113+AA114),AA112+AA113),AA112)) | AB111: - | AC111: =IF(AC112="","",IF(AND(AA112=AC112,AA112<>"",AC112<>""),IF(AND(AA113=AC113,AA113<>"",AC113<>""),IF(AND(AA114=AC114,AA114<>"",AC114<>""),"",AC112+AC113+AC114),AC112+AC113),AC112)) | AE111: =IF(AND(AA95<>"",AC95<>"",AA95<>AC95),IF(AA95>AC95,Y95,AE95),INDEX(Language!$A$1:$AX$115,MATCH("Match 62 Winner",Language!$B$1:$B$115,0),MATCH($G$2,Language!$A$1:$AW$1,0))) -> Match 62 Winner
H112: =INDEX(Language!$A$1:$AX$115,MATCH("Penalty Shoot Out",Language!$B$1:$B$115,0),MATCH($G$2,Language!$A$1:$AW$1,0)) -> Penalty Shoot Out | J112: ='Knock Out Stages'!L55 -> 0 | K112: - | L112: ='Knock Out Stages'!L56 -> 0 | Y112: =INDEX(Language!$A$1:$AX$115,MATCH("Normal Time",Language!$B$1:$B$115,0),MATCH($G$2,Language!$A$1:$AW$1,0)) -> Normal Time | AA112: ='Knock Out Stages'!J83 -> 0 | AB112: - | AC112: ='Knock Out Stages'!J84 -> 0
Y113: =INDEX(Language!$A$1:$AX$115,MATCH("Extra Time",Language!$B$1:$B$115,0),MATCH($G$2,Language!$A$1:$AW$1,0)) -> Extra Time | AA113: ='Knock Out Stages'!K83 -> 0 | AB113: - | AC113: ='Knock Out Stages'!K84 -> 0
Y114: =INDEX(Language!$A$1:$AX$115,MATCH("Penalty Shoot Out",Language!$B$1:$B$115,0),MATCH($G$2,Language!$A$1:$AW$1,0)) -> Penalty Shoot Out | AA114: ='Knock Out Stages'!L83 -> 0 | AB114: - | AC114: ='Knock Out Stages'!L84 -> 0
F118: =INDEX(Language!$A$1:$AX$115,MATCH("World Cup 2010 Champion",Language!$B$1:$B$115,0),MATCH($G$2,Language!$A$1:$AW$1,0)) -> #N/A | N118: =UPPER(IF(AND(AA111<>"",AC111<>"",AA111<>AC111),IF(AA111>AC111,Y111,AE111),INDEX(Language!$A$1:$AX$115,MATCH("Match 64 Winner",Language!$B$1:$B$115,0),MATCH($G$2,Language!$A$1:$AW$1,0)))) -> MATCH 64 WINNER
...

Sheet Countries and Timezone
I2: 1 | J2: Addis Ababa | K2: 6 | L2: 0.25 | M2: =VLOOKUP(Tournament!G4,'Countries and Timezone'!J2:K145,2,FALSE) -> 4 | N2: =VLOOKUP(Tournament!G4,'Countries and Timezone'!J2:L145,3,FALSE) -> 0.16666667 | O2: 1 | P2: =Q2 -> 41802.708 | Q2: 41802.708 | R2: =IF(M$2>0,Q2+N$2,Q2-N$2) -> 41802.875
I3: 2 | J3: Adelaide | K3: 12.5 | L3: 0.52083333 | O3: 2 | P3: =Q3 -> 41803.542 | Q3: 41803.542 | R3: =IF(M$2>0,Q3+N$2,Q3-N$2) -> 41803.708
I4: 3 | J4: Aden | K4: 6 | L4: 0.25 | O4: 3 | P4: =Q4 -> 41803.667 | Q4: 41803.667 | R4: =IF(M$2>0,Q4+N$2,Q4-N$2) -> 41803.833
I5: 4 | J5: Algiers | K5: 4 | L5: 0.16666667 | O5: 4 | P5: =Q5 -> 41803.792 | Q5: 41803.792 | R5: =IF(M$2>0,Q5+N$2,Q5-N$2) -> 41803.958
I6: 5 | J6: Almaty | K6: 9 | L6: 0.375 | O6: 5 | P6: =Q6 -> 41804.542 | Q6: 41804.542 | R6: =IF(M$2>0,Q6+N$2,Q6-N$2) -> 41804.708
C7: ='Dummy Table'!B4 -> Brazil | I7: 6 | J7: Amman | K7: 6 | L7: 0.25 | O7: 6 | P7: =Q7 -> 41804.917 | Q7: 41804.917 | R7: =IF(M$2>0,Q7+N$2,Q7-N$2) -> 41805.083 | AG7: Brazil | AH7: Brazil | AI7: South Africa
C8: ='Dummy Table'!B5 -> Croatia | I8: 7 | J8: Amsterdam | K8: 5 | L8: 0.20833333 | O8: 7 | P8: =Q8 -> 41804.667 | Q8: 41804.667 | R8: =IF(M$2>0,Q8+N$2,Q8-N$2) -> 41804.833 | AG8: Croatia | AH8: Croatia | AI8: Mexico
C9: ='Dummy Table'!B6 -> Mexico | I9: 8 | J9: Anadyr | K9: 16 | L9: 0.66666667 | O9: 8 | P9: =Q9 -> 41804.792 | Q9: 41804.792 | R9: =IF(M$2>0,Q9+N$2,Q9-N$2) -> 41804.958 | AG9: Mexico | AH9: Mexico | AI9: Uruguay
C10: ='Dummy Table'!B7 -> Cameroon | I10: 9 | J10: Anchorage | K10: -5 | L10: 0.20833333 | O10: 9 | P10: =Q10 -> 41805.542 | Q10: 41805.542 | R10: =IF(M$2>0,Q10+N$2,Q10-N$2) -> 41805.708 | AG10: Cameroon | AH10: Cameroon | AI10: France
C11: ='Dummy Table'!B11 -> Spain | I11: 10 | J11: Ankara | K11: 6 | L11: 0.25 | O11: 10 | P11: =Q11 -> 41805.667 | Q11: 41805.667 | R11: =IF(M$2>0,Q11+N$2,Q11-N$2) -> 41805.833 | AG11: Spain | AH11: Spain | AI11: Argentina
C12: ='Dummy Table'!B12 -> Netherlands | I12: 11 | J12: Antananarivo | K12: 6 | L12: 0.25 | O12: 11 | P12: =Q12 -> 41805.792 | Q12: 41805.792 | R12: =IF(M$2>0,Q12+N$2,Q12-N$2) -> 41805.958 | AG12: Netherlands | AH12: Netherlands | AI12: Nigeria
C13: ='Dummy Table'!B13 -> Chile | I13: 12 | J13: Asuncion | K13: -1 | L13: 0.041666667 | O13: 12 | P13: =Q13 -> 41806.667 | Q13: 41806.667 | R13: =IF(M$2>0,Q13+N$2,Q13-N$2) -> 41806.833 | AG13: Chile | AH13: Chile | AI13: South Korea
C14: ='Dummy Table'!B14 -> Australia | I14: 13 | J14: Athens | K14: 6 | L14: 0.25 | O14: 13 | P14: =Q14 -> 41806.542 | Q14: 41806.542 | R14: =IF(M$2>0,Q14+N$2,Q14-N$2) -> 41806.708 | AG14: Australia | AH14: Australia | AI14: Greece
C15: ='Dummy Table'!B18 -> Colombia | I15: 14 | J15: Atlanta | K15: -1 | L15: 0.041666667 | O15: 14 | P15: =Q15 -> 41806.792 | Q15: 41806.792 | R15: =IF(M$2>0,Q15+N$2,Q15-N$2) -> 41806.958 | AG15: Colombia | AH15: Colombia | AI15: England
C16: ='Dummy Table'!B19 -> Greece | I16: 15 | J16: Auckland | K16: 15 | L16: 0.625 | O16: 15 | P16: =Q16 -> 41807.542 | Q16: 41807.542 | R16: =IF(M$2>0,Q16+N$2,Q16-N$2) -> 41807.708 | AG16: Greece | AH16: Greece | AI16: USA
C17: ='Dummy Table'!B20 -> Ivory Coast | I17: 16 | J17: Baghdad | K17: 6 | L17: 0.25 | O17: 16 | P17: =Q17 -> 41807.792 | Q17: 41807.792 | R17: =IF(M$2>0,Q17+N$2,Q17-N$2) -> 41807.958 | AG17: Ivory Coast | AH17: Ivory Coast | AI17: Algeria
C18: ='Dummy Table'!B21 -> Japan | I18: 17 | J18: Bangkok | K18: 10 | L18: 0.41666667 | O18: 17 | P18: =Q18 -> 41807.667 | Q18: 41807.667 | R18: =IF(M$2>0,Q18+N$2,Q18-N$2) -> 41807.833 | AG18: Japan | AH18: Japan | AI18: Slovenia
C19: ='Dummy Table'!B25 -> Uruguay | I19: 18 | J19: Barcelona | K19: 5 | L19: 0.20833333 | O19: 18 | P19: =Q19 -> 41808.792 | Q19: 41808.792 | R19: =IF(M$2>0,Q19+N$2,Q19-N$2) -> 41808.958 | AG19: Uruguay | AH19: Uruguay | AI19: Germany
C20: ='Dummy Table'!B26 -> Costa Rica | I20: 19 | J20: Beijing | K20: 11 | L20: 0.45833333 | O20: 19 | P20: =Q20 -> 41808.667 | Q20: 41808.667 | R20: =IF(M$2>0,Q20+N$2,Q20-N$2) -> 41808.833 | AG20: Costa Rica | AH20: Costa Rica | AI20: Australia
C21: ='Dummy Table'!B27 -> England | I21: 20 | J21: Beirut | K21: 6 | L21: 0.25 | O21: 20 | P21: =Q21 -> 41808.542 | Q21: 41808.542 | R21: =IF(M$2>0,Q21+N$2,Q21-N$2) -> 41808.708 | AG21: England | AH21: England | AI21: Serbia
C22: ='Dummy Table'!B28 -> Italy | I22: 21 | J22: Belgrade | K22: 5 | L22: 0.20833333 | O22: 21 | P22: =Q22 -> 41809.542 | Q22: 41809.542 | R22: =IF(M$2>0,Q22+N$2,Q22-N$2) -> 41809.708 | AG22: Italy | AH22: Italy | AI22: Ghana
C23: ='Dummy Table'!B32 -> Switzerland | I23: 22 | J23: Berlin | K23: 5 | L23: 0.20833333 | O23: 22 | P23: =Q23 -> 41809.792 | Q23: 41809.792 | R23: =IF(M$2>0,Q23+N$2,Q23-N$2) -> 41809.958 | AG23: Switzerland | AH23: Switzerland | AI23: Netherlands
C24: ='Dummy Table'!B33 -> Ecuador | I24: 23 | J24: Bogota | K24: -2 | L24: 0.083333333 | O24: 23 | P24: =Q24 -> 41809.667 | Q24: 41809.667 | R24: =IF(M$2>0,Q24+N$2,Q24-N$2) -> 41809.833 | AG24: Ecuador | AH24: Ecuador | AI24: Denmark
C25: ='Dummy Table'!B34 -> France | I25: 24 | J25: Boston | K25: -1 | L25: 0.041666667 | O25: 24 | P25: =Q25 -> 41810.542 | Q25: 41810.542 | R25: =IF(M$2>0,Q25+N$2,Q25-N$2) -> 41810.708 | AG25: France | AH25: France | AI25: Japan
C26: ='Dummy Table'!B35 -> Honduras | I26: 25 | J26: Brasilia | K26: 0 | L26: 0 | O26: 25 | P26: =Q26 -> 41810.667 | Q26: 41810.667 | R26: =IF(M$2>0,Q26+N$2,Q26-N$2) -> 41810.833 | AG26: Honduras | AH26: Honduras | AI26: Cameroon
C27: ='Dummy Table'!B39 -> Argentina | I27: 26 | J27: Brisbane | K27: 13 | L27: 0.54166667 | O27: 26 | P27: =Q27 -> 41810.792 | Q27: 41810.792 | R27: =IF(M$2>0,Q27+N$2,Q27-N$2) -> 41810.958 | AG27: Argentina | AH27: Argentina | AI27: Italy
C28: ='Dummy Table'!B40 -> Bosnia-Herzegovina | I28: 27 | J28: Brussels | K28: 5 | L28: 0.20833333 | O28: 27 | P28: =Q28 -> 41811.542 | Q28: 41811.542 | R28: =IF(M$2>0,Q28+N$2,Q28-N$2) -> 41811.708 | AG28: Bosnia-Herzegovina | AH28: Bosnia-Herzegovina | AI28: Paraguay
C29: ='Dummy Table'!B41 -> Iran | I29: 28 | J29: Bucharest | K29: 6 | L29: 0.25 | O29: 28 | P29: =Q29 -> 41811.792 | Q29: 41811.792 | R29: =IF(M$2>0,Q29+N$2,Q29-N$2) -> 41811.958 | AG29: Iran | AH29: Iran | AI29: New Zealand
C30: ='Dummy Table'!B42 -> Nigeria | I30: 29 | J30: Budapest | K30: 5 | L30: 0.20833333 | O30: 29 | P30: =Q30 -> 41811.667 | Q30: 41811.667 | R30: =IF(M$2>0,Q30+N$2,Q30-N$2) -> 41811.833 | AG30: Nigeria | AH30: Nigeria | AI30: Slovakia
C31: ='Dummy Table'!B48 -> Ghana | I31: 30 | J31: Buenos Aires | K31: 0 | L31: 0 | O31: 30 | P31: =Q31 -> 41812.792 | Q31: 41812.792 | R31: =IF(M$2>0,Q31+N$2,Q31-N$2) -> 41812.958 | AG31: Germany | AH31: Germany | AI31: Brazil
C32: ='Dummy Table'!B49 -> USA | I32: 31 | J32: Cairo | K32: 5 | L32: 0.20833333 | O32: 31 | P32: =Q32 -> 41812.542 | Q32: 41812.542 | R32: =IF(M$2>0,Q32+N$2,Q32-N$2) -> 41812.708 | AG32: Portugal | AH32: Portugal | AI32: North Korea
C33: ='Dummy Table'!B46 -> Germany | I33: 32 | J33: Canberra | K33: 13 | L33: 0.54166667 | O33: 32 | P33: =Q33 -> 41812.667 | Q33: 41812.667 | R33: =IF(M$2>0,Q33+N$2,Q33-N$2) -> 41812.833 | AG33: Ghana | AH33: Ghana | AI33: Côte-d'Ivoire
C34: ='Dummy Table'!B47 -> Portugal | I34: 33 | J34: Cape Town | K34: 5 | L34: 0.20833333 | O34: 33 | P34: =Q34 -> 41813.708 | Q34: 41813.708 | R34: =IF(M$2>0,Q34+N$2,Q34-N$2) -> 41813.875 | AG34: USA | AH34: USA | AI34: Portugal
C35: ='Dummy Table'!B55 -> Russia | I35: 34 | J35: Caracas | K35: -1.5 | L35: 0.0625 | O35: 34 | P35: =Q35 -> 41813.708 | Q35: 41813.708 | R35: =IF(M$2>0,Q35+N$2,Q35-N$2) -> 41813.875 | AG35: Belgium | AH35: Belgium | AI35: Spain
C36: ='Dummy Table'!B56 -> South Korea | I36: 35 | J36: Casablanca | K36: 3 | L36: 0.125 | O36: 35 | P36: =Q36 -> 41813.542 | Q36: 41813.542 | R36: =IF(M$2>0,Q36+N$2,Q36-N$2) -> 41813.708 | AG36: Algeria | AH36: Algeria | AI36: Switzerland
C37: ='Dummy Table'!B53 -> Belgium | I37: 36 | J37: Chicago | K37: -2 | L37: 0.083333333 | O37: 36 | P37: =Q37 -> 41813.542 | Q37: 41813.542 | R37: =IF(M$2>0,Q37+N$2,Q37-N$2) -> 41813.708 | AG37: Russia | AH37: Russia | AI37: Honduras
C38: ='Dummy Table'!B54 -> Algeria | I38: 37 | J38: Copenhagen | K38: 5 | L38: 0.20833333 | O38: 37 | P38: =Q38 -> 41814.708 | Q38: 41814.708 | R38: =IF(M$2>0,Q38+N$2,Q38-N$2) -> 41814.875 | AG38: South Korea | AH38: South Korea | AI38: Chile
I39: 38 | J39: Darwin | K39: 12.5 | L39: 0.52083333 | O39: 38 | P39: =Q39 -> 41814.708 | Q39: 41814.708 | R39: =IF(M$2>0,Q39+N$2,Q39-N$2) -> 41814.875
I40: 39 | J40: Denver | K40: -3 | L40: 0.125 | O40: 39 | P40: =Q40 -> 41814.542 | Q40: 41814.542 | R40: =IF(M$2>0,Q40+N$2,Q40-N$2) -> 41814.708
I41: 40 | J41: Detroit | K41: -1 | L41: 0.041666667 | O41: 40 | P41: =Q41 -> 41814.542 | Q41: 41814.542 | R41: =IF(M$2>0,Q41+N$2,Q41-N$2) -> 41814.708
I42: 41 | J42: Dhaka | K42: 9 | L42: 0.375 | O42: 41 | P42: =Q42 -> 41815.708 | Q42: 41815.708 | R42: =IF(M$2>0,Q42+N$2,Q42-N$2) -> 41815.875
I43: 42 | J43: Dubai | K43: 7 | L43: 0.29166667 | O43: 42 | P43: =Q43 -> 41815.708 | Q43: 41815.708 | R43: =IF(M$2>0,Q43+N$2,Q43-N$2) -> 41815.875
I44: 43 | J44: Dublin | K44: 4 | L44: 0.16666667 | O44: 43 | P44: =Q44 -> 41815.542 | Q44: 41815.542 | R44: =IF(M$2>0,Q44+N$2,Q44-N$2) -> 41815.708
I45: 44 | J45: Edmonton | K45: -3 | L45: 0.125 | O45: 44 | P45: =Q45 -> 41815.542 | Q45: 41815.542 | R45: =IF(M$2>0,Q45+N$2,Q45-N$2) -> 41815.708
I46: 45 | J46: Frankfurt | K46: 5 | L46: 0.20833333 | O46: 45 | P46: =Q46 -> 41816.542 | Q46: 41816.542 | R46: =IF(M$2>0,Q46+N$2,Q46-N$2) -> 41816.708
I47: 46 | J47: Geneva | K47: 5 | L47: 0.20833333 | O47: 46 | P47: =Q47 -> 41816.542 | Q47: 41816.542 | R47: =IF(M$2>0,Q47+N$2,Q47-N$2) -> 41816.708
I48: 47 | J48: Guatemala | K48: -3 | L48: 0.125 | O48: 47 | P48: =Q48 -> 41816.708 | Q48: 41816.708 | R48: =IF(M$2>0,Q48+N$2,Q48-N$2) -> 41816.875
I49: 48 | J49: Halifax | K49: 0 | L49: 0 | O49: 48 | P49: =Q49 -> 41816.708 | Q49: 41816.708 | R49: =IF(M$2>0,Q49+N$2,Q49-N$2) -> 41816.875
I50: 49 | J50: Hanoi | K50: 10 | L50: 0.41666667 | O50: 49 | P50: =Q50 -> 41818.542 | Q50: 41818.542 | R50: =IF(M$2>0,Q50+N$2,Q50-N$2) -> 41818.708
... I65: 64 | J65: Karachi | K65: 8 | L65: 0.33333333 | O65: 64 | P65: =Q65 -> 41833.667 | Q65: 41833.667 | R65: =IF(M$2>0,Q65+N$2,Q65-N$2) -> 41833.833
I66: 65 | J66: Khartoum | K66: 6 | L66: 0.25
I67: 66 | J67: Kingston | K67: -2 | L67: 0.083333333
I68: 67 | J68: Kiritimati | K68: 17 | L68: 0.70833333
I69: 68 | J69: Kolkata | K69: 8.5 | L69: 0.36805556
I70: 69 | J70: Kuala Lumpur | K70: 11 | L70: 0.45833333
I71: 70 | J71: Kuwait City | K71: 6 | L71: 0.25
I72: 71 | J72: Kyiv | K72: 6 | L72: 0.25
I73: 72 | J73: La Paz | K73: -1 | L73: 0.041666667
I74: 73 | J74: Lagos | K74: 4 | L74: 0.16666667
I75: 74 | J75: Lahore | K75: 8 | L75: 0.33333333
I76: 75 | J76: Lima | K76: -2 | L76: 0.083333333
I77: 76 | J77: Lisbon | K77: 4 | L77: 0.16666667
... I139: 138 | J139: Zagreb | K139: 5 | L139: 0.20833333
H140: R. Musadya | I140: 139 | J140: Zürich | K140: 5 | L140: 0.20833333

Sheet Dummy Table
BE3: 1 | BF3: =Tournament!H14 -> Brazil | BG3: =IF(AND(Tournament!J14<>"",Tournament!L14<>""),Tournament!J14,"") | BH3: =IF(AND(Tournament!L14<>"",Tournament!J14<>""),Tournament!L14,"") | BI3: =Tournament!N14 -> Croatia
A4: =K4+L4+M4+N4 -> 1 | B4: =Tournament!H14 -> Brazil | C4: =SUMIF(AP$4:AP$60,B4,AX$4:AX$60)+SUMIF(AT$4:AT$60,B4,AX$4:AX$60) -> 0 | D4: =SUMIF(AQ$4:AQ$60,B4,AX$4:AX$60)+SUMIF(AU$4:AU$60,B4,AX$4:AX$60) -> 0 | E4: =SUMIF(AR$4:AR$60,B4,AX$4:AX$60)+SUMIF(AV$4:AV$60,B4,AX$4:AX$60) -> 0 | F4: =SUMIF($BF$3:$BF$60,B4,$BG$3:$BG$60)+SUMIF($BI$3:$BI$60,B4,$BH$3:$BH$60) -> 0 | G4: =SUMIF($BI$3:$BI$60,B4,$BG$3:$BG$60)+SUMIF($BF$3:$BF$60,B4,$BH$3:$BH$60) -> 0 | H4: =F4-G4+100 -> 100 | I4: =C4*3+D4 -> 0 | J4: 11 | K4: =RANK(I4,I$4:I$7) -> 1 | L4: =SUMPRODUCT((I$4:I$7=I4)*(H$4:H$7>H4)) -> 0 | M4: =SUMPRODUCT((I$4:I$7=I4)*(H$4:H$7=H4)*(F$4:F$7>F4)) -> 0 | N4: =SUMPRODUCT((I$4:I$7=I4)*(H$4:H$7=H4)*(F$4:F$7=F4)*(J$4:J$7<J4)) -> 0 | O4: =IF(SUM(AG4:AI7)=0,IF(COUNTIF(AJ4:AJ7,0)>1,1,AJ4+1),X4) -> 1 | P4: =VLOOKUP(1,A$4:B$7,2,FALSE) -> Brazil | Q4: =SUMIF(B$4:B$60,P4,F$4:F$60) -> 0 | R4: =SUMIF(B$4:B$60,P4,H$4:H$60) -> 100 | S4: =SUMIF($B$4:$B$60,$P4,I$4:I$60) -> 0 | T4: =SUMIF($B$4:$B$60,$P4,A$4:A$60) -> 1 | U4: =SUMIF($B$4:$B$60,$P4,L$4:L$60) -> 0 | V4: =SUMIF($B$4:$B$60,$P4,M$4:M$60) -> 0 | W4: =SUMIF($B$4:$B$60,$P4,J$4:J$60) -> 11 | X4: =IF(Y4=0,T4,T4+AG4+AH4+AI4+AJ4) -> 1 | Y4: =IF(AND(S4=S5,R4=R5,Q4=Q5),P4,0) -> Brazil | Z4: =SUMIF($AY$4:$AY$60,$Y4,$AX$4:$AX$60)+SUMIF($BB$4:$BB$60,$Y4,$AX$4:$AX$60) -> 0 | AA4: =SUMIF($AZ$4:$AZ$60,$Y4,$AX$4:$AX$60)+SUMIF($BC$4:$BC$60,$Y4,$AX$4:$AX$60) -> 0 | AB4: =SUMIF($BA$4:$BA$60,$Y4,$AX$4:$AX$60)+SUMIF($BD$4:$BD$60,$Y4,$AX$4:$AX$60) -> 0 | AC4: =SUMIF(AY$4:AY$60,Y4,AS$4:AS$60)+SUMIF(BB$4:BB$60,Y4,AW$4:AW$60)+SUMIF(AZ$4:AZ$60,Y4,AS$4:AS$60)+SUMIF(BC$4:BC$60,Y4,AW$4:AW$60) -> 0 | AD4: =SUMIF(BA$4:BA$60,Y4,AS$4:AS$60)+SUMIF(BD$4:BD$60,Y4,AW$4:AW$60)+SUMIF(AZ$4:AZ$60,Y4,AS$4:AS$60)+SUMIF(BC$4:BC$60,Y4,AW$4:AW$60) -> 0 | AE4: =AC4-AD4+100 -> 100 | AF4: =IF(Y4<>0,Z4*3+AA4,"") -> 0 | AG4: =IF(Y4<>0,RANK(AF4,AF$4:AF$7)-1,5) -> 0 | AH4: =IF(Y4<>0,SUMPRODUCT((AF$4:AF$7=AF4)*(AE$4:AE$7>AE4)),5) -> 0 | AI4: =IF(Y4<>0,SUMPRODUCT(($AF$4:$AF$7=AF4)*($AE$4:$AE$7=AE4)*($AC$4:$AC$7>AC4)),5) -> 0 | AJ4: =IF(Y4<>0,SUMPRODUCT(($AF4:$AF7=AF4)*($AE4:$AE7=AE4)*($AC4:$AC7=AC4)*($AK4:$AK7<AK4)),5) -> 0 | AK4: =IF(AL4=0,0,VLOOKUP(Y4,Tournament!AJ$13:AK$16,2,FALSE)) -> 0 | AL4: =IF(Y4<>0,IF(SUM(AG4:AI4)=SUM(AG5:AI5),1,0),0) -> 1 | AM4: =IF(AN4<>0,1,0) -> 1 | AN4: =IF(AL4=1,Y4,0) -> Brazil | AO4: 1 | AP4: =IF(AND(Tournament!J14<>"",Tournament!L14<>""),IF(Tournament!J14>Tournament!L14,Tournament!H14,""),"") | AQ4: =IF(AND(Tournament!J14<>"",Tournament!L14<>""),IF(Tournament!J14=Tournament!L14,Tournament!H14,""),"") | AR4: =IF(AND(Tournament!J14<>"",Tournament!L14<>""),IF(Tournament!J14>Tournament!L14,Tournament!N14,""),"") | AS4: =IF(AND(Tournament!J14<>"",Tournament!L14<>""),Tournament!J14,0) -> 0 | AT4: =IF(AND(Tournament!J14<>"",Tournament!L14<>""),IF(Tournament!J14<Tournament!L14,Tournament!N14,""),"") | AU4: =IF(AND(Tournament!J14<>"",Tournament!L14<>""),IF(Tournament!J14=Tournament!L14,Tournament!N14,""),"") | AV4: =IF(AND(Tournament!J14<>"",Tournament!L14<>""),IF(Tournament!J14<Tournament!L14,Tournament!H14,""),"") | AW4: =IF(AND(Tournament!J14<>"",Tournament!L14<>""),Tournament!L14,0) -> 0 | AX4: 1 | AY4: =IF(AND(COUNTIF($Y$4:$Y$60,AP4)=1,COUNTIF($Y$4:$Y$60,AR4)=1),AP4,"") | AZ4: =IF(AND(COUNTIF($Y$4:$Y$60,AQ4)=1,COUNTIF($Y$4:$Y$60,AU4)=1),AQ4,"") | BA4: =IF(AND(COUNTIF($Y$4:$Y$60,AR4)=1,COUNTIF($Y$4:$Y$60,AP4)=1),AR4,"") | BB4: =IF(AND(COUNTIF($Y$4:$Y$60,AT4)=1,COUNTIF($Y$4:$Y$60,AV4)=1),AT4,"") | BC4: =IF(AND(COUNTIF($Y$4:$Y$60,AU4)=1,COUNTIF($Y$4:$Y$60,AQ4)=1),AU4,"") | BD4: =IF(AND(COUNTIF($Y$4:$Y$60,AV4)=1,COUNTIF($Y$4:$Y$60,AT4)=1),AV4,"") | BE4: 2 | BF4: =Tournament!H15 -> Mexico | BG4: =IF(AND(Tournament!J15<>"",Tournament!L15<>""),Tournament!J15,"") | BH4: =IF(AND(Tournament!L15<>"",Tournament!J15<>""),Tournament!L15,"") | BI4: =Tournament!N15 -> Cameroon
A5: =K5+L5+M5+N5 -> 2 | B5: =Tournament!N14 -> Croatia | C5: =SUMIF(AP$4:AP$60,B5,AX$4:AX$60)+SUMIF(AT$4:AT$60,B5,AX$4:AX$60) -> 0 | D5: =SUMIF(AQ$4:AQ$60,B5,AX$4:AX$60)+SUMIF(AU$4:AU$60,B5,AX$4:AX$60) -> 0 | E5: =SUMIF(AR$4:AR$60,B5,AX$4:AX$60)+SUMIF(AV$4:AV$60,B5,AX$4:AX$60) -> 0 | F5: =SUMIF($BF$3:$BF$60,B5,$BG$3:$BG$60)+SUMIF($BI$3:$BI$60,B5,$BH$3:$BH$60) -> 0 | G5: =SUMIF($BI$3:$BI$60,B5,$BG$3:$BG$60)+SUMIF($BF$3:$BF$60,B5,$BH$3:$BH$60) -> 0 | H5: =F5-G5+100 -> 100 | I5: =C5*3+D5 -> 0 | J5: 18 | K5: =RANK(I5,I$4:I$7) -> 1 | L5: =SUMPRODUCT((I$4:I$7=I5)*(H$4:H$7>H5)) -> 0 | M5: =SUMPRODUCT((I$4:I$7=I5)*(H$4:H$7=H5)*(F$4:F$7>F5)) -> 0 | N5: =SUMPRODUCT((I$4:I$7=I5)*(H$4:H$7=H5)*(F$4:F$7=F5)*(J$4:J$7<J5)) -> 1 | O5: =IF(SUM(AG4:AI7)=0,IF(COUNTIF(AJ4:AJ7,0)>1,2,AJ5+1),IF(AND(X4=1,X5=3,Y4<>0,Y5<>0,Y6=0,Y7=0),2,IF(AND(X4=2,X5=2,Y4<>0,Y5<>0,Y6=0,Y7=0),1,IF(AND(X5=4,AI5=2),3,X5)))) -> 2 | P5: =VLOOKUP(2,A$4:B$7,2,FALSE) -> Croatia | Q5: =SUMIF(B$4:B$60,P5,F$4:F$60) -> 0 | R5: =SUMIF(B$4:B$60,P5,H$4:H$60) -> 100 | S5: =SUMIF($B$4:$B$60,$P5,I$4:I$60) -> 0 | T5: =SUMIF($B$4:$B$60,$P5,A$4:A$60) -> 2 | U5: =SUMIF($B$4:$B$60,$P5,L$4:L$60) -> 0 | V5: =SUMIF($B$4:$B$60,$P5,M$4:M$60) -> 0 | W5: =SUMIF($B$4:$B$60,$P5,J$4:J$60) -> 18 | X5: =IF(Y5=0,T5,T5+AG5+AH5+AI5+AJ5) -> 2 | Y5: =IF(OR(AND(S4=S5,R4=R5,Q4=Q5),AND(S6=S5,R6=R5,Q6=Q5)),P5,0) -> Croatia | Z5: =SUMIF($AY$4:$AY$60,$Y5,$AX$4:$AX$60)+SUMIF($BB$4:$BB$60,$Y5,$AX$4:$AX$60) -> 0 | AA5: =SUMIF($AZ$4:$AZ$60,$Y5,$AX$4:$AX$60)+SUMIF($BC$4:$BC$60,$Y5,$AX$4:$AX$60) -> 0 | AB5: =SUMIF($BA$4:$BA$60,$Y5,$AX$4:$AX$60)+SUMIF($BD$4:$BD$60,$Y5,$AX$4:$AX$60) -> 0 | AC5: =SUMIF(AY$4:AY$60,Y5,AS$4:AS$60)+SUMIF(BB$4:BB$60,Y5,AW$4:AW$60)+SUMIF(AZ$4:AZ$60,Y5,AS$4:AS$60)+SUMIF(BC$4:BC$60,Y5,AW$4:AW$60) -> 0 | AD5: =SUMIF(BA$4:BA$60,Y5,AS$4:AS$60)+SUMIF(BD$4:BD$60,Y5,AW$4:AW$60)+SUMIF(AZ$4:AZ$60,Y5,AS$4:AS$60)+SUMIF(BC$4:BC$60,Y5,AW$4:AW$60) -> 0 | AE5: =AC5-AD5+100 -> 100 | AF5: =IF(Y5<>0,Z5*3+AA5,"") -> 0 | AG5: =IF(Y5<>0,RANK(AF5,AF$4:AF$7)-1,5) -> 0 | AH5: =IF(Y5<>0,SUMPRODUCT((AF$4:AF$7=AF5)*(AE$4:AE$7>AE5)),5) -> 0 | AI5: =IF(Y5<>0,SUMPRODUCT(($AF$4:$AF$7=AF5)*($AE$4:$AE$7=AE5)*($AC$4:$AC$7>AC5)),5) -> 0 | AJ5: =IF(Y5<>0,SUMPRODUCT(($AF4:$AF7=AF5)*($AE4:$AE7=AE5)*($AC4:$AC7=AC5)*($AK4:$AK7<AK5)),5) -> 0 | AK5: =IF(AL5=0,0,VLOOKUP(Y5,Tournament!AJ$13:AK$16,2,FALSE)) -> 0 | AL5: =IF(Y5<>0,IF(OR(SUM(AG5:AI5)=SUM(AG4:AI4),SUM(AG5:AI5)=SUM(AG6:AI6)),1,0),0) -> 1 | AM5: =IF(AN5<>0,AM4+1,AM4) -> 2 | AN5: =IF(AL5=1,Y5,0) -> Croatia | AO5: 2 | AP5: =IF(AND(Tournament!J15<>"",Tournament!L15<>""),IF(Tournament!J15>Tournament!L15,Tournament!H15,""),"") | AQ5: =IF(AND(Tournament!J15<>"",Tournament!L15<>""),IF(Tournament!J15=Tournament!L15,Tournament!H15,""),"") | AR5: =IF(AND(Tournament!J15<>"",Tournament!L15<>""),IF(Tournament!J15>Tournament!L15,Tournament!N15,""),"") | AS5: =IF(AND(Tournament!J15<>"",Tournament!L15<>""),Tournament!J15,0) -> 0 | AT5: =IF(AND(Tournament!J15<>"",Tournament!L15<>""),IF(Tournament!J15<Tournament!L15,Tournament!N15,""),"") | AU5: =IF(AND(Tournament!J15<>"",Tournament!L15<>""),IF(Tournament!J15=Tournament!L15,Tournament!N15,""),"") | AV5: =IF(AND(Tournament!J15<>"",Tournament!L15<>""),IF(Tournament!J15<Tournament!L15,Tournament!H15,""),"") | AW5: =IF(AND(Tournament!J15<>"",Tournament!L15<>""),Tournament!L15,0) -> 0 | AX5: 1 | AY5: =IF(AND(COUNTIF($Y$4:$Y$60,AP5)=1,COUNTIF($Y$4:$Y$60,AR5)=1),AP5,"") | AZ5: =IF(AND(COUNTIF($Y$4:$Y$60,AQ5)=1,COUNTIF($Y$4:$Y$60,AU5)=1),AQ5,"") | BA5: =IF(AND(COUNTIF($Y$4:$Y$60,AR5)=1,COUNTIF($Y$4:$Y$60,AP5)=1),AR5,"") | BB5: =IF(AND(COUNTIF($Y$4:$Y$60,AT5)=1,COUNTIF($Y$4:$Y$60,AV5)=1),AT5,"") | BC5: =IF(AND(COUNTIF($Y$4:$Y$60,AU5)=1,COUNTIF($Y$4:$Y$60,AQ5)=1),AU5,"") | BD5: =IF(AND(COUNTIF($Y$4:$Y$60,AV5)=1,COUNTIF($Y$4:$Y$60,AT5)=1),AV5,"") | BE5: 3 | BF5: =Tournament!H16 -> Spain | BG5: =IF(AND(Tournament!J16<>"",Tournament!L16<>""),Tournament!J16,"") | BH5: =IF(AND(Tournament!L16<>"",Tournament!J16<>""),Tournament!L16,"") | BI5: =Tournament!N16 -> Netherlands
A6: =K6+L6+M6+N6 -> 3 | B6: =Tournament!H15 -> Mexico | C6: =SUMIF(AP$4:AP$60,B6,AX$4:AX$60)+SUMIF(AT$4:AT$60,B6,AX$4:AX$60) -> 0 | D6: =SUMIF(AQ$4:AQ$60,B6,AX$4:AX$60)+SUMIF(AU$4:AU$60,B6,AX$4:AX$60) -> 0 | E6: =SUMIF(AR$4:AR$60,B6,AX$4:AX$60)+SUMIF(AV$4:AV$60,B6,AX$4:AX$60) -> 0 | F6: =SUMIF($BF$3:$BF$60,B6,$BG$3:$BG$60)+SUMIF($BI$3:$BI$60,B6,$BH$3:$BH$60) -> 0 | G6: =SUMIF($BI$3:$BI$60,B6,$BG$3:$BG$60)+SUMIF($BF$3:$BF$60,B6,$BH$3:$BH$60) -> 0 | H6: =F6-G6+100 -> 100 | I6: =C6*3+D6 -> 0 | J6: 23 | K6: =RANK(I6,I$4:I$7) -> 1 | L6: =SUMPRODUCT((I$4:I$7=I6)*(H$4:H$7>H6)) -> 0 | M6: =SUMPRODUCT((I$4:I$7=I6)*(H$4:H$7=H6)*(F$4:F$7>F6)) -> 0 | N6: =SUMPRODUCT((I$4:I$7=I6)*(H$4:H$7=H6)*(F$4:F$7=F6)*(J$4:J$7<J6)) -> 2 | O6: =IF(SUM(AG4:AI7)=0,IF(COUNTIF(AJ4:AJ7,0)>1,3,AJ6+1),IF(AND(X5=3,X6=3,Y4=0,Y5<>0,Y6<>0),2,IF(OR(X6=5,X6=4),3,IF(X6=6,4,IF(AND(X5=4,X4=1,Y6<>""),2,IF(AND(AI6=0,AI5=1,AI4=1,Y6<>""),1,X6)))))) -> 3 | P6: =VLOOKUP(3,A$4:B$7,2,FALSE) -> Mexico | Q6: =SUMIF(B$4:B$60,P6,F$4:F$60) -> 0 | R6: =SUMIF(B$4:B$60,P6,H$4:H$60) -> 100 | S6: =SUMIF($B$4:$B$60,$P6,I$4:I$60) -> 0 | T6: =SUMIF($B$4:$B$60,$P6,A$4:A$60) -> 3 | U6: =SUMIF($B$4:$B$60,$P6,L$4:L$60) -> 0 | V6: =SUMIF($B$4:$B$60,$P6,M$4:M$60) -> 0 | W6: =SUMIF($B$4:$B$60,$P6,J$4:J$60) -> 23 | X6: =IF(Y6=0,T6,T6+AG6+AH6+AI6+AJ6) -> 3 | Y6: =IF(OR(AND(S5=S6,R5=R6,Q5=Q6),AND(S7=S6,S6=S5,R7=R6,R6=R5,Q7=Q6,Q6=Q5)),P6,0) -> Mexico | Z6: =SUMIF($AY$4:$AY$60,$Y6,$AX$4:$AX$60)+SUMIF($BB$4:$BB$60,$Y6,$AX$4:$AX$60) -> 0 | AA6: =SUMIF($AZ$4:$AZ$60,$Y6,$AX$4:$AX$60)+SUMIF($BC$4:$BC$60,$Y6,$AX$4:$AX$60) -> 0 | AB6: =SUMIF($BA$4:$BA$60,$Y6,$AX$4:$AX$60)+SUMIF($BD$4:$BD$60,$Y6,$AX$4:$AX$60) -> 0 | AC6: =SUMIF(AY$4:AY$60,Y6,AS$4:AS$60)+SUMIF(BB$4:BB$60,Y6,AW$4:AW$60)+SUMIF(AZ$4:AZ$60,Y6,AS$4:AS$60)+SUMIF(BC$4:BC$60,Y6,AW$4:AW$60) -> 0 | AD6: =SUMIF(BA$4:BA$60,Y6,AS$4:AS$60)+SUMIF(BD$4:BD$60,Y6,AW$4:AW$60)+SUMIF(AZ$4:AZ$60,Y6,AS$4:AS$60)+SUMIF(BC$4:BC$60,Y6,AW$4:AW$60) -> 0 | AE6: =AC6-AD6+100 -> 100 | AF6: =IF(Y6<>0,Z6*3+AA6,"") -> 0 | AG6: =IF(Y6<>0,RANK(AF6,AF$4:AF$7)-1,5) -> 0 | AH6: =IF(Y6<>0,SUMPRODUCT((AF$4:AF$7=AF6)*(AE$4:AE$7>AE6)),5) -> 0 | AI6: =IF(Y6<>0,SUMPRODUCT(($AF$4:$AF$7=AF6)*($AE$4:$AE$7=AE6)*($AC$4:$AC$7>AC6)),5) -> 0 | AJ6: =IF(Y6<>0,SUMPRODUCT(($AF4:$AF7=AF6)*($AE4:$AE7=AE6)*($AC4:$AC7=AC6)*($AK4:$AK7<AK6)),5) -> 0 | AK6: =IF(AL6=0,0,VLOOKUP(Y6,Tournament!AJ$13:AK$16,2,FALSE)) -> 0 | AL6: =IF(Y6<>0,IF(OR(SUM(AG6:AI6)=SUM(AG5:AI5),SUM(AG6:AI6)=SUM(AG7:AI7)),1,0),0) -> 1 | AM6: =IF(AN6<>0,AM5+1,AM5) -> 3 | AN6: =IF(AL6=1,Y6,0) -> Mexico | AO6: 3 | AP6: =IF(AND(Tournament!J16<>"",Tournament!L16<>""),IF(Tournament!J16>Tournament!L16,Tournament!H16,""),"") | AQ6: =IF(AND(Tournament!J16<>"",Tournament!L16<>""),IF(Tournament!J16=Tournament!L16,Tournament!H16,""),"") | AR6: =IF(AND(Tournament!J16<>"",Tournament!L16<>""),IF(Tournament!J16>Tournament!L16,Tournament!N16,""),"") | AS6: =IF(AND(Tournament!J16<>"",Tournament!L16<>""),Tournament!J16,0) -> 0 | AT6: =IF(AND(Tournament!J16<>"",Tournament!L16<>""),IF(Tournament!J16<Tournament!L16,Tournament!N16,""),"") | AU6: =IF(AND(Tournament!J16<>"",Tournament!L16<>""),IF(Tournament!J16=Tournament!L16,Tournament!N16,""),"") | AV6: =IF(AND(Tournament!J16<>"",Tournament!L16<>""),IF(Tournament!J16<Tournament!L16,Tournament!H16,""),"") | AW6: =IF(AND(Tournament!J16<>"",Tournament!L16<>""),Tournament!L16,0) -> 0 | AX6: 1 | AY6: =IF(AND(COUNTIF($Y$4:$Y$60,AP6)=1,COUNTIF($Y$4:$Y$60,AR6)=1),AP6,"") | AZ6: =IF(AND(COUNTIF($Y$4:$Y$60,AQ6)=1,COUNTIF($Y$4:$Y$60,AU6)=1),AQ6,"") | BA6: =IF(AND(COUNTIF($Y$4:$Y$60,AR6)=1,COUNTIF($Y$4:$Y$60,AP6)=1),AR6,"") | BB6: =IF(AND(COUNTIF($Y$4:$Y$60,AT6)=1,COUNTIF($Y$4:$Y$60,AV6)=1),AT6,"") | BC6: =IF(AND(COUNTIF($Y$4:$Y$60,AU6)=1,COUNTIF($Y$4:$Y$60,AQ6)=1),AU6,"") | BD6: =IF(AND(COUNTIF($Y$4:$Y$60,AV6)=1,COUNTIF($Y$4:$Y$60,AT6)=1),AV6,"") | BE6: 4 | BF6: =Tournament!H17 -> Chile | BG6: =IF(AND(Tournament!J17<>"",Tournament!L17<>""),Tournament!J17,"") | BH6: =IF(AND(Tournament!L17<>"",Tournament!J17<>""),Tournament!L17,"") | BI6: =Tournament!N17 -> Australia
A7: =K7+L7+M7+N7 -> 4 | B7: =Tournament!N15 -> Cameroon | C7: =SUMIF(AP$4:AP$60,B7,AX$4:AX$60)+SUMIF(AT$4:AT$60,B7,AX$4:AX$60) -> 0 | D7: =SUMIF(AQ$4:AQ$60,B7,AX$4:AX$60)+SUMIF(AU$4:AU$60,B7,AX$4:AX$60) -> 0 | E7: =SUMIF(AR$4:AR$60,B7,AX$4:AX$60)+SUMIF(AV$4:AV$60,B7,AX$4:AX$60) -> 0 | F7: =SUMIF($BF$3:$BF$60,B7,$BG$3:$BG$60)+SUMIF($BI$3:$BI$60,B7,$BH$3:$BH$60) -> 0 | G7: =SUMIF($BI$3:$BI$60,B7,$BG$3:$BG$60)+SUMIF($BF$3:$BF$60,B7,$BH$3:$BH$60) -> 0 | H7: =F7-G7+100 -> 100 | I7: =C7*3+D7 -> 0 | J7: 32 | K7: =RANK(I7,I$4:I$7) -> 1 | L7: =SUMPRODUCT((I$4:I$7=I7)*(H$4:H$7>H7)) -> 0 | M7: =SUMPRODUCT((I$4:I$7=I7)*(H$4:H$7=H7)*(F$4:F$7>F7)) -> 0 | N7: =SUMPRODUCT((I$4:I$7=I7)*(H$4:H$7=H7)*(F$4:F$7=F7)*(J$4:J$7<J7)) -> 3 | O7: =IF(SUM(AG4:AI7)=0,IF(COUNTIF(AJ4:AJ7,0)>1,4,AJ7+1),IF(X7=X6,IF(X7=3,4,X7),IF(X7=5,3,IF(X7=6,4,X7)))) -> 4 | P7: =VLOOKUP(4,A$4:B$7,2,FALSE) -> Cameroon | Q7: =SUMIF(B$4:B$60,P7,F$4:F$60) -> 0 | R7: =SUMIF(B$4:B$60,P7,H$4:H$60) -> 100 | S7: =SUMIF($B$4:$B$60,$P7,I$4:I$60) -> 0 | T7: =SUMIF($B$4:$B$60,$P7,A$4:A$60) -> 4 | U7: =SUMIF($B$4:$B$60,$P7,L$4:L$60) -> 0 | V7: =SUMIF($B$4:$B$60,$P7,M$4:M$60) -> 0 | W7: =SUMIF($B$4:$B$60,$P7,J$4:J$60) -> 32 | X7: =IF(Y7=0,T7,T7+AG7+AH7+AI7+AJ7) -> 4 | Y7: =IF(AND(S6=S7,S6=S5,R6=R7,R6=R5,Q6=Q7,Q6=Q5),P7,0) -> Cameroon | Z7: =SUMIF($AY$4:$AY$60,$Y7,$AX$4:$AX$60)+SUMIF($BB$4:$BB$60,$Y7,$AX$4:$AX$60) -> 0 | AA7: =SUMIF($AZ$4:$AZ$60,$Y7,$AX$4:$AX$60)+SUMIF($BC$4:$BC$60,$Y7,$AX$4:$AX$60) -> 0 | AB7: =SUMIF($BA$4:$BA$60,$Y7,$AX$4:$AX$60)+SUMIF($BD$4:$BD$60,$Y7,$AX$4:$AX$60) -> 0 | AC7: =SUMIF(AY$4:AY$60,Y7,AS$4:AS$60)+SUMIF(BB$4:BB$60,Y7,AW$4:AW$60)+SUMIF(AZ$4:AZ$60,Y7,AS$4:AS$60)+SUMIF(BC$4:BC$60,Y7,AW$4:AW$60) -> 0 | AD7: =SUMIF(BA$4:BA$60,Y7,AS$4:AS$60)+SUMIF(BD$4:BD$60,Y7,AW$4:AW$60)+SUMIF(AZ$4:AZ$60,Y7,AS$4:AS$60)+SUMIF(BC$4:BC$60,Y7,AW$4:AW$60) -> 0 | AE7: =AC7-AD7+100 -> 100 | AF7: =IF(Y7<>0,Z7*3+AA7,"") -> 0 | AG7: =IF(Y7<>0,RANK(AF7,AF$4:AF$7)-1,5) -> 0 | AH7: =IF(Y7<>0,SUMPRODUCT((AF$4:AF$7=AF7)*(AE$4:AE$7>AE7)),5) -> 0 | AI7: =IF(Y7<>0,SUMPRODUCT(($AF$4:$AF$7=AF7)*($AE$4:$AE$7=AE7)*($AC$4:$AC$7>AC7)),5) -> 0 | AJ7: =IF(Y7<>0,SUMPRODUCT(($AF4:$AF7=AF7)*($AE4:$AE7=AE7)*($AC4:$AC7=AC7)*($AK4:$AK7<AK7)),5) -> 0 | AK7: =IF(AL7=0,0,VLOOKUP(Y7,Tournament!AJ$13:AK$16,2,FALSE)) -> 0 | AL7: =IF(Y7<>0,IF(SUM(AG7:AI7)=SUM(AG6:AI6),1,0),0) -> 1 | AM7: =IF(AN7<>0,AM6+1,AM6) -> 4 | AN7: =IF(AL7=1,Y7,0) -> Cameroon | AO7: 4 | AP7: =IF(AND(Tournament!J17<>"",Tournament!L17<>""),IF(Tournament!J17>Tournament!L17,Tournament!H17,""),"") | AQ7: =IF(AND(Tournament!J17<>"",Tournament!L17<>""),IF(Tournament!J17=Tournament!L17,Tournament!H17,""),"") | AR7: =IF(AND(Tournament!J17<>"",Tournament!L17<>""),IF(Tournament!J17>Tournament!L17,Tournament!N17,""),"") | AS7: =IF(AND(Tournament!J17<>"",Tournament!L17<>""),Tournament!J17,0) -> 0 | AT7: =IF(AND(Tournament!J17<>"",Tournament!L17<>""),IF(Tournament!J17<Tournament!L17,Tournament!N17,""),"") | AU7: =IF(AND(Tournament!J17<>"",Tournament!L17<>""),IF(Tournament!J17=Tournament!L17,Tournament!N17,""),"") | AV7: =IF(AND(Tournament!J17<>"",Tournament!L17<>""),IF(Tournament!J17<Tournament!L17,Tournament!H17,""),"") | AW7: =IF(AND(Tournament!J17<>"",Tournament!L17<>""),Tournament!L17,0) -> 0 | AX7: 1 | AY7: =IF(AND(COUNTIF($Y$4:$Y$60,AP7)=1,COUNTIF($Y$4:$Y$60,AR7)=1),AP7,"") | AZ7: =IF(AND(COUNTIF($Y$4:$Y$60,AQ7)=1,COUNTIF($Y$4:$Y$60,AU7)=1),AQ7,"") | BA7: =IF(AND(COUNTIF($Y$4:$Y$60,AR7)=1,COUNTIF($Y$4:$Y$60,AP7)=1),AR7,"") | BB7: =IF(AND(COUNTIF($Y$4:$Y$60,AT7)=1,COUNTIF($Y$4:$Y$60,AV7)=1),AT7,"") | BC7: =IF(AND(COUNTIF($Y$4:$Y$60,AU7)=1,COUNTIF($Y$4:$Y$60,AQ7)=1),AU7,"") | BD7: =IF(AND(COUNTIF($Y$4:$Y$60,AV7)=1,COUNTIF($Y$4:$Y$60,AT7)=1),AV7,"") | BE7: 5 | BF7: =Tournament!H18 -> Colombia | BG7: =IF(AND(Tournament!J18<>"",Tournament!L18<>""),Tournament!J18,"") | BH7: =IF(AND(Tournament!L18<>"",Tournament!J18<>""),Tournament!L18,"") | BI7: =Tournament!N18 -> Greece
AO8: 5 | AP8: =IF(AND(Tournament!J18<>"",Tournament!L18<>""),IF(Tournament!J18>Tournament!L18,Tournament!H18,""),"") | AQ8: =IF(AND(Tournament!J18<>"",Tournament!L18<>""),IF(Tournament!J18=Tournament!L18,Tournament!H18,""),"") | AR8: =IF(AND(Tournament!J18<>"",Tournament!L18<>""),IF(Tournament!J18>Tournament!L18,Tournament!N18,""),"") | AS8: =IF(AND(Tournament!J18<>"",Tournament!L18<>""),Tournament!J18,0) -> 0 | AT8: =IF(AND(Tournament!J18<>"",Tournament!L18<>""),IF(Tournament!J18<Tournament!L18,Tournament!N18,""),"") | AU8: =IF(AND(Tournament!J18<>"",Tournament!L18<>""),IF(Tournament!J18=Tournament!L18,Tournament!N18,""),"") | AV8: =IF(AND(Tournament!J18<>"",Tournament!L18<>""),IF(Tournament!J18<Tournament!L18,Tournament!H18,""),"") | AW8: =IF(AND(Tournament!J18<>"",Tournament!L18<>""),Tournament!L18,0) -> 0 | AX8: 1 | AY8: =IF(AND(COUNTIF($Y$4:$Y$60,AP8)=1,COUNTIF($Y$4:$Y$60,AR8)=1),AP8,"") | AZ8: =IF(AND(COUNTIF($Y$4:$Y$60,AQ8)=1,COUNTIF($Y$4:$Y$60,AU8)=1),AQ8,"") | BA8: =IF(AND(COUNTIF($Y$4:$Y$60,AR8)=1,COUNTIF($Y$4:$Y$60,AP8)=1),AR8,"") | BB8: =IF(AND(COUNTIF($Y$4:$Y$60,AT8)=1,COUNTIF($Y$4:$Y$60,AV8)=1),AT8,"") | BC8: =IF(AND(COUNTIF($Y$4:$Y$60,AU8)=1,COUNTIF($Y$4:$Y$60,AQ8)=1),AU8,"") | BD8: =IF(AND(COUNTIF($Y$4:$Y$60,AV8)=1,COUNTIF($Y$4:$Y$60,AT8)=1),AV8,"") | BE8: 6 | BF8: =Tournament!H19 -> Ivory Coast | BG8: =IF(AND(Tournament!J19<>"",Tournament!L19<>""),Tournament!J19,"") | BH8: =IF(AND(Tournament!L19<>"",Tournament!J19<>""),Tournament!L19,"") | BI8: =Tournament!N19 -> Japan
AO9: 6 | AP9: =IF(AND(Tournament!J19<>"",Tournament!L19<>""),IF(Tournament!J19>Tournament!L19,Tournament!H19,""),"") | AQ9: =IF(AND(Tournament!J19<>"",Tournament!L19<>""),IF(Tournament!J19=Tournament!L19,Tournament!H19,""),"") | AR9: =IF(AND(Tournament!J19<>"",Tournament!L19<>""),IF(Tournament!J19>Tournament!L19,Tournament!N19,""),"") | AS9: =IF(AND(Tournament!J19<>"",Tournament!L19<>""),Tournament!J19,0) -> 0 | AT9: =IF(AND(Tournament!J19<>"",Tournament!L19<>""),IF(Tournament!J19<Tournament!L19,Tournament!N19,""),"") | AU9: =IF(AND(Tournament!J19<>"",Tournament!L19<>""),IF(Tournament!J19=Tournament!L19,Tournament!N19,""),"") | AV9: =IF(AND(Tournament!J19<>"",Tournament!L19<>""),IF(Tournament!J19<Tournament!L19,Tournament!H19,""),"") | AW9: =IF(AND(Tournament!J19<>"",Tournament!L19<>""),Tournament!L19,0) -> 0 | AX9: 1 | AY9: =IF(AND(COUNTIF($Y$4:$Y$60,AP9)=1,COUNTIF($Y$4:$Y$60,AR9)=1),AP9,"") | AZ9: =IF(AND(COUNTIF($Y$4:$Y$60,AQ9)=1,COUNTIF($Y$4:$Y$60,AU9)=1),AQ9,"") | BA9: =IF(AND(COUNTIF($Y$4:$Y$60,AR9)=1,COUNTIF($Y$4:$Y$60,AP9)=1),AR9,"") | BB9: =IF(AND(COUNTIF($Y$4:$Y$60,AT9)=1,COUNTIF($Y$4:$Y$60,AV9)=1),AT9,"") | BC9: =IF(AND(COUNTIF($Y$4:$Y$60,AU9)=1,COUNTIF($Y$4:$Y$60,AQ9)=1),AU9,"") | BD9: =IF(AND(COUNTIF($Y$4:$Y$60,AV9)=1,COUNTIF($Y$4:$Y$60,AT9)=1),AV9,"") | BE9: 7 | BF9: =Tournament!H20 -> Uruguay | BG9: =IF(AND(Tournament!J20<>"",Tournament!L20<>""),Tournament!J20,"") | BH9: =IF(AND(Tournament!L20<>"",Tournament!J20<>""),Tournament!L20,"") | BI9: =Tournament!N20 -> Costa Rica
AO10: 7 | AP10: =IF(AND(Tournament!J20<>"",Tournament!L20<>""),IF(Tournament!J20>Tournament!L20,Tournament!H20,""),"") | AQ10: =IF(AND(Tournament!J20<>"",Tournament!L20<>""),IF(Tournament!J20=Tournament!L20,Tournament!H20,""),"") | AR10: =IF(AND(Tournament!J20<>"",Tournament!L20<>""),IF(Tournament!J20>Tournament!L20,Tournament!N20,""),"") | AS10: =IF(AND(Tournament!J20<>"",Tournament!L20<>""),Tournament!J20,0) -> 0 | AT10: =IF(AND(Tournament!J20<>"",Tournament!L20<>""),IF(Tournament!J20<Tournament!L20,Tournament!N20,""),"") | AU10: =IF(AND(Tournament!J20<>"",Tournament!L20<>""),IF(Tournament!J20=Tournament!L20,Tournament!N20,""),"") | AV10: =IF(AND(Tournament!J20<>"",Tournament!L20<>""),IF(Tournament!J20<Tournament!L20,Tournament!H20,""),"") | AW10: =IF(AND(Tournament!J20<>"",Tournament!L20<>""),Tournament!L20,0) -> 0 | AX10: 1 | AY10: =IF(AND(COUNTIF($Y$4:$Y$60,AP10)=1,COUNTIF($Y$4:$Y$60,AR10)=1),AP10,"") | AZ10: =IF(AND(COUNTIF($Y$4:$Y$60,AQ10)=1,COUNTIF($Y$4:$Y$60,AU10)=1),AQ10,"") | BA10: =IF(AND(COUNTIF($Y$4:$Y$60,AR10)=1,COUNTIF($Y$4:$Y$60,AP10)=1),AR10,"") | BB10: =IF(AND(COUNTIF($Y$4:$Y$60,AT10)=1,COUNTIF($Y$4:$Y$60,AV10)=1),AT10,"") | BC10: =IF(AND(COUNTIF($Y$4:$Y$60,AU10)=1,COUNTIF($Y$4:$Y$60,AQ10)=1),AU10,"") | BD10: =IF(AND(COUNTIF($Y$4:$Y$60,AV10)=1,COUNTIF($Y$4:$Y$60,AT10)=1),AV10,"") | BE10: 8 | BF10: =Tournament!H21 -> England | BG10: =IF(AND(Tournament!J21<>"",Tournament!L21<>""),Tournament!J21,"") | BH10: =IF(AND(Tournament!L21<>"",Tournament!J21<>""),Tournament!L21,"") | BI10: =Tournament!N21 -> Italy
A11: =K11+L11+M11+N11 -> 1 | B11: =Tournament!H16 -> Spain | C11: =SUMIF(AP$4:AP$60,B11,AX$4:AX$60)+SUMIF(AT$4:AT$60,B11,AX$4:AX$60) -> 0 | D11: =SUMIF(AQ$4:AQ$60,B11,AX$4:AX$60)+SUMIF(AU$4:AU$60,B11,AX$4:AX$60) -> 0 | E11: =SUMIF(AR$4:AR$60,B11,AX$4:AX$60)+SUMIF(AV$4:AV$60,B11,AX$4:AX$60) -> 0 | F11: =SUMIF($BF$3:$BF$60,B11,$BG$3:$BG$60)+SUMIF($BI$3:$BI$60,B11,$BH$3:$BH$60) -> 0 | G11: =SUMIF($BI$3:$BI$60,B11,$BG$3:$BG$60)+SUMIF($BF$3:$BF$60,B11,$BH$3:$BH$60) -> 0 | H11: =F11-G11+100 -> 100 | I11: =C11*3+D11 -> 0 | J11: 1 | K11: =RANK(I11,I$11:I$14) -> 1 | L11: =SUMPRODUCT((I$11:I$14=I11)*(H$11:H$14>H11)) -> 0 | M11: =SUMPRODUCT((I$11:I$14=I11)*(H$11:H$14=H11)*(F$11:F$14>F11)) -> 0 | N11: =SUMPRODUCT((I$11:I$14=I11)*(H$11:H$14=H11)*(F$11:F$14=F11)*(J$11:J$14<J11)) -> 0 | O11: =IF(SUM(AG11:AI14)=0,IF(COUNTIF(AJ11:AJ14,0)>1,1,AJ11+1),X11) -> 1 | P11: =VLOOKUP(1,A$11:B$14,2,FALSE) -> Spain | Q11: =SUMIF(B$4:B$60,P11,F$4:F$60) -> 0 | R11: =SUMIF(B$4:B$60,P11,H$4:H$60) -> 100 | S11: =SUMIF($B$4:$B$60,$P11,I$4:I$60) -> 0 | T11: =SUMIF($B$4:$B$60,$P11,A$4:A$60) -> 1 | U11: =SUMIF($B$4:$B$60,$P11,L$4:L$60) -> 0 | V11: =SUMIF($B$4:$B$60,$P11,M$4:M$60) -> 0 | W11: =SUMIF($B$4:$B$60,$P11,J$4:J$60) -> 1 | X11: =IF(Y11=0,T11,T11+AG11+AH11+AI11) -> 1 | Y11: =IF(AND(S11=S12,R11=R12,Q11=Q12),P11,0) -> Spain | Z11: =SUMIF($AY$4:$AY$60,$Y11,$AX$4:$AX$60)+SUMIF($BB$4:$BB$60,$Y11,$AX$4:$AX$60) -> 0 | AA11: =SUMIF($AZ$4:$AZ$60,$Y11,$AX$4:$AX$60)+SUMIF($BC$4:$BC$60,$Y11,$AX$4:$AX$60) -> 0 | AB11: =SUMIF($BA$4:$BA$60,$Y11,$AX$4:$AX$60)+SUMIF($BD$4:$BD$60,$Y11,$AX$4:$AX$60) -> 0 | AC11: =SUMIF(AY$4:AY$60,Y11,AS$4:AS$60)+SUMIF(BB$4:BB$60,Y11,AW$4:AW$60)+SUMIF(AZ$4:AZ$60,Y11,AS$4:AS$60)+SUMIF(BC$4:BC$60,Y11,AW$4:AW$60) -> 0 | AD11: =SUMIF(BA$4:BA$60,Y11,AS$4:AS$60)+SUMIF(BD$4:BD$60,Y11,AW$4:AW$60)+SUMIF(AZ$4:AZ$60,Y11,AS$4:AS$60)+SUMIF(BC$4:BC$60,Y11,AW$4:AW$60) -> 0 | AE11: =AC11-AD11+100 -> 100 | AF11: =IF(Y11<>0,Z11*3+AA11,"") -> 0 | AG11: =IF(Y11<>0,RANK(AF11,AF$11:AF$14)-1,5) -> 0 | AH11: =IF(Y11<>0,SUMPRODUCT((AF$11:AF$14=AF11)*(AE$11:AE$14>AE11)),5) -> 0 | AI11: =IF(Y11<>0,SUMPRODUCT((AF$11:AF$14=AF11)*(AE$11:AE$14=AE11)*(AC$11:AC$14>AC11)),5) -> 0 | AJ11: =IF(Y11<>0,SUMPRODUCT(($AF11:$AF14=AF11)*($AE11:$AE14=AE11)*($AC11:$AC14=AC11)*($AK11:$AK14<AK11)),5) -> 0 | AK11: =IF(AL11=0,0,VLOOKUP(Y11,Tournament!AJ$18:AK$22,2,FALSE)) -> 0 | AL11: =IF(Y11<>0,IF(SUM(AG11:AI11)=SUM(AG12:AI12),1,0),0) -> 1 | AM11: =IF(AN11<>0,1,0) -> 1 | AN11: =IF(AL11=1,Y11,0) -> Spain | AO11: 8 | AP11: =IF(AND(Tournament!J21<>"",Tournament!L21<>""),IF(Tournament!J21>Tournament!L21,Tournament!H21,""),"") | AQ11: =IF(AND(Tournament!J21<>"",Tournament!L21<>""),IF(Tournament!J21=Tournament!L21,Tournament!H21,""),"") | AR11: =IF(AND(Tournament!J21<>"",Tournament!L21<>""),IF(Tournament!J21>Tournament!L21,Tournament!N21,""),"") | AS11: =IF(AND(Tournament!J21<>"",Tournament!L21<>""),Tournament!J21,0) -> 0 | AT11: =IF(AND(Tournament!J21<>"",Tournament!L21<>""),IF(Tournament!J21<Tournament!L21,Tournament!N21,""),"") | AU11: =IF(AND(Tournament!J21<>"",Tournament!L21<>""),IF(Tournament!J21=Tournament!L21,Tournament!N21,""),"") | AV11: =IF(AND(Tournament!J21<>"",Tournament!L21<>""),IF(Tournament!J21<Tournament!L21,Tournament!H21,""),"") | AW11: =IF(AND(Tournament!J21<>"",Tournament!L21<>""),Tournament!L21,0) -> 0 | AX11: 1 | AY11: =IF(AND(COUNTIF($Y$4:$Y$60,AP11)=1,COUNTIF($Y$4:$Y$60,AR11)=1),AP11,"") | AZ11: =IF(AND(COUNTIF($Y$4:$Y$60,AQ11)=1,COUNTIF($Y$4:$Y$60,AU11)=1),AQ11,"") | BA11: =IF(AND(COUNTIF($Y$4:$Y$60,AR11)=1,COUNTIF($Y$4:$Y$60,AP11)=1),AR11,"") | BB11: =IF(AND(COUNTIF($Y$4:$Y$60,AT11)=1,COUNTIF($Y$4:$Y$60,AV11)=1),AT11,"") | BC11: =IF(AND(COUNTIF($Y$4:$Y$60,AU11)=1,COUNTIF($Y$4:$Y$60,AQ11)=1),AU11,"") | BD11: =IF(AND(COUNTIF($Y$4:$Y$60,AV11)=1,COUNTIF($Y$4:$Y$60,AT11)=1),AV11,"") | BE11: 9 | BF11: =Tournament!H22 -> Switzerland | BG11: =IF(AND(Tournament!J22<>"",Tournament!L22<>""),Tournament!J22,"") | BH11: =IF(AND(Tournament!L22<>"",Tournament!J22<>""),Tournament!L22,"") | BI11: =Tournament!N22 -> Ecuador
A12: =K12+L12+M12+N12 -> 2 | B12: =Tournament!N16 -> Netherlands | C12: =SUMIF(AP$4:AP$60,B12,AX$4:AX$60)+SUMIF(AT$4:AT$60,B12,AX$4:AX$60) -> 0 | D12: =SUMIF(AQ$4:AQ$60,B12,AX$4:AX$60)+SUMIF(AU$4:AU$60,B12,AX$4:AX$60) -> 0 | E12: =SUMIF(AR$4:AR$60,B12,AX$4:AX$60)+SUMIF(AV$4:AV$60,B12,AX$4:AX$60) -> 0 | F12: =SUMIF($BF$3:$BF$60,B12,$BG$3:$BG$60)+SUMIF($BI$3:$BI$60,B12,$BH$3:$BH$60) -> 0 | G12: =SUMIF($BI$3:$BI$60,B12,$BG$3:$BG$60)+SUMIF($BF$3:$BF$60,B12,$BH$3:$BH$60) -> 0 | H12: =F12-G12+100 -> 100 | I12: =C12*3+D12 -> 0 | J12: 8 | K12: =RANK(I12,I$11:I$14) -> 1 | L12: =SUMPRODUCT((I$11:I$14=I12)*(H$11:H$14>H12)) -> 0 | M12: =SUMPRODUCT((I$11:I$14=I12)*(H$11:H$14=H12)*(F$11:F$14>F12)) -> 0 | N12: =SUMPRODUCT((I$11:I$14=I12)*(H$11:H$14=H12)*(F$11:F$14=F12)*(J$11:J$14<J12)) -> 1 | O12: =IF(SUM(AG11:AI14)=0,IF(COUNTIF(AJ11:AJ14,0)>1,2,AJ12+1),IF(AND(X11=1,X12=3,Y11<>0,Y12<>0,Y13=0,Y14=0),2,IF(AND(X11=2,X12=2,Y11<>0,Y12<>0,Y13=0,Y14=0),1,IF(AND(X12=4,AI12=2),3,X12)))) -> 2 | P12: =VLOOKUP(2,A$11:B$14,2,FALSE) -> Netherlands | Q12: =SUMIF(B$4:B$60,P12,F$4:F$60) -> 0 | R12: =SUMIF(B$4:B$60,P12,H$4:H$60) -> 100 | S12: =SUMIF($B$4:$B$60,$P12,I$4:I$60) -> 0 | T12: =SUMIF($B$4:$B$60,$P12,A$4:A$60) -> 2 | U12: =SUMIF($B$4:$B$60,$P12,L$4:L$60) -> 0 | V12: =SUMIF($B$4:$B$60,$P12,M$4:M$60) -> 0 | W12: =SUMIF($B$4:$B$60,$P12,J$4:J$60) -> 8 | X12: =IF(Y12=0,T12,T12+AG12+AH12+AI12) -> 2 | Y12: =IF(OR(AND(S11=S12,R11=R12,Q11=Q12),AND(S13=S12,R13=R12,Q13=Q12)),P12,0) -> Netherlands | Z12: =SUMIF($AY$4:$AY$60,$Y12,$AX$4:$AX$60)+SUMIF($BB$4:$BB$60,$Y12,$AX$4:$AX$60) -> 0 | AA12: =SUMIF($AZ$4:$AZ$60,$Y12,$AX$4:$AX$60)+SUMIF($BC$4:$BC$60,$Y12,$AX$4:$AX$60) -> 0 | AB12: =SUMIF($BA$4:$BA$60,$Y12,$AX$4:$AX$60)+SUMIF($BD$4:$BD$60,$Y12,$AX$4:$AX$60) -> 0 | AC12: =SUMIF(AY$4:AY$60,Y12,AS$4:AS$60)+SUMIF(BB$4:BB$60,Y12,AW$4:AW$60)+SUMIF(AZ$4:AZ$60,Y12,AS$4:AS$60)+SUMIF(BC$4:BC$60,Y12,AW$4:AW$60) -> 0 | AD12: =SUMIF(BA$4:BA$60,Y12,AS$4:AS$60)+SUMIF(BD$4:BD$60,Y12,AW$4:AW$60)+SUMIF(AZ$4:AZ$60,Y12,AS$4:AS$60)+SUMIF(BC$4:BC$60,Y12,AW$4:AW$60) -> 0 | AE12: =AC12-AD12+100 -> 100 | AF12: =IF(Y12<>0,Z12*3+AA12,"") -> 0 | AG12: =IF(Y12<>0,RANK(AF12,AF$11:AF$14)-1,5) -> 0 | AH12: =IF(Y12<>0,SUMPRODUCT((AF$11:AF$14=AF12)*(AE$11:AE$14>AE12)),5) -> 0 | AI12: =IF(Y12<>0,SUMPRODUCT((AF$11:AF$14=AF12)*(AE$11:AE$14=AE12)*(AC$11:AC$14>AC12)),5) -> 0 | AJ12: =IF(Y12<>0,SUMPRODUCT(($AF11:$AF14=AF12)*($AE11:$AE14=AE12)*($AC11:$AC14=AC12)*($AK11:$AK14<AK12)),5) -> 0 | AK12: =IF(AL12=0,0,VLOOKUP(Y12,Tournament!AJ$18:AK$22,2,FALSE)) -> 0 | AL12: =IF(Y12<>0,IF(OR(SUM(AG12:AI12)=SUM(AG11:AI11),SUM(AG12:AI12)=SUM(AG13:AI13)),1,0),0) -> 1 | AM12: =IF(AN12<>0,AM11+1,AM11) -> 2 | AN12: =IF(AL12=1,Y12,0) -> Netherlands | AO12: 9 | AP12: =IF(AND(Tournament!J22<>"",Tournament!L22<>""),IF(Tournament!J22>Tournament!L22,Tournament!H22,""),"") | AQ12: =IF(AND(Tournament!J22<>"",Tournament!L22<>""),IF(Tournament!J22=Tournament!L22,Tournament!H22,""),"") | AR12: =IF(AND(Tournament!J22<>"",Tournament!L22<>""),IF(Tournament!J22>Tournament!L22,Tournament!N22,""),"") | AS12: =IF(AND(Tournament!J22<>"",Tournament!L22<>""),Tournament!J22,0) -> 0 | AT12: =IF(AND(Tournament!J22<>"",Tournament!L22<>""),IF(Tournament!J22<Tournament!L22,Tournament!N22,""),"") | AU12: =IF(AND(Tournament!J22<>"",Tournament!L22<>""),IF(Tournament!J22=Tournament!L22,Tournament!N22,""),"") | AV12: =IF(AND(Tournament!J22<>"",Tournament!L22<>""),IF(Tournament!J22<Tournament!L22,Tournament!H22,""),"") | AW12: =IF(AND(Tournament!J22<>"",Tournament!L22<>""),Tournament!L22,0) -> 0 | AX12: 1 | AY12: =IF(AND(COUNTIF($Y$4:$Y$60,AP12)=1,COUNTIF($Y$4:$Y$60,AR12)=1),AP12,"") | AZ12: =IF(AND(COUNTIF($Y$4:$Y$60,AQ12)=1,COUNTIF($Y$4:$Y$60,AU12)=1),AQ12,"") | BA12: =IF(AND(COUNTIF($Y$4:$Y$60,AR12)=1,COUNTIF($Y$4:$Y$60,AP12)=1),AR12,"") | BB12: =IF(AND(COUNTIF($Y$4:$Y$60,AT12)=1,COUNTIF($Y$4:$Y$60,AV12)=1),AT12,"") | BC12: =IF(AND(COUNTIF($Y$4:$Y$60,AU12)=1,COUNTIF($Y$4:$Y$60,AQ12)=1),AU12,"") | BD12: =IF(AND(COUNTIF($Y$4:$Y$60,AV12)=1,COUNTIF($Y$4:$Y$60,AT12)=1),AV12,"") | BE12: 10 | BF12: =Tournament!H23 -> France | BG12: =IF(AND(Tournament!J23<>"",Tournament!L23<>""),Tournament!J23,"") | BH12: =IF(AND(Tournament!L23<>"",Tournament!J23<>""),Tournament!L23,"") | BI12: =Tournament!N23 -> Honduras
A13: =K13+L13+M13+N13 -> 3 | B13: =Tournament!H17 -> Chile | C13: =SUMIF(AP$4:AP$60,B13,AX$4:AX$60)+SUMIF(AT$4:AT$60,B13,AX$4:AX$60) -> 0 | D13: =SUMIF(AQ$4:AQ$60,B13,AX$4:AX$60)+SUMIF(AU$4:AU$60,B13,AX$4:AX$60) -> 0 | E13: =SUMIF(AR$4:AR$60,B13,AX$4:AX$60)+SUMIF(AV$4:AV$60,B13,AX$4:AX$60) -> 0 | F13: =SUMIF($BF$3:$BF$60,B13,$BG$3:$BG$60)+SUMIF($BI$3:$BI$60,B13,$BH$3:$BH$60) -> 0 | G13: =SUMIF($BI$3:$BI$60,B13,$BG$3:$BG$60)+SUMIF($BF$3:$BF$60,B13,$BH$3:$BH$60) -> 0 | H13: =F13-G13+100 -> 100 | I13: =C13*3+D13 -> 0 | J13: 12 | K13: =RANK(I13,I$11:I$14) -> 1 | L13: =SUMPRODUCT((I$11:I$14=I13)*(H$11:H$14>H13)) -> 0 | M13: =SUMPRODUCT((I$11:I$14=I13)*(H$11:H$14=H13)*(F$11:F$14>F13)) -> 0 | N13: =SUMPRODUCT((I$11:I$14=I13)*(H$11:H$14=H13)*(F$11:F$14=F13)*(J$11:J$14<J13)) -> 2 | O13: =IF(SUM(AG11:AI14)=0,IF(COUNTIF(AJ11:AJ14,0)>1,3,AJ13+1),IF(AND(X12=3,X13=3,Y11=0,Y12<>0,Y13<>0),2,IF(OR(X13=5,X13=4),3,IF(X13=6,4,IF(AND(X12=4,X11=1,Y13<>""),2,IF(AND(AI13=0,AI12=1,AI11=1,Y13<>""),1,X13)))))) -> 3 | P13: =VLOOKUP(3,A$11:B$14,2,FALSE) -> Chile | Q13: =SUMIF(B$4:B$60,P13,F$4:F$60) -> 0 | R13: =SUMIF(B$4:B$60,P13,H$4:H$60) -> 100 | S13: =SUMIF($B$4:$B$60,$P13,I$4:I$60) -> 0 | T13: =SUMIF($B$4:$B$60,$P13,A$4:A$60) -> 3 | U13: =SUMIF($B$4:$B$60,$P13,L$4:L$60) -> 0 | V13: =SUMIF($B$4:$B$60,$P13,M$4:M$60) -> 0 | W13: =SUMIF($B$4:$B$60,$P13,J$4:J$60) -> 12 | X13: =IF(Y13=0,T13,T13+AG13+AH13+AI13) -> 3 | Y13: =IF(OR(AND(S12=S13,R12=R13,Q12=Q13),AND(S14=S13,S13=S12,R14=R13,R13=R12,Q14=Q13,Q13=Q12)),P13,0) -> Chile | Z13: =SUMIF($AY$4:$AY$60,$Y13,$AX$4:$AX$60)+SUMIF($BB$4:$BB$60,$Y13,$AX$4:$AX$60) -> 0 | AA13: =SUMIF($AZ$4:$AZ$60,$Y13,$AX$4:$AX$60)+SUMIF($BC$4:$BC$60,$Y13,$AX$4:$AX$60) -> 0 | AB13: =SUMIF($BA$4:$BA$60,$Y13,$AX$4:$AX$60)+SUMIF($BD$4:$BD$60,$Y13,$AX$4:$AX$60) -> 0 | AC13: =SUMIF(AY$4:AY$60,Y13,AS$4:AS$60)+SUMIF(BB$4:BB$60,Y13,AW$4:AW$60)+SUMIF(AZ$4:AZ$60,Y13,AS$4:AS$60)+SUMIF(BC$4:BC$60,Y13,AW$4:AW$60) -> 0 | AD13: =SUMIF(BA$4:BA$60,Y13,AS$4:AS$60)+SUMIF(BD$4:BD$60,Y13,AW$4:AW$60)+SUMIF(AZ$4:AZ$60,Y13,AS$4:AS$60)+SUMIF(BC$4:BC$60,Y13,AW$4:AW$60) -> 0 | AE13: =AC13-AD13+100 -> 100 | AF13: =IF(Y13<>0,Z13*3+AA13,"") -> 0 | AG13: =IF(Y13<>0,RANK(AF13,AF$11:AF$14)-1,5) -> 0 | AH13: =IF(Y13<>0,SUMPRODUCT((AF$11:AF$14=AF13)*(AE$11:AE$14>AE13)),5) -> 0 | AI13: =IF(Y13<>0,SUMPRODUCT((AF$11:AF$14=AF13)*(AE$11:AE$14=AE13)*(AC$11:AC$14>AC13)),5) -> 0 | AJ13: =IF(Y13<>0,SUMPRODUCT(($AF11:$AF14=AF13)*($AE11:$AE14=AE13)*($AC11:$AC14=AC13)*($AK11:$AK14<AK13)),5) -> 0 | AK13: =IF(AL13=0,0,VLOOKUP(Y13,Tournament!AJ$18:AK$22,2,FALSE)) -> 0 | AL13: =IF(Y13<>0,IF(OR(SUM(AG13:AI13)=SUM(AG12:AI12),SUM(AG13:AI13)=SUM(AG14:AI14)),1,0),0) -> 1 | AM13: =IF(AN13<>0,AM12+1,AM12) -> 3 | AN13: =IF(AL13=1,Y13,0) -> Chile | AO13: 10 | AP13: =IF(AND(Tournament!J23<>"",Tournament!L23<>""),IF(Tournament!J23>Tournament!L23,Tournament!H23,""),"") | AQ13: =IF(AND(Tournament!J23<>"",Tournament!L23<>""),IF(Tournament!J23=Tournament!L23,Tournament!H23,""),"") | AR13: =IF(AND(Tournament!J23<>"",Tournament!L23<>""),IF(Tournament!J23>Tournament!L23,Tournament!N23,""),"") | AS13: =IF(AND(Tournament!J23<>"",Tournament!L23<>""),Tournament!J23,0) -> 0 | AT13: =IF(AND(Tournament!J23<>"",Tournament!L23<>""),IF(Tournament!J23<Tournament!L23,Tournament!N23,""),"") | AU13: =IF(AND(Tournament!J23<>"",Tournament!L23<>""),IF(Tournament!J23=Tournament!L23,Tournament!N23,""),"") | AV13: =IF(AND(Tournament!J23<>"",Tournament!L23<>""),IF(Tournament!J23<Tournament!L23,Tournament!H23,""),"") | AW13: =IF(AND(Tournament!J23<>"",Tournament!L23<>""),Tournament!L23,0) -> 0 | AX13: 1 | AY13: =IF(AND(COUNTIF($Y$4:$Y$60,AP13)=1,COUNTIF($Y$4:$Y$60,AR13)=1),AP13,"") | AZ13: =IF(AND(COUNTIF($Y$4:$Y$60,AQ13)=1,COUNTIF($Y$4:$Y$60,AU13)=1),AQ13,"") | BA13: =IF(AND(COUNTIF($Y$4:$Y$60,AR13)=1,COUNTIF($Y$4:$Y$60,AP13)=1),AR13,"") | BB13: =IF(AND(COUNTIF($Y$4:$Y$60,AT13)=1,COUNTIF($Y$4:$Y$60,AV13)=1),AT13,"") | BC13: =IF(AND(COUNTIF($Y$4:$Y$60,AU13)=1,COUNTIF($Y$4:$Y$60,AQ13)=1),AU13,"") | BD13: =IF(AND(COUNTIF($Y$4:$Y$60,AV13)=1,COUNTIF($Y$4:$Y$60,AT13)=1),AV13,"") | BE13: 11 | BF13: =Tournament!H24 -> Argentina | BG13: =IF(AND(Tournament!J24<>"",Tournament!L24<>""),Tournament!J24,"") | BH13: =IF(AND(Tournament!L24<>"",Tournament!J24<>""),Tournament!L24,"") | BI13: =Tournament!N24 -> Bosnia-Herzegovina
A14: =K14+L14+M14+N14 -> 4 | B14: =Tournament!N17 -> Australia | C14: =SUMIF(AP$4:AP$60,B14,AX$4:AX$60)+SUMIF(AT$4:AT$60,B14,AX$4:AX$60) -> 0 | D14: =SUMIF(AQ$4:AQ$60,B14,AX$4:AX$60)+SUMIF(AU$4:AU$60,B14,AX$4:AX$60) -> 0 | E14: =SUMIF(AR$4:AR$60,B14,AX$4:AX$60)+SUMIF(AV$4:AV$60,B14,AX$4:AX$60) -> 0 | F14: =SUMIF($BF$3:$BF$60,B14,$BG$3:$BG$60)+SUMIF($BI$3:$BI$60,B14,$BH$3:$BH$60) -> 0 | G14: =SUMIF($BI$3:$BI$60,B14,$BG$3:$BG$60)+SUMIF($BF$3:$BF$60,B14,$BH$3:$BH$60) -> 0 | H14: =F14-G14+100 -> 100 | I14: =C14*3+D14 -> 0 | J14: 31 | K14: =RANK(I14,I$11:I$14) -> 1 | L14: =SUMPRODUCT((I$11:I$14=I14)*(H$11:H$14>H14)) -> 0 | M14: =SUMPRODUCT((I$11:I$14=I14)*(H$11:H$14=H14)*(F$11:F$14>F14)) -> 0 | N14: =SUMPRODUCT((I$11:I$14=I14)*(H$11:H$14=H14)*(F$11:F$14=F14)*(J$11:J$14<J14)) -> 3 | O14: =IF(SUM(AG11:AI14)=0,IF(COUNTIF(AJ11:AJ14,0)>1,4,AJ14+1),IF(X14=X13,IF(X14=3,4,X14),IF(X14=5,3,IF(X14=6,4,X14)))) -> 4 | P14: =VLOOKUP(4,A$11:B$14,2,FALSE) -> Australia | Q14: =SUMIF(B$4:B$60,P14,F$4:F$60) -> 0 | R14: =SUMIF(B$4:B$60,P14,H$4:H$60) -> 100 | S14: =SUMIF($B$4:$B$60,$P14,I$4:I$60) -> 0 | T14: =SUMIF($B$4:$B$60,$P14,A$4:A$60) -> 4 | U14: =SUMIF($B$4:$B$60,$P14,L$4:L$60) -> 0 | V14: =SUMIF($B$4:$B$60,$P14,M$4:M$60) -> 0 | W14: =SUMIF($B$4:$B$60,$P14,J$4:J$60) -> 31 | X14: =IF(Y14=0,T14,T14+AG14+AH14+AI14) -> 4 | Y14: =IF(AND(S13=S14,S13=S12,R13=R14,R13=R12,Q13=Q14,Q13=Q12),P14,0) -> Australia | Z14: =SUMIF($AY$4:$AY$60,$Y14,$AX$4:$AX$60)+SUMIF($BB$4:$BB$60,$Y14,$AX$4:$AX$60) -> 0 | AA14: =SUMIF($AZ$4:$AZ$60,$Y14,$AX$4:$AX$60)+SUMIF($BC$4:$BC$60,$Y14,$AX$4:$AX$60) -> 0 | AB14: =SUMIF($BA$4:$BA$60,$Y14,$AX$4:$AX$60)+SUMIF($BD$4:$BD$60,$Y14,$AX$4:$AX$60) -> 0 | AC14: =SUMIF(AY$4:AY$60,Y14,AS$4:AS$60)+SUMIF(BB$4:BB$60,Y14,AW$4:AW$60)+SUMIF(AZ$4:AZ$60,Y14,AS$4:AS$60)+SUMIF(BC$4:BC$60,Y14,AW$4:AW$60) -> 0 | AD14: =SUMIF(BA$4:BA$60,Y14,AS$4:AS$60)+SUMIF(BD$4:BD$60,Y14,AW$4:AW$60)+SUMIF(AZ$4:AZ$60,Y14,AS$4:AS$60)+SUMIF(BC$4:BC$60,Y14,AW$4:AW$60) -> 0 | AE14: =AC14-AD14+100 -> 100 | AF14: =IF(Y14<>0,Z14*3+AA14,"") -> 0 | AG14: =IF(Y14<>0,RANK(AF14,AF$11:AF$14)-1,5) -> 0 | AH14: =IF(Y14<>0,SUMPRODUCT((AF$11:AF$14=AF14)*(AE$11:AE$14>AE14)),5) -> 0 | AI14: =IF(Y14<>0,SUMPRODUCT((AF$11:AF$14=AF14)*(AE$11:AE$14=AE14)*(AC$11:AC$14>AC14)),5) -> 0 | AJ14: =IF(Y14<>0,SUMPRODUCT(($AF11:$AF14=AF14)*($AE11:$AE14=AE14)*($AC11:$AC14=AC14)*($AK11:$AK14<AK14)),5) -> 0 | AK14: =IF(AL14=0,0,VLOOKUP(Y14,Tournament!AJ$18:AK$22,2,FALSE)) -> 0 | AL14: =IF(Y14<>0,IF(SUM(AG14:AI14)=SUM(AG13:AI13),1,0),0) -> 1 | AM14: =IF(AN14<>0,AM13+1,AM13) -> 4 | AN14: =IF(AL14=1,Y14,0) -> Australia | AO14: 11 | AP14: =IF(AND(Tournament!J24<>"",Tournament!L24<>""),IF(Tournament!J24>Tournament!L24,Tournament!H24,""),"") | AQ14: =IF(AND(Tournament!J24<>"",Tournament!L24<>""),IF(Tournament!J24=Tournament!L24,Tournament!H24,""),"") | AR14: =IF(AND(Tournament!J24<>"",Tournament!L24<>""),IF(Tournament!J24>Tournament!L24,Tournament!N24,""),"") | AS14: =IF(AND(Tournament!J24<>"",Tournament!L24<>""),Tournament!J24,0) -> 0 | AT14: =IF(AND(Tournament!J24<>"",Tournament!L24<>""),IF(Tournament!J24<Tournament!L24,Tournament!N24,""),"") | AU14: =IF(AND(Tournament!J24<>"",Tournament!L24<>""),IF(Tournament!J24=Tournament!L24,Tournament!N24,""),"") | AV14: =IF(AND(Tournament!J24<>"",Tournament!L24<>""),IF(Tournament!J24<Tournament!L24,Tournament!H24,""),"") | AW14: =IF(AND(Tournament!J24<>"",Tournament!L24<>""),Tournament!L24,0) -> 0 | AX14: 1 | AY14: =IF(AND(COUNTIF($Y$4:$Y$60,AP14)=1,COUNTIF($Y$4:$Y$60,AR14)=1),AP14,"") | AZ14: =IF(AND(COUNTIF($Y$4:$Y$60,AQ14)=1,COUNTIF($Y$4:$Y$60,AU14)=1),AQ14,"") | BA14: =IF(AND(COUNTIF($Y$4:$Y$60,AR14)=1,COUNTIF($Y$4:$Y$60,AP14)=1),AR14,"") | BB14: =IF(AND(COUNTIF($Y$4:$Y$60,AT14)=1,COUNTIF($Y$4:$Y$60,AV14)=1),AT14,"") | BC14: =IF(AND(COUNTIF($Y$4:$Y$60,AU14)=1,COUNTIF($Y$4:$Y$60,AQ14)=1),AU14,"") | BD14: =IF(AND(COUNTIF($Y$4:$Y$60,AV14)=1,COUNTIF($Y$4:$Y$60,AT14)=1),AV14,"") | BE14: 12 | BF14: =Tournament!H25 -> Iran | BG14: =IF(AND(Tournament!J25<>"",Tournament!L25<>""),Tournament!J25,"") | BH14: =IF(AND(Tournament!L25<>"",Tournament!J25<>""),Tournament!L25,"") | BI14: =Tournament!N25 -> Nigeria
AO15: 12 | AP15: =IF(AND(Tournament!J25<>"",Tournament!L25<>""),IF(Tournament!J25>Tournament!L25,Tournament!H25,""),"") | AQ15: =IF(AND(Tournament!J25<>"",Tournament!L25<>""),IF(Tournament!J25=Tournament!L25,Tournament!H25,""),"") | AR15: =IF(AND(Tournament!J25<>"",Tournament!L25<>""),IF(Tournament!J25>Tournament!L25,Tournament!N25,""),"") | AS15: =IF(AND(Tournament!J25<>"",Tournament!L25<>""),Tournament!J25,0) -> 0 | AT15: =IF(AND(Tournament!J25<>"",Tournament!L25<>""),IF(Tournament!J25<Tournament!L25,Tournament!N25,""),"") | AU15: =IF(AND(Tournament!J25<>"",Tournament!L25<>""),IF(Tournament!J25=Tournament!L25,Tournament!N25,""),"") | AV15: =IF(AND(Tournament!J25<>"",Tournament!L25<>""),IF(Tournament!J25<Tournament!L25,Tournament!H25,""),"") | AW15: =IF(AND(Tournament!J25<>"",Tournament!L25<>""),Tournament!L25,0) -> 0 | AX15: 1 | AY15: =IF(AND(COUNTIF($Y$4:$Y$60,AP15)=1,COUNTIF($Y$4:$Y$60,AR15)=1),AP15,"") | AZ15: =IF(AND(COUNTIF($Y$4:$Y$60,AQ15)=1,COUNTIF($Y$4:$Y$60,AU15)=1),AQ15,"") | BA15: =IF(AND(COUNTIF($Y$4:$Y$60,AR15)=1,COUNTIF($Y$4:$Y$60,AP15)=1),AR15,"") | BB15: =IF(AND(COUNTIF($Y$4:$Y$60,AT15)=1,COUNTIF($Y$4:$Y$60,AV15)=1),AT15,"") | BC15: =IF(AND(COUNTIF($Y$4:$Y$60,AU15)=1,COUNTIF($Y$4:$Y$60,AQ15)=1),AU15,"") | BD15: =IF(AND(COUNTIF($Y$4:$Y$60,AV15)=1,COUNTIF($Y$4:$Y$60,AT15)=1),AV15,"") | BE15: 13 | BF15: =Tournament!H26 -> Germany | BG15: =IF(AND(Tournament!J26<>"",Tournament!L26<>""),Tournament!J26,"") | BH15: =IF(AND(Tournament!L26<>"",Tournament!J26<>""),Tournament!L26,"") | BI15: =Tournament!N26 -> Portugal
AO16: 13 | AP16: =IF(AND(Tournament!J26<>"",Tournament!L26<>""),IF(Tournament!J26>Tournament!L26,Tournament!H26,""),"") | AQ16: =IF(AND(Tournament!J26<>"",Tournament!L26<>""),IF(Tournament!J26=Tournament!L26,Tournament!H26,""),"") | AR16: =IF(AND(Tournament!J26<>"",Tournament!L26<>""),IF(Tournament!J26>Tournament!L26,Tournament!N26,""),"") | AS16: =IF(AND(Tournament!J26<>"",Tournament!L26<>""),Tournament!J26,0) -> 0 | AT16: =IF(AND(Tournament!J26<>"",Tournament!L26<>""),IF(Tournament!J26<Tournament!L26,Tournament!N26,""),"") | AU16: =IF(AND(Tournament!J26<>"",Tournament!L26<>""),IF(Tournament!J26=Tournament!L26,Tournament!N26,""),"") | AV16: =IF(AND(Tournament!J26<>"",Tournament!L26<>""),IF(Tournament!J26<Tournament!L26,Tournament!H26,""),"") | AW16: =IF(AND(Tournament!J26<>"",Tournament!L26<>""),Tournament!L26,0) -> 0 | AX16: 1 | AY16: =IF(AND(COUNTIF($Y$4:$Y$60,AP16)=1,COUNTIF($Y$4:$Y$60,AR16)=1),AP16,"") | AZ16: =IF(AND(COUNTIF($Y$4:$Y$60,AQ16)=1,COUNTIF($Y$4:$Y$60,AU16)=1),AQ16,"") | BA16: =IF(AND(COUNTIF($Y$4:$Y$60,AR16)=1,COUNTIF($Y$4:$Y$60,AP16)=1),AR16,"") | BB16: =IF(AND(COUNTIF($Y$4:$Y$60,AT16)=1,COUNTIF($Y$4:$Y$60,AV16)=1),AT16,"") | BC16: =IF(AND(COUNTIF($Y$4:$Y$60,AU16)=1,COUNTIF($Y$4:$Y$60,AQ16)=1),AU16,"") | BD16: =IF(AND(COUNTIF($Y$4:$Y$60,AV16)=1,COUNTIF($Y$4:$Y$60,AT16)=1),AV16,"") | BE16: 14 | BF16: =Tournament!H27 -> Ghana | BG16: =IF(AND(Tournament!J27<>"",Tournament!L27<>""),Tournament!J27,"") | BH16: =IF(AND(Tournament!L27<>"",Tournament!J27<>""),Tournament!L27,"") | BI16: =Tournament!N27 -> USA
AO17: 14 | AP17: =IF(AND(Tournament!J27<>"",Tournament!L27<>""),IF(Tournament!J27>Tournament!L27,Tournament!H27,""),"") | AQ17: =IF(AND(Tournament!J27<>"",Tournament!L27<>""),IF(Tournament!J27=Tournament!L27,Tournament!H27,""),"") | AR17: =IF(AND(Tournament!J27<>"",Tournament!L27<>""),IF(Tournament!J27>Tournament!L27,Tournament!N27,""),"") | AS17: =IF(AND(Tournament!J27<>"",Tournament!L27<>""),Tournament!J27,0) -> 0 | AT17: =IF(AND(Tournament!J27<>"",Tournament!L27<>""),IF(Tournament!J27<Tournament!L27,Tournament!N27,""),"") | AU17: =IF(AND(Tournament!J27<>"",Tournament!L27<>""),IF(Tournament!J27=Tournament!L27,Tournament!N27,""),"") | AV17: =IF(AND(Tournament!J27<>"",Tournament!L27<>""),IF(Tournament!J27<Tournament!L27,Tournament!H27,""),"") | AW17: =IF(AND(Tournament!J27<>"",Tournament!L27<>""),Tournament!L27,0) -> 0 | AX17: 1 | AY17: =IF(AND(COUNTIF($Y$4:$Y$60,AP17)=1,COUNTIF($Y$4:$Y$60,AR17)=1),AP17,"") | AZ17: =IF(AND(COUNTIF($Y$4:$Y$60,AQ17)=1,COUNTIF($Y$4:$Y$60,AU17)=1),AQ17,"") | BA17: =IF(AND(COUNTIF($Y$4:$Y$60,AR17)=1,COUNTIF($Y$4:$Y$60,AP17)=1),AR17,"") | BB17: =IF(AND(COUNTIF($Y$4:$Y$60,AT17)=1,COUNTIF($Y$4:$Y$60,AV17)=1),AT17,"") | BC17: =IF(AND(COUNTIF($Y$4:$Y$60,AU17)=1,COUNTIF($Y$4:$Y$60,AQ17)=1),AU17,"") | BD17: =IF(AND(COUNTIF($Y$4:$Y$60,AV17)=1,COUNTIF($Y$4:$Y$60,AT17)=1),AV17,"") | BE17: 15 | BF17: =Tournament!H28 -> Belgium | BG17: =IF(AND(Tournament!J28<>"",Tournament!L28<>""),Tournament!J28,"") | BH17: =IF(AND(Tournament!L28<>"",Tournament!J28<>""),Tournament!L28,"") | BI17: =Tournament!N28 -> Algeria
A18: =K18+L18+M18+N18 -> 1 | B18: =Tournament!H18 -> Colombia | C18: =SUMIF(AP$4:AP$60,B18,AX$4:AX$60)+SUMIF(AT$4:AT$60,B18,AX$4:AX$60) -> 0 | D18: =SUMIF(AQ$4:AQ$60,B18,AX$4:AX$60)+SUMIF(AU$4:AU$60,B18,AX$4:AX$60) -> 0 | E18: =SUMIF(AR$4:AR$60,B18,AX$4:AX$60)+SUMIF(AV$4:AV$60,B18,AX$4:AX$60) -> 0 | F18: =SUMIF($BF$3:$BF$60,B18,$BG$3:$BG$60)+SUMIF($BI$3:$BI$60,B18,$BH$3:$BH$60) -> 0 | G18: =SUMIF($BI$3:$BI$60,B18,$BG$3:$BG$60)+SUMIF($BF$3:$BF$60,B18,$BH$3:$BH$60) -> 0 | H18: =F18-G18+100 -> 100 | I18: =C18*3+D18 -> 0 | J18: 4 | K18: =RANK(I18,I$18:I$21) -> 1 | L18: =SUMPRODUCT((I$18:I$21=I18)*(H$18:H$21>H18)) -> 0 | M18: =SUMPRODUCT((I$18:I$21=I18)*(H$18:H$21=H18)*(F$18:F$21>F18)) -> 0 | N18: =SUMPRODUCT((I$18:I$21=I18)*(H$18:H$21=H18)*(F$18:F$21=F18)*(J$18:J$21<J18)) -> 0 | O18: =IF(SUM(AG18:AI21)=0,IF(COUNTIF(AJ18:AJ21,0)>1,1,AJ18+1),X18) -> 1 | P18: =VLOOKUP(1,A$18:B$21,2,FALSE) -> Colombia | Q18: =SUMIF(B$4:B$60,P18,F$4:F$60) -> 0 | R18: =SUMIF(B$4:B$60,P18,H$4:H$60) -> 100 | S18: =SUMIF($B$4:$B$60,$P18,I$4:I$60) -> 0 | T18: =SUMIF($B$4:$B$60,$P18,A$4:A$60) -> 1 | U18: =SUMIF($B$4:$B$60,$P18,L$4:L$60) -> 0 | V18: =SUMIF($B$4:$B$60,$P18,M$4:M$60) -> 0 | W18: =SUMIF($B$4:$B$60,$P18,J$4:J$60) -> 4 | X18: =IF(Y18=0,T18,T18+AG18+AH18+AI18) -> 1 | Y18: =IF(AND(S18=S19,R18=R19,Q18=Q19),P18,0) -> Colombia | Z18: =SUMIF($AY$4:$AY$60,$Y18,$AX$4:$AX$60)+SUMIF($BB$4:$BB$60,$Y18,$AX$4:$AX$60) -> 0 | AA18: =SUMIF($AZ$4:$AZ$60,$Y18,$AX$4:$AX$60)+SUMIF($BC$4:$BC$60,$Y18,$AX$4:$AX$60) -> 0 | AB18: =SUMIF($BA$4:$BA$60,$Y18,$AX$4:$AX$60)+SUMIF($BD$4:$BD$60,$Y18,$AX$4:$AX$60) -> 0 | AC18: =SUMIF(AY$4:AY$60,Y18,AS$4:AS$60)+SUMIF(BB$4:BB$60,Y18,AW$4:AW$60)+SUMIF(AZ$4:AZ$60,Y18,AS$4:AS$60)+SUMIF(BC$4:BC$60,Y18,AW$4:AW$60) -> 0 | AD18: =SUMIF(BA$4:BA$60,Y18,AS$4:AS$60)+SUMIF(BD$4:BD$60,Y18,AW$4:AW$60)+SUMIF(AZ$4:AZ$60,Y18,AS$4:AS$60)+SUMIF(BC$4:BC$60,Y18,AW$4:AW$60) -> 0 | AE18: =AC18-AD18+100 -> 100 | AF18: =IF(Y18<>0,Z18*3+AA18,"") -> 0 | AG18: =IF(Y18<>0,RANK(AF18,AF$18:AF$21)-1,5) -> 0 | AH18: =IF(Y18<>0,SUMPRODUCT((AF$18:AF$21=AF18)*(AE$18:AE$21>AE18)),5) -> 0 | AI18: =IF(Y18<>0,SUMPRODUCT((AF$18:AF$21=AF18)*(AE$18:AE$21=AE18)*(AC$18:AC$21>AC18)),5) -> 0 | AJ18: =IF(Y18<>0,SUMPRODUCT(($AF18:$AF21=AF18)*($AE18:$AE21=AE18)*($AC18:$AC21=AC18)*($AK18:$AK21<AK18)),5) -> 0 | AK18: =IF(AL18=0,0,VLOOKUP(Y18,Tournament!AJ$25:AK$28,2,FALSE)) -> 0 | AL18: =IF(Y18<>0,IF(SUM(AG18:AI18)=SUM(AG19:AI19),1,0),0) -> 1 | AM18: =IF(AN18<>0,1,0) -> 1 | AN18: =IF(AL18=1,Y18,0) -> Colombia | AO18: 15 | AP18: =IF(AND(Tournament!J28<>"",Tournament!L28<>""),IF(Tournament!J28>Tournament!L28,Tournament!H28,""),"") | AQ18: =IF(AND(Tournament!J28<>"",Tournament!L28<>""),IF(Tournament!J28=Tournament!L28,Tournament!H28,""),"") | AR18: =IF(AND(Tournament!J28<>"",Tournament!L28<>""),IF(Tournament!J28>Tournament!L28,Tournament!N28,""),"") | AS18: =IF(AND(Tournament!J28<>"",Tournament!L28<>""),Tournament!J28,0) -> 0 | AT18: =IF(AND(Tournament!J28<>"",Tournament!L28<>""),IF(Tournament!J28<Tournament!L28,Tournament!N28,""),"") | AU18: =IF(AND(Tournament!J28<>"",Tournament!L28<>""),IF(Tournament!J28=Tournament!L28,Tournament!N28,""),"") | AV18: =IF(AND(Tournament!J28<>"",Tournament!L28<>""),IF(Tournament!J28<Tournament!L28,Tournament!H28,""),"") | AW18: =IF(AND(Tournament!J28<>"",Tournament!L28<>""),Tournament!L28,0) -> 0 | AX18: 1 | AY18: =IF(AND(COUNTIF($Y$4:$Y$60,AP18)=1,COUNTIF($Y$4:$Y$60,AR18)=1),AP18,"") | AZ18: =IF(AND(COUNTIF($Y$4:$Y$60,AQ18)=1,COUNTIF($Y$4:$Y$60,AU18)=1),AQ18,"") | BA18: =IF(AND(COUNTIF($Y$4:$Y$60,AR18)=1,COUNTIF($Y$4:$Y$60,AP18)=1),AR18,"") | BB18: =IF(AND(COUNTIF($Y$4:$Y$60,AT18)=1,COUNTIF($Y$4:$Y$60,AV18)=1),AT18,"") | BC18: =IF(AND(COUNTIF($Y$4:$Y$60,AU18)=1,COUNTIF($Y$4:$Y$60,AQ18)=1),AU18,"") | BD18: =IF(AND(COUNTIF($Y$4:$Y$60,AV18)=1,COUNTIF($Y$4:$Y$60,AT18)=1),AV18,"") | BE18: 16 | BF18: =Tournament!H29 -> Russia | BG18: =IF(AND(Tournament!J29<>"",Tournament!L29<>""),Tournament!J29,"") | BH18: =IF(AND(Tournament!L29<>"",Tournament!J29<>""),Tournament!L29,"") | BI18: =Tournament!N29 -> South Korea
A19: =K19+L19+M19+N19 -> 2 | B19: =Tournament!N18 -> Greece | C19: =SUMIF(AP$4:AP$60,B19,AX$4:AX$60)+SUMIF(AT$4:AT$60,B19,AX$4:AX$60) -> 0 | D19: =SUMIF(AQ$4:AQ$60,B19,AX$4:AX$60)+SUMIF(AU$4:AU$60,B19,AX$4:AX$60) -> 0 | E19: =SUMIF(AR$4:AR$60,B19,AX$4:AX$60)+SUMIF(AV$4:AV$60,B19,AX$4:AX$60) -> 0 | F19: =SUMIF($BF$3:$BF$60,B19,$BG$3:$BG$60)+SUMIF($BI$3:$BI$60,B19,$BH$3:$BH$60) -> 0 | G19: =SUMIF($BI$3:$BI$60,B19,$BG$3:$BG$60)+SUMIF($BF$3:$BF$60,B19,$BH$3:$BH$60) -> 0 | H19: =F19-G19+100 -> 100 | I19: =C19*3+D19 -> 0 | J19: 15 | K19: =RANK(I19,I$18:I$21) -> 1 | L19: =SUMPRODUCT((I$18:I$21=I19)*(H$18:H$21>H19)) -> 0 | M19: =SUMPRODUCT((I$18:I$21=I19)*(H$18:H$21=H19)*(F$18:F$21>F19)) -> 0 | N19: =SUMPRODUCT((I$18:I$21=I19)*(H$18:H$21=H19)*(F$18:F$21=F19)*(J$18:J$21<J19)) -> 1 | O19: =IF(SUM(AG18:AI21)=0,IF(COUNTIF(AJ18:AJ21,0)>1,2,AJ19+1),IF(AND(X18=1,X19=3,Y18<>0,Y19<>0,Y20=0,Y21=0),2,IF(AND(X18=2,X19=2,Y18<>0,Y19<>0,Y20=0,Y21=0),1,IF(AND(X19=4,AI19=2),3,X19)))) -> 2 | P19: =VLOOKUP(2,A$18:B$21,2,FALSE) -> Greece | Q19: =SUMIF(B$4:B$60,P19,F$4:F$60) -> 0 | R19: =SUMIF(B$4:B$60,P19,H$4:H$60) -> 100 | S19: =SUMIF($B$4:$B$60,$P19,I$4:I$60) -> 0 | T19: =SUMIF($B$4:$B$60,$P19,A$4:A$60) -> 2 | U19: =SUMIF($B$4:$B$60,$P19,L$4:L$60) -> 0 | V19: =SUMIF($B$4:$B$60,$P19,M$4:M$60) -> 0 | W19: =SUMIF($B$4:$B$60,$P19,J$4:J$60) -> 15 | X19: =IF(Y19=0,T19,T19+AG19+AH19+AI19) -> 2 | Y19: =IF(OR(AND(S18=S19,R18=R19,Q18=Q19),AND(S20=S19,R20=R19,Q20=Q19)),P19,0) -> Greece | Z19: =SUMIF($AY$4:$AY$60,$Y19,$AX$4:$AX$60)+SUMIF($BB$4:$BB$60,$Y19,$AX$4:$AX$60) -> 0 | AA19: =SUMIF($AZ$4:$AZ$60,$Y19,$AX$4:$AX$60)+SUMIF($BC$4:$BC$60,$Y19,$AX$4:$AX$60) -> 0 | AB19: =SUMIF($BA$4:$BA$60,$Y19,$AX$4:$AX$60)+SUMIF($BD$4:$BD$60,$Y19,$AX$4:$AX$60) -> 0 | AC19: =SUMIF(AY$4:AY$60,Y19,AS$4:AS$60)+SUMIF(BB$4:BB$60,Y19,AW$4:AW$60)+SUMIF(AZ$4:AZ$60,Y19,AS$4:AS$60)+SUMIF(BC$4:BC$60,Y19,AW$4:AW$60) -> 0 | AD19: =SUMIF(BA$4:BA$60,Y19,AS$4:AS$60)+SUMIF(BD$4:BD$60,Y19,AW$4:AW$60)+SUMIF(AZ$4:AZ$60,Y19,AS$4:AS$60)+SUMIF(BC$4:BC$60,Y19,AW$4:AW$60) -> 0 | AE19: =AC19-AD19+100 -> 100 | AF19: =IF(Y19<>0,Z19*3+AA19,"") -> 0 | AG19: =IF(Y19<>0,RANK(AF19,AF$18:AF$21)-1,5) -> 0 | AH19: =IF(Y19<>0,SUMPRODUCT((AF$18:AF$21=AF19)*(AE$18:AE$21>AE19)),5) -> 0 | AI19: =IF(Y19<>0,SUMPRODUCT((AF$18:AF$21=AF19)*(AE$18:AE$21=AE19)*(AC$18:AC$21>AC19)),5) -> 0 | AJ19: =IF(Y19<>0,SUMPRODUCT(($AF18:$AF21=AF19)*($AE18:$AE21=AE19)*($AC18:$AC21=AC19)*($AK18:$AK21<AK19)),5) -> 0 | AK19: =IF(AL19=0,0,VLOOKUP(Y19,Tournament!AJ$25:AK$28,2,FALSE)) -> 0 | AL19: =IF(Y19<>0,IF(OR(SUM(AG19:AI19)=SUM(AG18:AI18),SUM(AG19:AI19)=SUM(AG20:AI20)),1,0),0) -> 1 | AM19: =IF(AN19<>0,AM18+1,AM18) -> 2 | AN19: =IF(AL19=1,Y19,0) -> Greece | AO19: 16 | AP19: =IF(AND(Tournament!J29<>"",Tournament!L29<>""),IF(Tournament!J29>Tournament!L29,Tournament!H29,""),"") | AQ19: =IF(AND(Tournament!J29<>"",Tournament!L29<>""),IF(Tournament!J29=Tournament!L29,Tournament!H29,""),"") | AR19: =IF(AND(Tournament!J29<>"",Tournament!L29<>""),IF(Tournament!J29>Tournament!L29,Tournament!N29,""),"") | AS19: =IF(AND(Tournament!J29<>"",Tournament!L29<>""),Tournament!J29,0) -> 0 | AT19: =IF(AND(Tournament!J29<>"",Tournament!L29<>""),IF(Tournament!J29<Tournament!L29,Tournament!N29,""),"") | AU19: =IF(AND(Tournament!J29<>"",Tournament!L29<>""),IF(Tournament!J29=Tournament!L29,Tournament!N29,""),"") | AV19: =IF(AND(Tournament!J29<>"",Tournament!L29<>""),IF(Tournament!J29<Tournament!L29,Tournament!H29,""),"") | AW19: =IF(AND(Tournament!J29<>"",Tournament!L29<>""),Tournament!L29,0) -> 0 | AX19: 1 | AY19: =IF(AND(COUNTIF($Y$4:$Y$60,AP19)=1,COUNTIF($Y$4:$Y$60,AR19)=1),AP19,"") | AZ19: =IF(AND(COUNTIF($Y$4:$Y$60,AQ19)=1,COUNTIF($Y$4:$Y$60,AU19)=1),AQ19,"") | BA19: =IF(AND(COUNTIF($Y$4:$Y$60,AR19)=1,COUNTIF($Y$4:$Y$60,AP19)=1),AR19,"") | BB19: =IF(AND(COUNTIF($Y$4:$Y$60,AT19)=1,COUNTIF($Y$4:$Y$60,AV19)=1),AT19,"") | BC19: =IF(AND(COUNTIF($Y$4:$Y$60,AU19)=1,COUNTIF($Y$4:$Y$60,AQ19)=1),AU19,"") | BD19: =IF(AND(COUNTIF($Y$4:$Y$60,AV19)=1,COUNTIF($Y$4:$Y$60,AT19)=1),AV19,"") | BE19: 17 | BF19: =Tournament!H30 -> Brazil | BG19: =IF(AND(Tournament!J30<>"",Tournament!L30<>""),Tournament!J30,"") | BH19: =IF(AND(Tournament!L30<>"",Tournament!J30<>""),Tournament!L30,"") | BI19: =Tournament!N30 -> Mexico
A20: =K20+L20+M20+N20 -> 3 | B20: =Tournament!H19 -> Ivory Coast | C20: =SUMIF(AP$4:AP$60,B20,AX$4:AX$60)+SUMIF(AT$4:AT$60,B20,AX$4:AX$60) -> 0 | D20: =SUMIF(AQ$4:AQ$60,B20,AX$4:AX$60)+SUMIF(AU$4:AU$60,B20,AX$4:AX$60) -> 0 | E20: =SUMIF(AR$4:AR$60,B20,AX$4:AX$60)+SUMIF(AV$4:AV$60,B20,AX$4:AX$60) -> 0 | F20: =SUMIF($BF$3:$BF$60,B20,$BG$3:$BG$60)+SUMIF($BI$3:$BI$60,B20,$BH$3:$BH$60) -> 0 | G20: =SUMIF($BI$3:$BI$60,B20,$BG$3:$BG$60)+SUMIF($BF$3:$BF$60,B20,$BH$3:$BH$60) -> 0 | H20: =F20-G20+100 -> 100 | I20: =C20*3+D20 -> 0 | J20: 17 | K20: =RANK(I20,I$18:I$21) -> 1 | L20: =SUMPRODUCT((I$18:I$21=I20)*(H$18:H$21>H20)) -> 0 | M20: =SUMPRODUCT((I$18:I$21=I20)*(H$18:H$21=H20)*(F$18:F$21>F20)) -> 0 | N20: =SUMPRODUCT((I$18:I$21=I20)*(H$18:H$21=H20)*(F$18:F$21=F20)*(J$18:J$21<J20)) -> 2 | O20: =IF(SUM(AG18:AI21)=0,IF(COUNTIF(AJ18:AJ21,0)>1,3,AJ20+1),IF(AND(X19=3,X20=3,Y18=0,Y19<>0,Y20<>0),2,IF(OR(X20=5,X20=4),3,IF(X20=6,4,IF(AND(X19=4,X18=1,Y20<>""),2,IF(AND(AI20=0,AI19=1,AI18=1,Y20<>""),1,X20)))))) -> 3 | P20: =VLOOKUP(3,A$18:B$21,2,FALSE) -> Ivory Coast | Q20: =SUMIF(B$4:B$60,P20,F$4:F$60) -> 0 | R20: =SUMIF(B$4:B$60,P20,H$4:H$60) -> 100 | S20: =SUMIF($B$4:$B$60,$P20,I$4:I$60) -> 0 | T20: =SUMIF($B$4:$B$60,$P20,A$4:A$60) -> 3 | U20: =SUMIF($B$4:$B$60,$P20,L$4:L$60) -> 0 | V20: =SUMIF($B$4:$B$60,$P20,M$4:M$60) -> 0 | W20: =SUMIF($B$4:$B$60,$P20,J$4:J$60) -> 17 | X20: =IF(Y20=0,T20,T20+AG20+AH20+AI20) -> 3 | Y20: =IF(OR(AND(S19=S20,R19=R20,Q19=Q20),AND(S21=S20,S20=S19,R21=R20,R20=R19,Q21=Q20,Q20=Q19)),P20,0) -> Ivory Coast | Z20: =SUMIF($AY$4:$AY$60,$Y20,$AX$4:$AX$60)+SUMIF($BB$4:$BB$60,$Y20,$AX$4:$AX$60) -> 0 | AA20: =SUMIF($AZ$4:$AZ$60,$Y20,$AX$4:$AX$60)+SUMIF($BC$4:$BC$60,$Y20,$AX$4:$AX$60) -> 0 | AB20: =SUMIF($BA$4:$BA$60,$Y20,$AX$4:$AX$60)+SUMIF($BD$4:$BD$60,$Y20,$AX$4:$AX$60) -> 0 | AC20: =SUMIF(AY$4:AY$60,Y20,AS$4:AS$60)+SUMIF(BB$4:BB$60,Y20,AW$4:AW$60)+SUMIF(AZ$4:AZ$60,Y20,AS$4:AS$60)+SUMIF(BC$4:BC$60,Y20,AW$4:AW$60) -> 0 | AD20: =SUMIF(BA$4:BA$60,Y20,AS$4:AS$60)+SUMIF(BD$4:BD$60,Y20,AW$4:AW$60)+SUMIF(AZ$4:AZ$60,Y20,AS$4:AS$60)+SUMIF(BC$4:BC$60,Y20,AW$4:AW$60) -> 0 | AE20: =AC20-AD20+100 -> 100 | AF20: =IF(Y20<>0,Z20*3+AA20,"") -> 0 | AG20: =IF(Y20<>0,RANK(AF20,AF$18:AF$21)-1,5) -> 0 | AH20: =IF(Y20<>0,SUMPRODUCT((AF$18:AF$21=AF20)*(AE$18:AE$21>AE20)),5) -> 0 | AI20: =IF(Y20<>0,SUMPRODUCT((AF$18:AF$21=AF20)*(AE$18:AE$21=AE20)*(AC$18:AC$21>AC20)),5) -> 0 | AJ20: =IF(Y20<>0,SUMPRODUCT(($AF18:$AF21=AF20)*($AE18:$AE21=AE20)*($AC18:$AC21=AC20)*($AK18:$AK21<AK20)),5) -> 0 | AK20: =IF(AL20=0,0,VLOOKUP(Y20,Tournament!AJ$25:AK$28,2,FALSE)) -> 0 | AL20: =IF(Y20<>0,IF(OR(SUM(AG20:AI20)=SUM(AG19:AI19),SUM(AG20:AI20)=SUM(AG21:AI21)),1,0),0) -> 1 | AM20: =IF(AN20<>0,AM19+1,AM19) -> 3 | AN20: =IF(AL20=1,Y20,0) -> Ivory Coast | AO20: 17 | AP20: =IF(AND(Tournament!J30<>"",Tournament!L30<>""),IF(Tournament!J30>Tournament!L30,Tournament!H30,""),"") | AQ20: =IF(AND(Tournament!J30<>"",Tournament!L30<>""),IF(Tournament!J30=Tournament!L30,Tournament!H30,""),"") | AR20: =IF(AND(Tournament!J30<>"",Tournament!L30<>""),IF(Tournament!J30>Tournament!L30,Tournament!N30,""),"") | AS20: =IF(AND(Tournament!J30<>"",Tournament!L30<>""),Tournament!J30,0) -> 0 | AT20: =IF(AND(Tournament!J30<>"",Tournament!L30<>""),IF(Tournament!J30<Tournament!L30,Tournament!N30,""),"") | AU20: =IF(AND(Tournament!J30<>"",Tournament!L30<>""),IF(Tournament!J30=Tournament!L30,Tournament!N30,""),"") | AV20: =IF(AND(Tournament!J30<>"",Tournament!L30<>""),IF(Tournament!J30<Tournament!L30,Tournament!H30,""),"") | AW20: =IF(AND(Tournament!J30<>"",Tournament!L30<>""),Tournament!L30,0) -> 0 | AX20: 1 | AY20: =IF(AND(COUNTIF($Y$4:$Y$60,AP20)=1,COUNTIF($Y$4:$Y$60,AR20)=1),AP20,"") | AZ20: =IF(AND(COUNTIF($Y$4:$Y$60,AQ20)=1,COUNTIF($Y$4:$Y$60,AU20)=1),AQ20,"") | BA20: =IF(AND(COUNTIF($Y$4:$Y$60,AR20)=1,COUNTIF($Y$4:$Y$60,AP20)=1),AR20,"") | BB20: =IF(AND(COUNTIF($Y$4:$Y$60,AT20)=1,COUNTIF($Y$4:$Y$60,AV20)=1),AT20,"") | BC20: =IF(AND(COUNTIF($Y$4:$Y$60,AU20)=1,COUNTIF($Y$4:$Y$60,AQ20)=1),AU20,"") | BD20: =IF(AND(COUNTIF($Y$4:$Y$60,AV20)=1,COUNTIF($Y$4:$Y$60,AT20)=1),AV20,"") | BE20: 18 | BF20: =Tournament!H31 -> Cameroon | BG20: =IF(AND(Tournament!J31<>"",Tournament!L31<>""),Tournament!J31,"") | BH20: =IF(AND(Tournament!L31<>"",Tournament!J31<>""),Tournament!L31,"") | BI20: =Tournament!N31 -> Croatia
A21: =K21+L21+M21+N21 -> 4 | B21: =Tournament!N19 -> Japan | C21: =SUMIF(AP$4:AP$60,B21,AX$4:AX$60)+SUMIF(AT$4:AT$60,B21,AX$4:AX$60) -> 0 | D21: =SUMIF(AQ$4:AQ$60,B21,AX$4:AX$60)+SUMIF(AU$4:AU$60,B21,AX$4:AX$60) -> 0 | E21: =SUMIF(AR$4:AR$60,B21,AX$4:AX$60)+SUMIF(AV$4:AV$60,B21,AX$4:AX$60) -> 0 | F21: =SUMIF($BF$3:$BF$60,B21,$BG$3:$BG$60)+SUMIF($BI$3:$BI$60,B21,$BH$3:$BH$60) -> 0 | G21: =SUMIF($BI$3:$BI$60,B21,$BG$3:$BG$60)+SUMIF($BF$3:$BF$60,B21,$BH$3:$BH$60) -> 0 | H21: =F21-G21+100 -> 100 | I21: =C21*3+D21 -> 0 | J21: 28 | K21: =RANK(I21,I$18:I$21) -> 1 | L21: =SUMPRODUCT((I$18:I$21=I21)*(H$18:H$21>H21)) -> 0 | M21: =SUMPRODUCT((I$18:I$21=I21)*(H$18:H$21=H21)*(F$18:F$21>F21)) -> 0 | N21: =SUMPRODUCT((I$18:I$21=I21)*(H$18:H$21=H21)*(F$18:F$21=F21)*(J$18:J$21<J21)) -> 3 | O21: =IF(SUM(AG18:AI21)=0,IF(COUNTIF(AJ18:AJ21,0)>1,4,AJ21+1),IF(X21=X20,IF(X21=3,4,X21),IF(X21=5,3,IF(X21=6,4,X21)))) -> 4 | P21: =VLOOKUP(4,A$18:B$21,2,FALSE) -> Japan | Q21: =SUMIF(B$4:B$60,P21,F$4:F$60) -> 0 | R21: =SUMIF(B$4:B$60,P21,H$4:H$60) -> 100 | S21: =SUMIF($B$4:$B$60,$P21,I$4:I$60) -> 0 | T21: =SUMIF($B$4:$B$60,$P21,A$4:A$60) -> 4 | U21: =SUMIF($B$4:$B$60,$P21,L$4:L$60) -> 0 | V21: =SUMIF($B$4:$B$60,$P21,M$4:M$60) -> 0 | W21: =SUMIF($B$4:$B$60,$P21,J$4:J$60) -> 28 | X21: =IF(Y21=0,T21,T21+AG21+AH21+AI21) -> 4 | Y21: =IF(AND(S20=S21,S20=S19,R20=R21,R20=R19,Q20=Q21,Q20=Q19),P21,0) -> Japan | Z21: =SUMIF($AY$4:$AY$60,$Y21,$AX$4:$AX$60)+SUMIF($BB$4:$BB$60,$Y21,$AX$4:$AX$60) -> 0 | AA21: =SUMIF($AZ$4:$AZ$60,$Y21,$AX$4:$AX$60)+SUMIF($BC$4:$BC$60,$Y21,$AX$4:$AX$60) -> 0 | AB21: =SUMIF($BA$4:$BA$60,$Y21,$AX$4:$AX$60)+SUMIF($BD$4:$BD$60,$Y21,$AX$4:$AX$60) -> 0 | AC21: =SUMIF(AY$4:AY$60,Y21,AS$4:AS$60)+SUMIF(BB$4:BB$60,Y21,AW$4:AW$60)+SUMIF(AZ$4:AZ$60,Y21,AS$4:AS$60)+SUMIF(BC$4:BC$60,Y21,AW$4:AW$60) -> 0 | AD21: =SUMIF(BA$4:BA$60,Y21,AS$4:AS$60)+SUMIF(BD$4:BD$60,Y21,AW$4:AW$60)+SUMIF(AZ$4:AZ$60,Y21,AS$4:AS$60)+SUMIF(BC$4:BC$60,Y21,AW$4:AW$60) -> 0 | AE21: =AC21-AD21+100 -> 100 | AF21: =IF(Y21<>0,Z21*3+AA21,"") -> 0 | AG21: =IF(Y21<>0,RANK(AF21,AF$18:AF$21)-1,5) -> 0 | AH21: =IF(Y21<>0,SUMPRODUCT((AF$18:AF$21=AF21)*(AE$18:AE$21>AE21)),5) -> 0 | AI21: =IF(Y21<>0,SUMPRODUCT((AF$18:AF$21=AF21)*(AE$18:AE$21=AE21)*(AC$18:AC$21>AC21)),5) -> 0 | AJ21: =IF(Y21<>0,SUMPRODUCT(($AF18:$AF21=AF21)*($AE18:$AE21=AE21)*($AC18:$AC21=AC21)*($AK18:$AK21<AK21)),5) -> 0 | AK21: =IF(AL21=0,0,VLOOKUP(Y21,Tournament!AJ$25:AK$28,2,FALSE)) -> 0 | AL21: =IF(Y21<>0,IF(SUM(AG21:AI21)=SUM(AG20:AI20),1,0),0) -> 1 | AM21: =IF(AN21<>0,AM20+1,AM20) -> 4 | AN21: =IF(AL21=1,Y21,0) -> Japan | AO21: 18 | AP21: =IF(AND(Tournament!J31<>"",Tournament!L31<>""),IF(Tournament!J31>Tournament!L31,Tournament!H31,""),"") | AQ21: =IF(AND(Tournament!J31<>"",Tournament!L31<>""),IF(Tournament!J31=Tournament!L31,Tournament!H31,""),"") | AR21: =IF(AND(Tournament!J31<>"",Tournament!L31<>""),IF(Tournament!J31>Tournament!L31,Tournament!N31,""),"") | AS21: =IF(AND(Tournament!J31<>"",Tournament!L31<>""),Tournament!J31,0) -> 0 | AT21: =IF(AND(Tournament!J31<>"",Tournament!L31<>""),IF(Tournament!J31<Tournament!L31,Tournament!N31,""),"") | AU21: =IF(AND(Tournament!J31<>"",Tournament!L31<>""),IF(Tournament!J31=Tournament!L31,Tournament!N31,""),"") | AV21: =IF(AND(Tournament!J31<>"",Tournament!L31<>""),IF(Tournament!J31<Tournament!L31,Tournament!H31,""),"") | AW21: =IF(AND(Tournament!J31<>"",Tournament!L31<>""),Tournament!L31,0) -> 0 | AX21: 1 | AY21: =IF(AND(COUNTIF($Y$4:$Y$60,AP21)=1,COUNTIF($Y$4:$Y$60,AR21)=1),AP21,"") | AZ21: =IF(AND(COUNTIF($Y$4:$Y$60,AQ21)=1,COUNTIF($Y$4:$Y$60,AU21)=1),AQ21,"") | BA21: =IF(AND(COUNTIF($Y$4:$Y$60,AR21)=1,COUNTIF($Y$4:$Y$60,AP21)=1),AR21,"") | BB21: =IF(AND(COUNTIF($Y$4:$Y$60,AT21)=1,COUNTIF($Y$4:$Y$60,AV21)=1),AT21,"") | BC21: =IF(AND(COUNTIF($Y$4:$Y$60,AU21)=1,COUNTIF($Y$4:$Y$60,AQ21)=1),AU21,"") | BD21: =IF(AND(COUNTIF($Y$4:$Y$60,AV21)=1,COUNTIF($Y$4:$Y$60,AT21)=1),AV21,"") | BE21: 19 | BF21: =Tournament!H32 -> Spain | BG21: =IF(AND(Tournament!J32<>"",Tournament!L32<>""),Tournament!J32,"") | BH21: =IF(AND(Tournament!L32<>"",Tournament!J32<>""),Tournament!L32,"") | BI21: =Tournament!N32 -> Chile
AO22: 19 | AP22: =IF(AND(Tournament!J32<>"",Tournament!L32<>""),IF(Tournament!J32>Tournament!L32,Tournament!H32,""),"") | AQ22: =IF(AND(Tournament!J32<>"",Tournament!L32<>""),IF(Tournament!J32=Tournament!L32,Tournament!H32,""),"") | AR22: =IF(AND(Tournament!J32<>"",Tournament!L32<>""),IF(Tournament!J32>Tournament!L32,Tournament!N32,""),"") | AS22: =IF(AND(Tournament!J32<>"",Tournament!L32<>""),Tournament!J32,0) -> 0 | AT22: =IF(AND(Tournament!J32<>"",Tournament!L32<>""),IF(Tournament!J32<Tournament!L32,Tournament!N32,""),"") | AU22: =IF(AND(Tournament!J32<>"",Tournament!L32<>""),IF(Tournament!J32=Tournament!L32,Tournament!N32,""),"") | AV22: =IF(AND(Tournament!J32<>"",Tournament!L32<>""),IF(Tournament!J32<Tournament!L32,Tournament!H32,""),"") | AW22: =IF(AND(Tournament!J32<>"",Tournament!L32<>""),Tournament!L32,0) -> 0 | AX22: 1 | AY22: =IF(AND(COUNTIF($Y$4:$Y$60,AP22)=1,COUNTIF($Y$4:$Y$60,AR22)=1),AP22,"") | AZ22: =IF(AND(COUNTIF($Y$4:$Y$60,AQ22)=1,COUNTIF($Y$4:$Y$60,AU22)=1),AQ22,"") | BA22: =IF(AND(COUNTIF($Y$4:$Y$60,AR22)=1,COUNTIF($Y$4:$Y$60,AP22)=1),AR22,"") | BB22: =IF(AND(COUNTIF($Y$4:$Y$60,AT22)=1,COUNTIF($Y$4:$Y$60,AV22)=1),AT22,"") | BC22: =IF(AND(COUNTIF($Y$4:$Y$60,AU22)=1,COUNTIF($Y$4:$Y$60,AQ22)=1),AU22,"") | BD22: =IF(AND(COUNTIF($Y$4:$Y$60,AV22)=1,COUNTIF($Y$4:$Y$60,AT22)=1),AV22,"") | BE22: 20 | BF22: =Tournament!H33 -> Australia | BG22: =IF(AND(Tournament!J33<>"",Tournament!L33<>""),Tournament!J33,"") | BH22: =IF(AND(Tournament!L33<>"",Tournament!J33<>""),Tournament!L33,"") | BI22: =Tournament!N33 -> Netherlands
AO23: 20 | AP23: =IF(AND(Tournament!J33<>"",Tournament!L33<>""),IF(Tournament!J33>Tournament!L33,Tournament!H33,""),"") | AQ23: =IF(AND(Tournament!J33<>"",Tournament!L33<>""),IF(Tournament!J33=Tournament!L33,Tournament!H33,""),"") | AR23: =IF(AND(Tournament!J33<>"",Tournament!L33<>""),IF(Tournament!J33>Tournament!L33,Tournament!N33,""),"") | AS23: =IF(AND(Tournament!J33<>"",Tournament!L33<>""),Tournament!J33,0) -> 0 | AT23: =IF(AND(Tournament!J33<>"",Tournament!L33<>""),IF(Tournament!J33<Tournament!L33,Tournament!N33,""),"") | AU23: =IF(AND(Tournament!J33<>"",Tournament!L33<>""),IF(Tournament!J33=Tournament!L33,Tournament!N33,""),"") | AV23: =IF(AND(Tournament!J33<>"",Tournament!L33<>""),IF(Tournament!J33<Tournament!L33,Tournament!H33,""),"") | AW23: =IF(AND(Tournament!J33<>"",Tournament!L33<>""),Tournament!L33,0) -> 0 | AX23: 1 | AY23: =IF(AND(COUNTIF($Y$4:$Y$60,AP23)=1,COUNTIF($Y$4:$Y$60,AR23)=1),AP23,"") | AZ23: =IF(AND(COUNTIF($Y$4:$Y$60,AQ23)=1,COUNTIF($Y$4:$Y$60,AU23)=1),AQ23,"") | BA23: =IF(AND(COUNTIF($Y$4:$Y$60,AR23)=1,COUNTIF($Y$4:$Y$60,AP23)=1),AR23,"") | BB23: =IF(AND(COUNTIF($Y$4:$Y$60,AT23)=1,COUNTIF($Y$4:$Y$60,AV23)=1),AT23,"") | BC23: =IF(AND(COUNTIF($Y$4:$Y$60,AU23)=1,COUNTIF($Y$4:$Y$60,AQ23)=1),AU23,"") | BD23: =IF(AND(COUNTIF($Y$4:$Y$60,AV23)=1,COUNTIF($Y$4:$Y$60,AT23)=1),AV23,"") | BE23: 21 | BF23: =Tournament!H34 -> Colombia | BG23: =IF(AND(Tournament!J34<>"",Tournament!L34<>""),Tournament!J34,"") | BH23: =IF(AND(Tournament!L34<>"",Tournament!J34<>""),Tournament!L34,"") | BI23: =Tournament!N34 -> Ivory Coast
AO24: 21 | AP24: =IF(AND(Tournament!J34<>"",Tournament!L34<>""),IF(Tournament!J34>Tournament!L34,Tournament!H34,""),"") | AQ24: =IF(AND(Tournament!J34<>"",Tournament!L34<>""),IF(Tournament!J34=Tournament!L34,Tournament!H34,""),"") | AR24: =IF(AND(Tournament!J34<>"",Tournament!L34<>""),IF(Tournament!J34>Tournament!L34,Tournament!N34,""),"") | AS24: =IF(AND(Tournament!J34<>"",Tournament!L34<>""),Tournament!J34,0) -> 0 | AT24: =IF(AND(Tournament!J34<>"",Tournament!L34<>""),IF(Tournament!J34<Tournament!L34,Tournament!N34,""),"") | AU24: =IF(AND(Tournament!J34<>"",Tournament!L34<>""),IF(Tournament!J34=Tournament!L34,Tournament!N34,""),"") | AV24: =IF(AND(Tournament!J34<>"",Tournament!L34<>""),IF(Tournament!J34<Tournament!L34,Tournament!H34,""),"") | AW24: =IF(AND(Tournament!J34<>"",Tournament!L34<>""),Tournament!L34,0) -> 0 | AX24: 1 | AY24: =IF(AND(COUNTIF($Y$4:$Y$60,AP24)=1,COUNTIF($Y$4:$Y$60,AR24)=1),AP24,"") | AZ24: =IF(AND(COUNTIF($Y$4:$Y$60,AQ24)=1,COUNTIF($Y$4:$Y$60,AU24)=1),AQ24,"") | BA24: =IF(AND(COUNTIF($Y$4:$Y$60,AR24)=1,COUNTIF($Y$4:$Y$60,AP24)=1),AR24,"") | BB24: =IF(AND(COUNTIF($Y$4:$Y$60,AT24)=1,COUNTIF($Y$4:$Y$60,AV24)=1),AT24,"") | BC24: =IF(AND(COUNTIF($Y$4:$Y$60,AU24)=1,COUNTIF($Y$4:$Y$60,AQ24)=1),AU24,"") | BD24: =IF(AND(COUNTIF($Y$4:$Y$60,AV24)=1,COUNTIF($Y$4:$Y$60,AT24)=1),AV24,"") | BE24: 22 | BF24: =Tournament!H35 -> Japan | BG24: =IF(AND(Tournament!J35<>"",Tournament!L35<>""),Tournament!J35,"") | BH24: =IF(AND(Tournament!L35<>"",Tournament!J35<>""),Tournament!L35,"") | BI24: =Tournament!N35 -> Greece
A25: =K25+L25+M25+N25 -> 1 | B25: =Tournament!H20 -> Uruguay | C25: =SUMIF(AP$4:AP$60,B25,AX$4:AX$60)+SUMIF(AT$4:AT$60,B25,AX$4:AX$60) -> 0 | D25: =SUMIF(AQ$4:AQ$60,B25,AX$4:AX$60)+SUMIF(AU$4:AU$60,B25,AX$4:AX$60) -> 0 | E25: =SUMIF(AR$4:AR$60,B25,AX$4:AX$60)+SUMIF(AV$4:AV$60,B25,AX$4:AX$60) -> 0 | F25: =SUMIF($BF$3:$BF$60,B25,$BG$3:$BG$60)+SUMIF($BI$3:$BI$60,B25,$BH$3:$BH$60) -> 0 | G25: =SUMIF($BI$3:$BI$60,B25,$BG$3:$BG$60)+SUMIF($BF$3:$BF$60,B25,$BH$3:$BH$60) -> 0 | H25: =F25-G25+100 -> 100 | I25: =C25*3+D25 -> 0 | J25: 6 | K25: =RANK(I25,I$25:I$28) -> 1 | L25: =SUMPRODUCT((I$25:I$28=I25)*(H$25:H$28>H25)) -> 0 | M25: =SUMPRODUCT((I$25:I$28=I25)*(H$25:H$28=H25)*(F$25:F$28>F25)) -> 0 | N25: =SUMPRODUCT((I$25:I$28=I25)*(H$25:H$28=H25)*(F$25:F$28=F25)*(J$25:J$28<J25)) -> 0 | O25: =IF(SUM(AG25:AI28)=0,IF(COUNTIF(AJ25:AJ28,0)>1,1,AJ25+1),X25) -> 1 | P25: =VLOOKUP(1,A$25:B$28,2,FALSE) -> Uruguay | Q25: =SUMIF(B$4:B$60,P25,F$4:F$60) -> 0 | R25: =SUMIF(B$4:B$60,P25,H$4:H$60) -> 100 | S25: =SUMIF($B$4:$B$60,$P25,I$4:I$60) -> 0 | T25: =SUMIF($B$4:$B$60,$P25,A$4:A$60) -> 1 | U25: =SUMIF($B$4:$B$60,$P25,L$4:L$60) -> 0 | V25: =SUMIF($B$4:$B$60,$P25,M$4:M$60) -> 0 | W25: =SUMIF($B$4:$B$60,$P25,J$4:J$60) -> 6 | X25: =IF(Y25=0,T25,T25+AG25+AH25+AI25) -> 1 | Y25: =IF(AND(S25=S26,R25=R26,Q25=Q26),P25,0) -> Uruguay | Z25: =SUMIF($AY$4:$AY$60,$Y25,$AX$4:$AX$60)+SUMIF($BB$4:$BB$60,$Y25,$AX$4:$AX$60) -> 0 | AA25: =SUMIF($AZ$4:$AZ$60,$Y25,$AX$4:$AX$60)+SUMIF($BC$4:$BC$60,$Y25,$AX$4:$AX$60) -> 0 | AB25: =SUMIF($BA$4:$BA$60,$Y25,$AX$4:$AX$60)+SUMIF($BD$4:$BD$60,$Y25,$AX$4:$AX$60) -> 0 | AC25: =SUMIF(AY$4:AY$60,Y25,AS$4:AS$60)+SUMIF(BB$4:BB$60,Y25,AW$4:AW$60)+SUMIF(AZ$4:AZ$60,Y25,AS$4:AS$60)+SUMIF(BC$4:BC$60,Y25,AW$4:AW$60) -> 0 | AD25: =SUMIF(BA$4:BA$60,Y25,AS$4:AS$60)+SUMIF(BD$4:BD$60,Y25,AW$4:AW$60)+SUMIF(AZ$4:AZ$60,Y25,AS$4:AS$60)+SUMIF(BC$4:BC$60,Y25,AW$4:AW$60) -> 0 | AE25: =AC25-AD25+100 -> 100 | AF25: =IF(Y25<>0,Z25*3+AA25,"") -> 0 | AG25: =IF(Y25<>0,RANK(AF25,AF$25:AF$28)-1,5) -> 0 | AH25: =IF(Y25<>0,SUMPRODUCT((AF$25:AF$28=AF25)*(AE$25:AE$28>AE25)),5) -> 0 | AI25: =IF(Y25<>0,SUMPRODUCT((AF$25:AF$28=AF25)*(AE$25:AE$28=AE25)*(AC$25:AC$28>AC25)),5) -> 0 | AJ25: =IF(Y25<>0,SUMPRODUCT(($AF25:$AF28=AF25)*($AE25:$AE28=AE25)*($AC25:$AC28=AC25)*($AK25:$AK28<AK25)),5) -> 0 | AK25: =IF(AL25=0,0,VLOOKUP(Y25,Tournament!AJ$31:AK$34,2,FALSE)) -> 0 | AL25: =IF(Y25<>0,IF(SUM(AG25:AI25)=SUM(AG26:AI26),1,0),0) -> 1 | AM25: =IF(AN25<>0,1,0) -> 1 | AN25: =IF(AL25=1,Y25,0) -> Uruguay | AO25: 22 | AP25: =IF(AND(Tournament!J35<>"",Tournament!L35<>""),IF(Tournament!J35>Tournament!L35,Tournament!H35,""),"") | AQ25: =IF(AND(Tournament!J35<>"",Tournament!L35<>""),IF(Tournament!J35=Tournament!L35,Tournament!H35,""),"") | AR25: =IF(AND(Tournament!J35<>"",Tournament!L35<>""),IF(Tournament!J35>Tournament!L35,Tournament!N35,""),"") | AS25: =IF(AND(Tournament!J35<>"",Tournament!L35<>""),Tournament!J35,0) -> 0 | AT25: =IF(AND(Tournament!J35<>"",Tournament!L35<>""),IF(Tournament!J35<Tournament!L35,Tournament!N35,""),"") | AU25: =IF(AND(Tournament!J35<>"",Tournament!L35<>""),IF(Tournament!J35=Tournament!L35,Tournament!N35,""),"") | AV25: =IF(AND(Tournament!J35<>"",Tournament!L35<>""),IF(Tournament!J35<Tournament!L35,Tournament!H35,""),"") | AW25: =IF(AND(Tournament!J35<>"",Tournament!L35<>""),Tournament!L35,0) -> 0 | AX25: 1 | AY25: =IF(AND(COUNTIF($Y$4:$Y$60,AP25)=1,COUNTIF($Y$4:$Y$60,AR25)=1),AP25,"") | AZ25: =IF(AND(COUNTIF($Y$4:$Y$60,AQ25)=1,COUNTIF($Y$4:$Y$60,AU25)=1),AQ25,"") | BA25: =IF(AND(COUNTIF($Y$4:$Y$60,AR25)=1,COUNTIF($Y$4:$Y$60,AP25)=1),AR25,"") | BB25: =IF(AND(COUNTIF($Y$4:$Y$60,AT25)=1,COUNTIF($Y$4:$Y$60,AV25)=1),AT25,"") | BC25: =IF(AND(COUNTIF($Y$4:$Y$60,AU25)=1,COUNTIF($Y$4:$Y$60,AQ25)=1),AU25,"") | BD25: =IF(AND(COUNTIF($Y$4:$Y$60,AV25)=1,COUNTIF($Y$4:$Y$60,AT25)=1),AV25,"") | BE25: 23 | BF25: =Tournament!H36 -> Uruguay | BG25: =IF(AND(Tournament!J36<>"",Tournament!L36<>""),Tournament!J36,"") | BH25: =IF(AND(Tournament!L36<>"",Tournament!J36<>""),Tournament!L36,"") | BI25: =Tournament!N36 -> England
A26: =K26+L26+M26+N26 -> 4 | B26: =Tournament!N20 -> Costa Rica | C26: =SUMIF(AP$4:AP$60,B26,AX$4:AX$60)+SUMIF(AT$4:AT$60,B26,AX$4:AX$60) -> 0 | D26: =SUMIF(AQ$4:AQ$60,B26,AX$4:AX$60)+SUMIF(AU$4:AU$60,B26,AX$4:AX$60) -> 0 | E26: =SUMIF(AR$4:AR$60,B26,AX$4:AX$60)+SUMIF(AV$4:AV$60,B26,AX$4:AX$60) -> 0 | F26: =SUMIF($BF$3:$BF$60,B26,$BG$3:$BG$60)+SUMIF($BI$3:$BI$60,B26,$BH$3:$BH$60) -> 0 | G26: =SUMIF($BI$3:$BI$60,B26,$BG$3:$BG$60)+SUMIF($BF$3:$BF$60,B26,$BH$3:$BH$60) -> 0 | H26: =F26-G26+100 -> 100 | I26: =C26*3+D26 -> 0 | J26: 24 | K26: =RANK(I26,I$25:I$28) -> 1 | L26: =SUMPRODUCT((I$25:I$28=I26)*(H$25:H$28>H26)) -> 0 | M26: =SUMPRODUCT((I$25:I$28=I26)*(H$25:H$28=H26)*(F$25:F$28>F26)) -> 0 | N26: =SUMPRODUCT((I$25:I$28=I26)*(H$25:H$28=H26)*(F$25:F$28=F26)*(J$25:J$28<J26)) -> 3 | O26: =IF(SUM(AG25:AI28)=0,IF(COUNTIF(AJ25:AJ28,0)>1,2,AJ26+1),IF(AND(X25=1,X26=3,Y25<>0,Y26<>0,Y27=0,Y28=0),2,IF(AND(X25=2,X26=2,Y25<>0,Y26<>0,Y27=0,Y28=0),1,IF(AND(X26=4,AI26=2),3,X26)))) -> 2 | P26: =VLOOKUP(2,A$25:B$28,2,FALSE) -> Italy | Q26: =SUMIF(B$4:B$60,P26,F$4:F$60) -> 0 | R26: =SUMIF(B$4:B$60,P26,H$4:H$60) -> 100 | S26: =SUMIF($B$4:$B$60,$P26,I$4:I$60) -> 0 | T26: =SUMIF($B$4:$B$60,$P26,A$4:A$60) -> 2 | U26: =SUMIF($B$4:$B$60,$P26,L$4:L$60) -> 0 | V26: =SUMIF($B$4:$B$60,$P26,M$4:M$60) -> 0 | W26: =SUMIF($B$4:$B$60,$P26,J$4:J$60) -> 9 | X26: =IF(Y26=0,T26,T26+AG26+AH26+AI26) -> 2 | Y26: =IF(OR(AND(S25=S26,R25=R26,Q25=Q26),AND(S27=S26,R27=R26,Q27=Q26)),P26,0) -> Italy | Z26: =SUMIF($AY$4:$AY$60,$Y26,$AX$4:$AX$60)+SUMIF($BB$4:$BB$60,$Y26,$AX$4:$AX$60) -> 0 | AA26: =SUMIF($AZ$4:$AZ$60,$Y26,$AX$4:$AX$60)+SUMIF($BC$4:$BC$60,$Y26,$AX$4:$AX$60) -> 0 | AB26: =SUMIF($BA$4:$BA$60,$Y26,$AX$4:$AX$60)+SUMIF($BD$4:$BD$60,$Y26,$AX$4:$AX$60) -> 0 | AC26: =SUMIF(AY$4:AY$60,Y26,AS$4:AS$60)+SUMIF(BB$4:BB$60,Y26,AW$4:AW$60)+SUMIF(AZ$4:AZ$60,Y26,AS$4:AS$60)+SUMIF(BC$4:BC$60,Y26,AW$4:AW$60) -> 0 | AD26: =SUMIF(BA$4:BA$60,Y26,AS$4:AS$60)+SUMIF(BD$4:BD$60,Y26,AW$4:AW$60)+SUMIF(AZ$4:AZ$60,Y26,AS$4:AS$60)+SUMIF(BC$4:BC$60,Y26,AW$4:AW$60) -> 0 | AE26: =AC26-AD26+100 -> 100 | AF26: =IF(Y26<>0,Z26*3+AA26,"") -> 0 | AG26: =IF(Y26<>0,RANK(AF26,AF$25:AF$28)-1,5) -> 0 | AH26: =IF(Y26<>0,SUMPRODUCT((AF$25:AF$28=AF26)*(AE$25:AE$28>AE26)),5) -> 0 | AI26: =IF(Y26<>0,SUMPRODUCT((AF$25:AF$28=AF26)*(AE$25:AE$28=AE26)*(AC$25:AC$28>AC26)),5) -> 0 | AJ26: =IF(Y26<>0,SUMPRODUCT(($AF25:$AF28=AF26)*($AE25:$AE28=AE26)*($AC25:$AC28=AC26)*($AK25:$AK28<AK26)),5) -> 0 | AK26: =IF(AL26=0,0,VLOOKUP(Y26,Tournament!AJ$31:AK$34,2,FALSE)) -> 0 | AL26: =IF(Y26<>0,IF(OR(SUM(AG26:AI26)=SUM(AG25:AI25),SUM(AG26:AI26)=SUM(AG27:AI27)),1,0),0) -> 1 | AM26: =IF(AN26<>0,AM25+1,AM25) -> 2 | AN26: =IF(AL26=1,Y26,0) -> Italy | AO26: 23 | AP26: =IF(AND(Tournament!J36<>"",Tournament!L36<>""),IF(Tournament!J36>Tournament!L36,Tournament!H36,""),"") | AQ26: =IF(AND(Tournament!J36<>"",Tournament!L36<>""),IF(Tournament!J36=Tournament!L36,Tournament!H36,""),"") | AR26: =IF(AND(Tournament!J36<>"",Tournament!L36<>""),IF(Tournament!J36>Tournament!L36,Tournament!N36,""),"") | AS26: =IF(AND(Tournament!J36<>"",Tournament!L36<>""),Tournament!J36,0) -> 0 | AT26: =IF(AND(Tournament!J36<>"",Tournament!L36<>""),IF(Tournament!J36<Tournament!L36,Tournament!N36,""),"") | AU26: =IF(AND(Tournament!J36<>"",Tournament!L36<>""),IF(Tournament!J36=Tournament!L36,Tournament!N36,""),"") | AV26: =IF(AND(Tournament!J36<>"",Tournament!L36<>""),IF(Tournament!J36<Tournament!L36,Tournament!H36,""),"") | AW26: =IF(AND(Tournament!J36<>"",Tournament!L36<>""),Tournament!L36,0) -> 0 | AX26: 1 | AY26: =IF(AND(COUNTIF($Y$4:$Y$60,AP26)=1,COUNTIF($Y$4:$Y$60,AR26)=1),AP26,"") | AZ26: =IF(AND(COUNTIF($Y$4:$Y$60,AQ26)=1,COUNTIF($Y$4:$Y$60,AU26)=1),AQ26,"") | BA26: =IF(AND(COUNTIF($Y$4:$Y$60,AR26)=1,COUNTIF($Y$4:$Y$60,AP26)=1),AR26,"") | BB26: =IF(AND(COUNTIF($Y$4:$Y$60,AT26)=1,COUNTIF($Y$4:$Y$60,AV26)=1),AT26,"") | BC26: =IF(AND(COUNTIF($Y$4:$Y$60,AU26)=1,COUNTIF($Y$4:$Y$60,AQ26)=1),AU26,"") | BD26: =IF(AND(COUNTIF($Y$4:$Y$60,AV26)=1,COUNTIF($Y$4:$Y$60,AT26)=1),AV26,"") | BE26: 24 | BF26: =Tournament!H37 -> Italy | BG26: =IF(AND(Tournament!J37<>"",Tournament!L37<>""),Tournament!J37,"") | BH26: =IF(AND(Tournament!L37<>"",Tournament!J37<>""),Tournament!L37,"") | BI26: =Tournament!N37 -> Costa Rica
A27: =K27+L27+M27+N27 -> 3 | B27: =Tournament!H21 -> England | C27: =SUMIF(AP$4:AP$60,B27,AX$4:AX$60)+SUMIF(AT$4:AT$60,B27,AX$4:AX$60) -> 0 | D27: =SUMIF(AQ$4:AQ$60,B27,AX$4:AX$60)+SUMIF(AU$4:AU$60,B27,AX$4:AX$60) -> 0 | E27: =SUMIF(AR$4:AR$60,B27,AX$4:AX$60)+SUMIF(AV$4:AV$60,B27,AX$4:AX$60) -> 0 | F27: =SUMIF($BF$3:$BF$60,B27,$BG$3:$BG$60)+SUMIF($BI$3:$BI$60,B27,$BH$3:$BH$60) -> 0 | G27: =SUMIF($BI$3:$BI$60,B27,$BG$3:$BG$60)+SUMIF($BF$3:$BF$60,B27,$BH$3:$BH$60) -> 0 | H27: =F27-G27+100 -> 100 | I27: =C27*3+D27 -> 0 | J27: 10 | K27: =RANK(I27,I$25:I$28) -> 1 | L27: =SUMPRODUCT((I$25:I$28=I27)*(H$25:H$28>H27)) -> 0 | M27: =SUMPRODUCT((I$25:I$28=I27)*(H$25:H$28=H27)*(F$25:F$28>F27)) -> 0 | N27: =SUMPRODUCT((I$25:I$28=I27)*(H$25:H$28=H27)*(F$25:F$28=F27)*(J$25:J$28<J27)) -> 2 | O27: =IF(SUM(AG25:AI28)=0,IF(COUNTIF(AJ25:AJ28,0)>1,3,AJ27+1),IF(AND(X26=3,X27=3,Y25=0,Y26<>0,Y27<>0),2,IF(OR(X27=5,X27=4),3,IF(X27=6,4,IF(AND(X26=4,X25=1,Y27<>""),2,IF(AND(AI27=0,AI26=1,AI25=1,Y27<>""),1,X27)))))) -> 3 | P27: =VLOOKUP(3,A$25:B$28,2,FALSE) -> England | Q27: =SUMIF(B$4:B$60,P27,F$4:F$60) -> 0 | R27: =SUMIF(B$4:B$60,P27,H$4:H$60) -> 100 | S27: =SUMIF($B$4:$B$60,$P27,I$4:I$60) -> 0 | T27: =SUMIF($B$4:$B$60,$P27,A$4:A$60) -> 3 | U27: =SUMIF($B$4:$B$60,$P27,L$4:L$60) -> 0 | V27: =SUMIF($B$4:$B$60,$P27,M$4:M$60) -> 0 | W27: =SUMIF($B$4:$B$60,$P27,J$4:J$60) -> 10 | X27: =IF(Y27=0,T27,T27+AG27+AH27+AI27) -> 3 | Y27: =IF(OR(AND(S26=S27,R26=R27,Q26=Q27),AND(S28=S27,S27=S26,R28=R27,R27=R26,Q28=Q27,Q27=Q26)),P27,0) -> England | Z27: =SUMIF($AY$4:$AY$60,$Y27,$AX$4:$AX$60)+SUMIF($BB$4:$BB$60,$Y27,$AX$4:$AX$60) -> 0 | AA27: =SUMIF($AZ$4:$AZ$60,$Y27,$AX$4:$AX$60)+SUMIF($BC$4:$BC$60,$Y27,$AX$4:$AX$60) -> 0 | AB27: =SUMIF($BA$4:$BA$60,$Y27,$AX$4:$AX$60)+SUMIF($BD$4:$BD$60,$Y27,$AX$4:$AX$60) -> 0 | AC27: =SUMIF(AY$4:AY$60,Y27,AS$4:AS$60)+SUMIF(BB$4:BB$60,Y27,AW$4:AW$60)+SUMIF(AZ$4:AZ$60,Y27,AS$4:AS$60)+SUMIF(BC$4:BC$60,Y27,AW$4:AW$60) -> 0 | AD27: =SUMIF(BA$4:BA$60,Y27,AS$4:AS$60)+SUMIF(BD$4:BD$60,Y27,AW$4:AW$60)+SUMIF(AZ$4:AZ$60,Y27,AS$4:AS$60)+SUMIF(BC$4:BC$60,Y27,AW$4:AW$60) -> 0 | AE27: =AC27-AD27+100 -> 100 | AF27: =IF(Y27<>0,Z27*3+AA27,"") -> 0 | AG27: =IF(Y27<>0,RANK(AF27,AF$25:AF$28)-1,5) -> 0 | AH27: =IF(Y27<>0,SUMPRODUCT((AF$25:AF$28=AF27)*(AE$25:AE$28>AE27)),5) -> 0 | AI27: =IF(Y27<>0,SUMPRODUCT((AF$25:AF$28=AF27)*(AE$25:AE$28=AE27)*(AC$25:AC$28>AC27)),5) -> 0 | AJ27: =IF(Y27<>0,SUMPRODUCT(($AF25:$AF28=AF27)*($AE25:$AE28=AE27)*($AC25:$AC28=AC27)*($AK25:$AK28<AK27)),5) -> 0 | AK27: =IF(AL27=0,0,VLOOKUP(Y27,Tournament!AJ$31:AK$34,2,FALSE)) -> 0 | AL27: =IF(Y27<>0,IF(OR(SUM(AG27:AI27)=SUM(AG26:AI26),SUM(AG27:AI27)=SUM(AG28:AI28)),1,0),0) -> 1 | AM27: =IF(AN27<>0,AM26+1,AM26) -> 3 | AN27: =IF(AL27=1,Y27,0) -> England | AO27: 24 | AP27: =IF(AND(Tournament!J37<>"",Tournament!L37<>""),IF(Tournament!J37>Tournament!L37,Tournament!H37,""),"") | AQ27: =IF(AND(Tournament!J37<>"",Tournament!L37<>""),IF(Tournament!J37=Tournament!L37,Tournament!H37,""),"") | AR27: =IF(AND(Tournament!J37<>"",Tournament!L37<>""),IF(Tournament!J37>Tournament!L37,Tournament!N37,""),"") | AS27: =IF(AND(Tournament!J37<>"",Tournament!L37<>""),Tournament!J37,0) -> 0 | AT27: =IF(AND(Tournament!J37<>"",Tournament!L37<>""),IF(Tournament!J37<Tournament!L37,Tournament!N37,""),"") | AU27: =IF(AND(Tournament!J37<>"",Tournament!L37<>""),IF(Tournament!J37=Tournament!L37,Tournament!N37,""),"") | AV27: =IF(AND(Tournament!J37<>"",Tournament!L37<>""),IF(Tournament!J37<Tournament!L37,Tournament!H37,""),"") | AW27: =IF(AND(Tournament!J37<>"",Tournament!L37<>""),Tournament!L37,0) -> 0 | AX27: 1 | AY27: =IF(AND(COUNTIF($Y$4:$Y$60,AP27)=1,COUNTIF($Y$4:$Y$60,AR27)=1),AP27,"") | AZ27: =IF(AND(COUNTIF($Y$4:$Y$60,AQ27)=1,COUNTIF($Y$4:$Y$60,AU27)=1),AQ27,"") | BA27: =IF(AND(COUNTIF($Y$4:$Y$60,AR27)=1,COUNTIF($Y$4:$Y$60,AP27)=1),AR27,"") | BB27: =IF(AND(COUNTIF($Y$4:$Y$60,AT27)=1,COUNTIF($Y$4:$Y$60,AV27)=1),AT27,"") | BC27: =IF(AND(COUNTIF($Y$4:$Y$60,AU27)=1,COUNTIF($Y$4:$Y$60,AQ27)=1),AU27,"") | BD27: =IF(AND(COUNTIF($Y$4:$Y$60,AV27)=1,COUNTIF($Y$4:$Y$60,AT27)=1),AV27,"") | BE27: 25 | BF27: =Tournament!H38 -> Switzerland | BG27: =IF(AND(Tournament!J38<>"",Tournament!L38<>""),Tournament!J38,"") | BH27: =IF(AND(Tournament!L38<>"",Tournament!J38<>""),Tournament!L38,"") | BI27: =Tournament!N38 -> France
A28: =K28+L28+M28+N28 -> 2 | B28: =Tournament!N21 -> Italy | C28: =SUMIF(AP$4:AP$60,B28,AX$4:AX$60)+SUMIF(AT$4:AT$60,B28,AX$4:AX$60) -> 0 | D28: =SUMIF(AQ$4:AQ$60,B28,AX$4:AX$60)+SUMIF(AU$4:AU$60,B28,AX$4:AX$60) -> 0 | E28: =SUMIF(AR$4:AR$60,B28,AX$4:AX$60)+SUMIF(AV$4:AV$60,B28,AX$4:AX$60) -> 0 | F28: =SUMIF($BF$3:$BF$60,B28,$BG$3:$BG$60)+SUMIF($BI$3:$BI$60,B28,$BH$3:$BH$60) -> 0 | G28: =SUMIF($BI$3:$BI$60,B28,$BG$3:$BG$60)+SUMIF($BF$3:$BF$60,B28,$BH$3:$BH$60) -> 0 | H28: =F28-G28+100 -> 100 | I28: =C28*3+D28 -> 0 | J28: 9 | K28: =RANK(I28,I$25:I$28) -> 1 | L28: =SUMPRODUCT((I$25:I$28=I28)*(H$25:H$28>H28)) -> 0 | M28: =SUMPRODUCT((I$25:I$28=I28)*(H$25:H$28=H28)*(F$25:F$28>F28)) -> 0 | N28: =SUMPRODUCT((I$25:I$28=I28)*(H$25:H$28=H28)*(F$25:F$28=F28)*(J$25:J$28<J28)) -> 1 | O28: =IF(SUM(AG25:AI28)=0,IF(COUNTIF(AJ25:AJ28,0)>1,4,AJ28+1),IF(X28=X27,IF(X28=3,4,X28),IF(X28=5,3,IF(X28=6,4,X28)))) -> 4 | P28: =VLOOKUP(4,A$25:B$28,2,FALSE) -> Costa Rica | Q28: =SUMIF(B$4:B$60,P28,F$4:F$60) -> 0 | R28: =SUMIF(B$4:B$60,P28,H$4:H$60) -> 100 | S28: =SUMIF($B$4:$B$60,$P28,I$4:I$60) -> 0 | T28: =SUMIF($B$4:$B$60,$P28,A$4:A$60) -> 4 | U28: =SUMIF($B$4:$B$60,$P28,L$4:L$60) -> 0 | V28: =SUMIF($B$4:$B$60,$P28,M$4:M$60) -> 0 | W28: =SUMIF($B$4:$B$60,$P28,J$4:J$60) -> 24 | X28: =IF(Y28=0,T28,T28+AG28+AH28+AI28) -> 4 | Y28: =IF(AND(S27=S28,S27=S26,R27=R28,R27=R26,Q27=Q28,Q27=Q26),P28,0) -> Costa Rica | Z28: =SUMIF($AY$4:$AY$60,$Y28,$AX$4:$AX$60)+SUMIF($BB$4:$BB$60,$Y28,$AX$4:$AX$60) -> 0 | AA28: =SUMIF($AZ$4:$AZ$60,$Y28,$AX$4:$AX$60)+SUMIF($BC$4:$BC$60,$Y28,$AX$4:$AX$60) -> 0 | AB28: =SUMIF($BA$4:$BA$60,$Y28,$AX$4:$AX$60)+SUMIF($BD$4:$BD$60,$Y28,$AX$4:$AX$60) -> 0 | AC28: =SUMIF(AY$4:AY$60,Y28,AS$4:AS$60)+SUMIF(BB$4:BB$60,Y28,AW$4:AW$60)+SUMIF(AZ$4:AZ$60,Y28,AS$4:AS$60)+SUMIF(BC$4:BC$60,Y28,AW$4:AW$60) -> 0 | AD28: =SUMIF(BA$4:BA$60,Y28,AS$4:AS$60)+SUMIF(BD$4:BD$60,Y28,AW$4:AW$60)+SUMIF(AZ$4:AZ$60,Y28,AS$4:AS$60)+SUMIF(BC$4:BC$60,Y28,AW$4:AW$60) -> 0 | AE28: =AC28-AD28+100 -> 100 | AF28: =IF(Y28<>0,Z28*3+AA28,"") -> 0 | AG28: =IF(Y28<>0,RANK(AF28,AF$25:AF$28)-1,5) -> 0 | AH28: =IF(Y28<>0,SUMPRODUCT((AF$25:AF$28=AF28)*(AE$25:AE$28>AE28)),5) -> 0 | AI28: =IF(Y28<>0,SUMPRODUCT((AF$25:AF$28=AF28)*(AE$25:AE$28=AE28)*(AC$25:AC$28>AC28)),5) -> 0 | AJ28: =IF(Y28<>0,SUMPRODUCT(($AF25:$AF28=AF28)*($AE25:$AE28=AE28)*($AC25:$AC28=AC28)*($AK25:$AK28<AK28)),5) -> 0 | AK28: =IF(AL28=0,0,VLOOKUP(Y28,Tournament!AJ$31:AK$34,2,FALSE)) -> 0 | AL28: =IF(Y28<>0,IF(SUM(AG28:AI28)=SUM(AG27:AI27),1,0),0) -> 1 | AM28: =IF(AN28<>0,AM27+1,AM27) -> 4 | AN28: =IF(AL28=1,Y28,0) -> Costa Rica | AO28: 25 | AP28: =IF(AND(Tournament!J38<>"",Tournament!L38<>""),IF(Tournament!J38>Tournament!L38,Tournament!H38,""),"") | AQ28: =IF(AND(Tournament!J38<>"",Tournament!L38<>""),IF(Tournament!J38=Tournament!L38,Tournament!H38,""),"") | AR28: =IF(AND(Tournament!J38<>"",Tournament!L38<>""),IF(Tournament!J38>Tournament!L38,Tournament!N38,""),"") | AS28: =IF(AND(Tournament!J38<>"",Tournament!L38<>""),Tournament!J38,0) -> 0 | AT28: =IF(AND(Tournament!J38<>"",Tournament!L38<>""),IF(Tournament!J38<Tournament!L38,Tournament!N38,""),"") | AU28: =IF(AND(Tournament!J38<>"",Tournament!L38<>""),IF(Tournament!J38=Tournament!L38,Tournament!N38,""),"") | AV28: =IF(AND(Tournament!J38<>"",Tournament!L38<>""),IF(Tournament!J38<Tournament!L38,Tournament!H38,""),"") | AW28: =IF(AND(Tournament!J38<>"",Tournament!L38<>""),Tournament!L38,0) -> 0 | AX28: 1 | AY28: =IF(AND(COUNTIF($Y$4:$Y$60,AP28)=1,COUNTIF($Y$4:$Y$60,AR28)=1),AP28,"") | AZ28: =IF(AND(COUNTIF($Y$4:$Y$60,AQ28)=1,COUNTIF($Y$4:$Y$60,AU28)=1),AQ28,"") | BA28: =IF(AND(COUNTIF($Y$4:$Y$60,AR28)=1,COUNTIF($Y$4:$Y$60,AP28)=1),AR28,"") | BB28: =IF(AND(COUNTIF($Y$4:$Y$60,AT28)=1,COUNTIF($Y$4:$Y$60,AV28)=1),AT28,"") | BC28: =IF(AND(COUNTIF($Y$4:$Y$60,AU28)=1,COUNTIF($Y$4:$Y$60,AQ28)=1),AU28,"") | BD28: =IF(AND(COUNTIF($Y$4:$Y$60,AV28)=1,COUNTIF($Y$4:$Y$60,AT28)=1),AV28,"") | BE28: 26 | BF28: =Tournament!H39 -> Honduras | BG28: =IF(AND(Tournament!J39<>"",Tournament!L39<>""),Tournament!J39,"") | BH28: =IF(AND(Tournament!L39<>"",Tournament!J39<>""),Tournament!L39,"") | BI28: =Tournament!N39 -> Ecuador
AO29: 26 | AP29: =IF(AND(Tournament!J39<>"",Tournament!L39<>""),IF(Tournament!J39>Tournament!L39,Tournament!H39,""),"") | AQ29: =IF(AND(Tournament!J39<>"",Tournament!L39<>""),IF(Tournament!J39=Tournament!L39,Tournament!H39,""),"") | AR29: =IF(AND(Tournament!J39<>"",Tournament!L39<>""),IF(Tournament!J39>Tournament!L39,Tournament!N39,""),"") | AS29: =IF(AND(Tournament!J39<>"",Tournament!L39<>""),Tournament!J39,0) -> 0 | AT29: =IF(AND(Tournament!J39<>"",Tournament!L39<>""),IF(Tournament!J39<Tournament!L39,Tournament!N39,""),"") | AU29: =IF(AND(Tournament!J39<>"",Tournament!L39<>""),IF(Tournament!J39=Tournament!L39,Tournament!N39,""),"") | AV29: =IF(AND(Tournament!J39<>"",Tournament!L39<>""),IF(Tournament!J39<Tournament!L39,Tournament!H39,""),"") | AW29: =IF(AND(Tournament!J39<>"",Tournament!L39<>""),Tournament!L39,0) -> 0 | AX29: 1 | AY29: =IF(AND(COUNTIF($Y$4:$Y$60,AP29)=1,COUNTIF($Y$4:$Y$60,AR29)=1),AP29,"") | AZ29: =IF(AND(COUNTIF($Y$4:$Y$60,AQ29)=1,COUNTIF($Y$4:$Y$60,AU29)=1),AQ29,"") | BA29: =IF(AND(COUNTIF($Y$4:$Y$60,AR29)=1,COUNTIF($Y$4:$Y$60,AP29)=1),AR29,"") | BB29: =IF(AND(COUNTIF($Y$4:$Y$60,AT29)=1,COUNTIF($Y$4:$Y$60,AV29)=1),AT29,"") | BC29: =IF(AND(COUNTIF($Y$4:$Y$60,AU29)=1,COUNTIF($Y$4:$Y$60,AQ29)=1),AU29,"") | BD29: =IF(AND(COUNTIF($Y$4:$Y$60,AV29)=1,COUNTIF($Y$4:$Y$60,AT29)=1),AV29,"") | BE29: 27 | BF29: =Tournament!H40 -> Argentina | BG29: =IF(AND(Tournament!J40<>"",Tournament!L40<>""),Tournament!J40,"") | BH29: =IF(AND(Tournament!L40<>"",Tournament!J40<>""),Tournament!L40,"") | BI29: =Tournament!N40 -> Iran
AO30: 27 | AP30: =IF(AND(Tournament!J40<>"",Tournament!L40<>""),IF(Tournament!J40>Tournament!L40,Tournament!H40,""),"") | AQ30: =IF(AND(Tournament!J40<>"",Tournament!L40<>""),IF(Tournament!J40=Tournament!L40,Tournament!H40,""),"") | AR30: =IF(AND(Tournament!J40<>"",Tournament!L40<>""),IF(Tournament!J40>Tournament!L40,Tournament!N40,""),"") | AS30: =IF(AND(Tournament!J40<>"",Tournament!L40<>""),Tournament!J40,0) -> 0 | AT30: =IF(AND(Tournament!J40<>"",Tournament!L40<>""),IF(Tournament!J40<Tournament!L40,Tournament!N40,""),"") | AU30: =IF(AND(Tournament!J40<>"",Tournament!L40<>""),IF(Tournament!J40=Tournament!L40,Tournament!N40,""),"") | AV30: =IF(AND(Tournament!J40<>"",Tournament!L40<>""),IF(Tournament!J40<Tournament!L40,Tournament!H40,""),"") | AW30: =IF(AND(Tournament!J40<>"",Tournament!L40<>""),Tournament!L40,0) -> 0 | AX30: 1 | AY30: =IF(AND(COUNTIF($Y$4:$Y$60,AP30)=1,COUNTIF($Y$4:$Y$60,AR30)=1),AP30,"") | AZ30: =IF(AND(COUNTIF($Y$4:$Y$60,AQ30)=1,COUNTIF($Y$4:$Y$60,AU30)=1),AQ30,"") | BA30: =IF(AND(COUNTIF($Y$4:$Y$60,AR30)=1,COUNTIF($Y$4:$Y$60,AP30)=1),AR30,"") | BB30: =IF(AND(COUNTIF($Y$4:$Y$60,AT30)=1,COUNTIF($Y$4:$Y$60,AV30)=1),AT30,"") | BC30: =IF(AND(COUNTIF($Y$4:$Y$60,AU30)=1,COUNTIF($Y$4:$Y$60,AQ30)=1),AU30,"") | BD30: =IF(AND(COUNTIF($Y$4:$Y$60,AV30)=1,COUNTIF($Y$4:$Y$60,AT30)=1),AV30,"") | BE30: 28 | BF30: =Tournament!H41 -> Nigeria | BG30: =IF(AND(Tournament!J41<>"",Tournament!L41<>""),Tournament!J41,"") | BH30: =IF(AND(Tournament!L41<>"",Tournament!J41<>""),Tournament!L41,"") | BI30: =Tournament!N41 -> Bosnia-Herzegovina
P31: R. Musadya | AO31: 28 | AP31: =IF(AND(Tournament!J41<>"",Tournament!L41<>""),IF(Tournament!J41>Tournament!L41,Tournament!H41,""),"") | AQ31: =IF(AND(Tournament!J41<>"",Tournament!L41<>""),IF(Tournament!J41=Tournament!L41,Tournament!H41,""),"") | AR31: =IF(AND(Tournament!J41<>"",Tournament!L41<>""),IF(Tournament!J41>Tournament!L41,Tournament!N41,""),"") | AS31: =IF(AND(Tournament!J41<>"",Tournament!L41<>""),Tournament!J41,0) -> 0 | AT31: =IF(AND(Tournament!J41<>"",Tournament!L41<>""),IF(Tournament!J41<Tournament!L41,Tournament!N41,""),"") | AU31: =IF(AND(Tournament!J41<>"",Tournament!L41<>""),IF(Tournament!J41=Tournament!L41,Tournament!N41,""),"") | AV31: =IF(AND(Tournament!J41<>"",Tournament!L41<>""),IF(Tournament!J41<Tournament!L41,Tournament!H41,""),"") | AW31: =IF(AND(Tournament!J41<>"",Tournament!L41<>""),Tournament!L41,0) -> 0 | AX31: 1 | AY31: =IF(AND(COUNTIF($Y$4:$Y$60,AP31)=1,COUNTIF($Y$4:$Y$60,AR31)=1),AP31,"") | AZ31: =IF(AND(COUNTIF($Y$4:$Y$60,AQ31)=1,COUNTIF($Y$4:$Y$60,AU31)=1),AQ31,"") | BA31: =IF(AND(COUNTIF($Y$4:$Y$60,AR31)=1,COUNTIF($Y$4:$Y$60,AP31)=1),AR31,"") | BB31: =IF(AND(COUNTIF($Y$4:$Y$60,AT31)=1,COUNTIF($Y$4:$Y$60,AV31)=1),AT31,"") | BC31: =IF(AND(COUNTIF($Y$4:$Y$60,AU31)=1,COUNTIF($Y$4:$Y$60,AQ31)=1),AU31,"") | BD31: =IF(AND(COUNTIF($Y$4:$Y$60,AV31)=1,COUNTIF($Y$4:$Y$60,AT31)=1),AV31,"") | BE31: 29 | BF31: =Tournament!H42 -> Germany | BG31: =IF(AND(Tournament!J42<>"",Tournament!L42<>""),Tournament!J42,"") | BH31: =IF(AND(Tournament!L42<>"",Tournament!J42<>""),Tournament!L42,"") | BI31: =Tournament!N42 -> Ghana
A32: =K32+L32+M32+N32 -> 1 | B32: =Tournament!H22 -> Switzerland | C32: =SUMIF(AP$4:AP$60,B32,AX$4:AX$60)+SUMIF(AT$4:AT$60,B32,AX$4:AX$60) -> 0 | D32: =SUMIF(AQ$4:AQ$60,B32,AX$4:AX$60)+SUMIF(AU$4:AU$60,B32,AX$4:AX$60) -> 0 | E32: =SUMIF(AR$4:AR$60,B32,AX$4:AX$60)+SUMIF(AV$4:AV$60,B32,AX$4:AX$60) -> 0 | F32: =SUMIF($BF$3:$BF$60,B32,$BG$3:$BG$60)+SUMIF($BI$3:$BI$60,B32,$BH$3:$BH$60) -> 0 | G32: =SUMIF($BI$3:$BI$60,B32,$BG$3:$BG$60)+SUMIF($BF$3:$BF$60,B32,$BH$3:$BH$60) -> 0 | H32: =F32-G32+100 -> 100 | I32: =C32*3+D32 -> 0 | J32: 7 | K32: =RANK(I32,I$32:I$35) -> 1 | L32: =SUMPRODUCT((I$32:I$35=I32)*(H$32:H$35>H32)) -> 0 | M32: =SUMPRODUCT((I$32:I$35=I32)*(H$32:H$35=H32)*(F$32:F$35>F32)) -> 0 | N32: =SUMPRODUCT((I$32:I$35=I32)*(H$32:H$35=H32)*(F$32:F$35=F32)*(J$32:J$35<J32)) -> 0 | O32: =IF(SUM(AG32:AI35)=0,IF(COUNTIF(AJ32:AJ35,0)>1,1,AJ32+1),X32) -> 1 | P32: =VLOOKUP(1,A$32:B$35,2,FALSE) -> Switzerland | Q32: =SUMIF(B$4:B$60,P32,F$4:F$60) -> 0 | R32: =SUMIF(B$4:B$60,P32,H$4:H$60) -> 100 | S32: =SUMIF($B$4:$B$60,$P32,I$4:I$60) -> 0 | T32: =SUMIF($B$4:$B$60,$P32,A$4:A$60) -> 1 | U32: =SUMIF($B$4:$B$60,$P32,L$4:L$60) -> 0 | V32: =SUMIF($B$4:$B$60,$P32,M$4:M$60) -> 0 | W32: =SUMIF($B$4:$B$60,$P32,J$4:J$60) -> 7 | X32: =IF(Y32=0,T32,T32+AG32+AH32+AI32) -> 1 | Y32: =IF(AND(S32=S33,R32=R33,Q32=Q33),P32,0) -> Switzerland | Z32: =SUMIF($AY$4:$AY$60,$Y32,$AX$4:$AX$60)+SUMIF($BB$4:$BB$60,$Y32,$AX$4:$AX$60) -> 0 | AA32: =SUMIF($AZ$4:$AZ$60,$Y32,$AX$4:$AX$60)+SUMIF($BC$4:$BC$60,$Y32,$AX$4:$AX$60) -> 0 | AB32: =SUMIF($BA$4:$BA$60,$Y32,$AX$4:$AX$60)+SUMIF($BD$4:$BD$60,$Y32,$AX$4:$AX$60) -> 0 | AC32: =SUMIF(AY$4:AY$60,Y32,AS$4:AS$60)+SUMIF(BB$4:BB$60,Y32,AW$4:AW$60)+SUMIF(AZ$4:AZ$60,Y32,AS$4:AS$60)+SUMIF(BC$4:BC$60,Y32,AW$4:AW$60) -> 0 | AD32: =SUMIF(BA$4:BA$60,Y32,AS$4:AS$60)+SUMIF(BD$4:BD$60,Y32,AW$4:AW$60)+SUMIF(AZ$4:AZ$60,Y32,AS$4:AS$60)+SUMIF(BC$4:BC$60,Y32,AW$4:AW$60) -> 0 | AE32: =AC32-AD32+100 -> 100 | AF32: =IF(Y32<>0,Z32*3+AA32,"") -> 0 | AG32: =IF(Y32<>0,RANK(AF32,AF$32:AF$35)-1,5) -> 0 | AH32: =IF(Y32<>0,SUMPRODUCT((AF$32:AF$35=AF32)*(AE$32:AE$35>AE32)),5) -> 0 | AI32: =IF(Y32<>0,SUMPRODUCT((AF$32:AF$35=AF32)*(AE$32:AE$35=AE32)*(AC$32:AC$35>AC32)),5) -> 0 | AJ32: =IF(Y32<>0,SUMPRODUCT(($AF32:$AF35=AF32)*($AE32:$AE35=AE32)*($AC32:$AC35=AC32)*($AK32:$AK35<AK32)),5) -> 0 | AK32: =IF(AL32=0,0,VLOOKUP(Y32,Tournament!AJ$37:AK$40,2,FALSE)) -> 0 | AL32: =IF(Y32<>0,IF(SUM(AG32:AI32)=SUM(AG33:AI33),1,0),0) -> 1 | AM32: =IF(AN32<>0,1,0) -> 1 | AN32: =IF(AL32=1,Y32,0) -> Switzerland | AO32: 29 | AP32: =IF(AND(Tournament!J42<>"",Tournament!L42<>""),IF(Tournament!J42>Tournament!L42,Tournament!H42,""),"") | AQ32: =IF(AND(Tournament!J42<>"",Tournament!L42<>""),IF(Tournament!J42=Tournament!L42,Tournament!H42,""),"") | AR32: =IF(AND(Tournament!J42<>"",Tournament!L42<>""),IF(Tournament!J42>Tournament!L42,Tournament!N42,""),"") | AS32: =IF(AND(Tournament!J42<>"",Tournament!L42<>""),Tournament!J42,0) -> 0 | AT32: =IF(AND(Tournament!J42<>"",Tournament!L42<>""),IF(Tournament!J42<Tournament!L42,Tournament!N42,""),"") | AU32: =IF(AND(Tournament!J42<>"",Tournament!L42<>""),IF(Tournament!J42=Tournament!L42,Tournament!N42,""),"") | AV32: =IF(AND(Tournament!J42<>"",Tournament!L42<>""),IF(Tournament!J42<Tournament!L42,Tournament!H42,""),"") | AW32: =IF(AND(Tournament!J42<>"",Tournament!L42<>""),Tournament!L42,0) -> 0 | AX32: 1 | AY32: =IF(AND(COUNTIF($Y$4:$Y$60,AP32)=1,COUNTIF($Y$4:$Y$60,AR32)=1),AP32,"") | AZ32: =IF(AND(COUNTIF($Y$4:$Y$60,AQ32)=1,COUNTIF($Y$4:$Y$60,AU32)=1),AQ32,"") | BA32: =IF(AND(COUNTIF($Y$4:$Y$60,AR32)=1,COUNTIF($Y$4:$Y$60,AP32)=1),AR32,"") | BB32: =IF(AND(COUNTIF($Y$4:$Y$60,AT32)=1,COUNTIF($Y$4:$Y$60,AV32)=1),AT32,"") | BC32: =IF(AND(COUNTIF($Y$4:$Y$60,AU32)=1,COUNTIF($Y$4:$Y$60,AQ32)=1),AU32,"") | BD32: =IF(AND(COUNTIF($Y$4:$Y$60,AV32)=1,COUNTIF($Y$4:$Y$60,AT32)=1),AV32,"") | BE32: 30 | BF32: =Tournament!H43 -> USA | BG32: =IF(AND(Tournament!J43<>"",Tournament!L43<>""),Tournament!J43,"") | BH32: =IF(AND(Tournament!L43<>"",Tournament!J43<>""),Tournament!L43,"") | BI32: =Tournament!N43 -> Portugal
